Workbook

Sheet Мособлэнерго
BN1: Приложение 2
BN2: к приказу Федеральной службы по тарифам
BN3: от 24 октября 2014 г. № 1831-э
A5: Форма раскрытия информации о структуре и объемах затрат
A6: на оказание услуг по передаче электрической энергии сетевыми
A7: организациями, регулирование деятельности которых осуществляется
A8: методом долгосрочной индексации необходимой валовой выручки
C10: Наименование организации: | AG10: АО "Мособлэнерго"
C11: ИНН: | J11: 5032137342
C12: КПП: | J12: 500301001
C13: Долгосрочный период регулирования: | AQ13: 2015 | AY13: - | BA13: 2019 | BH13: гг.
A15: № п/п | J15: Показатель | BH15: Ед. изм. | BS15: 2015 год | CM15: Примечание ***
BS16: план * | CC16: факт **
A17: I | J17: Структура затрат | BH17: х | BS17: х | CC17: х | CM17: х
A18: 1 | J18: Необходимая валовая выручка на содержание | BH18: тыс. руб. | BS18: =BS19+BS33+BS47+BS49 -> 6796312.6 | CC18: =CC19+CC33+CC47+CC49 -> 7725664
A19: 1.1 | J19: Подконтрольные расходы, всего | BH19: тыс. руб. | BS19: =BS20+BS25+BS27+BS31+BS32 -> 3693373.6 | CC19: =CC20+CC25+CC27+CC31+CC32 -> 3809806.6 | DI19: =+BS20+BS25+BS27+BS31+BS32 -> 3693373.6 | DJ19: =+CC20+CC25+CC27+CC31+CC32 -> 3809806.6
A20: 1.1.1 | K20: Материальные расходы, всего | BH20: тыс. руб. | BS20: =+BS21+BS22+BS23 -> 1950661.5 | CC20: =+CC21+CC22+CC23 -> 1450529.4 | DI20: =+DI19-BS19 -> 0
A21: 1.1.1.1 | K21: в том числе на сырье, материалы, запасные части, инструмент, топливо | BH21: тыс. руб. | BS21: 56776.071 | CC21: 250618.81
A22: 1.1.1.2 | K22: на ремонт | BH22: тыс. руб. | BS22: 750099.46 | CC22: 750120.69
A23: 1.1.1.3 | K23: в том числе на работы и услуги производственного характера (в том числе услуги сторонних организаций по содержанию сетей и распределительных устройств) | BH23: тыс. руб. | BS23: 1143785.9 | CC23: 449789.95
A24: 1.1.1.3.1 | K24: в том числе на ремонт | BH24: тыс. руб.
A25: 1.1.2 | K25: Фонд оплаты труда | BH25: тыс. руб. | BS25: 1137634.3 | CC25: 1582368.4
A26: 1.1.2.1 | K26: в том числе на ремонт | BH26: тыс. руб.
A27: 1.1.3 | K27: Прочие подконтрольные расходы | BH27: тыс. руб. | BS27: =+BS28+BS29+BS30 -> 550886.64 | CC27: =+CC28+CC29+CC30 -> 290734.22
A28: 1.1.3.1 | K28: в том числе прибыль на социальное развитие (включая социальные выплаты) | BH28: тыс. руб. | BS28: 27534.617 | CC28: 16239.769
A29: 1.1.3.2 | K29: в том числе транспортные услуги | BH29: тыс. руб.
A30: 1.1.3.3 | K30: в том числе прочие расходы **** | BH30: тыс. руб. | BS30: 523352.02 | CC30: 274494.45
A31: 1.1.4 | K31: Расходы на обслуживание операционных заемных средств в составе подконтрольных расходов | BH31: тыс. руб. | BS31: 49983.371 | CC31: 204875.99
A32: 1.1.5 | K32: Расходы из прибыли в составе подконтрольных расходов | BH32: тыс. руб. | BS32: 4207.83 | CC32: 281298.53
A33: 1.2 | K33: Неподконтрольные расходы, включенные в НВВ, всего | BH33: тыс. руб. | BS33: =BS34+BS35+BS36+BS37+BS38+BS39+BS40+BS41+BS42+BS43+BS45+BS46 -> 1905355.8 | CC33: =CC34+CC35+CC36+CC37+CC38+CC39+CC40+CC41+CC42+CC43+CC45+CC46 -> 2095664.1 | DI33: =+BS34+BS35+BS36+BS37+BS38+BS39+BS40+BS41+BS42+BS43+BS45+BS46 -> 1905355.8 | DJ33: =+CC34+CC35+CC36+CC37+CC38+CC39+CC40+CC41+CC42+CC43+CC45+CC46 -> 2095664.1
A34: 1.2.1 | K34: Оплата услуг ОАО "ФСК ЕЭС" | BH34: тыс. руб. | BS34: 38577.371 | CC34: 86934.644
A35: 1.2.2 | K35: Расходы на оплату технологического присоединения к сетям смежной сетевой организации | BH35: тыс. руб.
A36: 1.2.3 | K36: Плата за аренду имущества | BH36: тыс. руб. | BS36: 327194.68 | CC36: 603621.31
A37: 1.2.4 | K37: отчисления на социальные нужды | BH37: тыс. руб. | BS37: 295784.91 | CC37: 443113.34
A38: 1.2.5 | K38: расходы на возврат и обслуживание долгосрочных заемных средств, направляемых на финансирование капитальных вложений | BH38: тыс. руб.
A39: 1.2.6 | K39: амортизация | BH39: тыс. руб. | BS39: 463510 | CC39: 851323
A40: 1.2.7 | K40: прибыль на капитальные вложения | BH40: тыс. руб. | BS40: 375068.23
A41: 1.2.8 | K41: налог на прибыль | BH41: тыс. руб. | BS41: 171897.92
A42: 1.2.9 | K42: прочие налоги | BH42: тыс. руб. | BS42: 59328.141 | CC42: 36526.924
A43: 1.2.10 | K43: Расходы сетевой организации, связанные с осуществлением технологического присоединения к электрическим сетям, не включенные в плату за технологическое присоединение | BH43: тыс. руб. | BS43: 100246.29
A44: 1.2.10.1 | K44: Справочно: "Количество льготных технологических присоединений" | BH44: ед. | BS44: 5400 | CC44: 5432
A45: 1.2.11 | K45: Средства, подлежащие дополнительному учету по результатам вступивших в законную силу решений суда, решений ФСТ России, принятых по итогам рассмотрения разногласий или досудебного урегулирования споров, решения ФСТ России об отмене решения регулирующего органа, принятого им с превышением полномочий (предписания) | BH45: тыс. руб.
A46: 1.2.12 | K46: прочие неподконтрольные расходы | BH46: тыс. руб. | BS46: 73748.22 | CC46: 74144.868
A47: 1.3 | K47: недополученный по независящим причинам доход (+)/избыток средств, полученный в предыдущем периоде регулирования (-) | BH47: тыс. руб. | BS47: -520466.44
A48: II | K48: Справочно: расходы на ремонт, всего (пункт 1.1.1.2 + пункт 1.1.2.1 + пункт 1.1.1.3.1) | BH48: тыс. руб. | BS48: =+BS22+BS26+BS24 -> 750099.46 | CC48: =+CC22+CC26+CC24 -> 750120.69
A49: III | K49: Необходимая валовая выручка на оплату технологического расхода (потерь) электроэнергии | BH49: тыс. руб. | BS49: 1718049.7 | CC49: 1820193.3
A50: 1.1 | K50: Справочно: Объем технологических потерь | BH50: МВт∙ч | BS50: 896268.4 | CC50: 998975.25
A51: 1.2 | K51: Справочно: Цена покупки электрической энергии сетевой организацией в целях компенсации технологического расхода электрической энергии | BH51: тыс. руб. | BS51: =BS49/BS50 -> 1.916892 | CC51: =CC49/CC50 -> 1.8220605
A52: IV | K52: Натуральные (количественные) показатели, используемые при определении структуры и объемов затрат на оказание услуг по передаче электрической энергии сетевыми организациями | BH52: х | BS52: х | CC52: х | CM52: х
A53: 1 | K53: общее количество точек подключения на конец года | BH53: шт. | BS53: 1000000 | CC53: 999067
A54: 2 | K54: Трансформаторная мощность подстанций, всего | BH54: МВа | BS54: =BS55+BS56 -> 2815 | CC54: 2846
A55: 2.1 | K55: в том числе трансформаторная мощность подстанций на уровне напряжения 10 кВ | BH55: МВа | BS55: 2800 | CC55: 2830.5
A56: 2.2 | K56: в том числе трансформаторная мощность подстанций на уровне напряжения 35 кВ | BH56: МВа | BS56: 15 | CC56: 15.5
A57: 3 | K57: Количество условных единиц по линиям электропередач, всего | BH57: у.е. | BS57: =SUM(BS58:CB60) -> 51530 | CC57: 51446.74
A58: 3.1 | K58: в том числе количество условных единиц по линиям электропередач на уровне напряжения 35 кВ | BH58: у.е. | BS58: 30 | CC58: 27.74
A59: 3.2 | K59: в том числе количество условных единиц по линиям электропередач на уровне напряжения 10 кВ | BH59: у.е. | BS59: 26000 | CC59: 25608
A60: 3.3 | K60: в том числе количество условных единиц по линиям электропередач на уровне напряжения 0,4 кВ | BH60: у.е. | BS60: 25500 | CC60: 25811
A61: 4 | K61: Количество условных единиц по подстанциям, всего | BH61: у.е. | BS61: =BS62+BS63 -> 90450 | CC61: 87918.6
A62: 4.1 | K62: в том числе количество условных единиц по подстанциям на уровне напряжения 35 кВ | BH62: у.е. | BS62: 450 | CC62: 472.6
A63: 4.2 | K63: в том числе количество условных единиц по подстанциям на уровне напряжения 10/0,4 кВ | BH63: у.е. | BS63: 90000 | CC63: 87446
A64: 5 | K64: Длина линий электропередач, всего | BH64: км | BS64: =BS65+BS66+BS67 -> 22025 | CC64: 20919.2
A65: 5.1 | K65: в том числе длина линий электропередач на уровне напряжения 35 кВ | BH65: км | BS65: 25 | CC65: 21.4
A66: 5.2 | K66: в том числе длина линий электропередач на уровне напряжения 10 кВ | BH66: км | BS66: 9000 | CC66: 8529.65
A67: 5.3 | K67: в том числе длина линий электропередач на уровне напряжения 0,4 кВ | BH67: км | BS67: 13000 | CC67: 12368.15
A68: 6 | K68: Доля кабельных линий электропередач | BH68: % | BS68: 55 | CC68: 54.2
A69: 7 | K69: Ввод в эксплуатацию новых объектов электросетевого комплекса на конец года | BH69: тыс. руб. | BS69: 8200000 | CC69: =5810635.05+1159683.39+1278106 -> 8248424.4
A70: 7.1 | K70: в том числе за счет платы за технологическое присоединение | BH70: тыс. руб. | BS70: 1750000 | CC70: =1278106+588471.336 -> 1866577.3
A71: 8 | K71: норматив технологического расхода (потерь) электрической энергии, установленный Минэнерго России ***** | BH71: % | BS71: 14.38 | CC71: х | CM71: х
G73: Примечание:
A74: _____*_В случае определения плановых значений показателей органами исполнительной власти в области государственного регулирования тарифов при установлении тарифов на услуги по передаче электрической энергии в столбце <план> указываются соответствующие значения. Плановые значения составляющих подконтрольных расходов раскрываются в отношении расходов, учтенных регулирующим органом на первый год долгосрочного периода регулирования.
A75: _____**_Информация о фактических затратах на оказание регулируемых услуг заполняется на основании данных раздельного учета расходов по регулируемым видам деятельности.
A76: _____***_При наличии отклонений фактических значений показателей от плановых значений более чем на 15 процентов в столбце <Примечание> указываются причины их возникновения.
A77: _____****_В соответствии с пунктом 28 Основ ценообразования в области регулируемых цен (тарифов) в электроэнергетике, утвержденных постановлением Правительства Российской Федерации от 29.12.2011 № 1178.
A78: _____*****_В соответствии с пунктом 4.2.14.8 Положения о Министерстве энергетики Российской Федерации, утвержденного постановлением Правительства Российской Федерации от 28.05.2008 № 400.

Sheet 20 счет передача
A1: АО "Мособлэнерго" с обособленными подразделениями
A2: Оборотно-сальдовая ведомость по счету 20 за 2015 г.
A4: Выводимые данные: | G4: 91 счет
A6: Счет | B6: Обороты за период
A7: Номенклатурные группы | B7: Дебет
A8: Статьи затрат
A9: Передача электрической энергии | B9: =SUM(B10:B86) -> 7.1463406e+09 | C9: =B9/1000 -> 7146340.6 | D9: =SUM(D10:D86) -> 7146340.6 | F9: =C9-D9 -> 0
A10: выявление неучтенного количества эл/энергии | B10: 435440.64 | C10: =B10/1000 -> 435.44064 | D10: =C10+C49+C43+C44+C55+C66+C71+C76+C80+C84+C86+C31+C78 -> 449789.95 | F10: производ хар | G10: _Страховые взносы с мат. помощи (до 2014 года) | H10: 39709.88 | I10: =H10/1000 -> 39.70988
A11: Амортизация 20 | B11: 851323000 | C11: =B11/1000 -> 851323 | D11: =C11 -> 851323 | E11: аморт вся | F11: аморт | G11: административные штрафы, исп. сборы | H11: 1276167.8 | I11: =H11/1000 -> 1276.1678
C12: =B12/1000 -> 0 | D12: =$C$36+$C$37+$C$74+$C$27 -> 250618.81 | F12: материалы | G12: благотворительные взносы | H12: 125000 | I12: =H12/1000 -> 125
A13: аренда земельных учасков (не муниципальные) | B13: 237791.26 | C13: =B13/1000 -> 237.79126 | D13: =SUM(C13:C18)+C35+C72 -> 603621.31 | F13: аренда + лизинг | G13: Вознаграждение | H13: 7443323.5 | I13: =H13/1000 -> 7443.3235
A14: аренда земельных участков (муниципальные) | B14: 506997.33 | C14: =B14/1000 -> 506.99733 | G14: госпошлина | H14: 3416204.2 | I14: =H14/1000 -> 3416.2042
A15: Аренда помещения | B15: 1200185.9 | C15: =B15/1000 -> 1200.1859 | G15: детские подарки | H15: 1503044 | I15: =H15/1000 -> 1503.044 | J15: =I15+I17 -> 16239.769 | K15: соц.хар
A16: аренда прочего имущества | B16: 94646838 | C16: =B16/1000 -> 94646.838 | G16: Компенсация за аренду жилья | H16: 2239024 | I16: =H16/1000 -> 2239.024
A17: аренда прочего произодственного имущества | B17: 74079510 | C17: =B17/1000 -> 74079.51 | G17: материальная помощь | H17: 14736725 | I17: =H17/1000 -> 14736.725
A18: аренда электросетевого имущества | B18: 3.3039197e+08 | C18: =B18/1000 -> 330391.97 | G18: налог на имущество | H18: 35091300 | I18: =H18/1000 -> 35091.3
A19: взносы во внебюджетные фонды для 08 счета | B19: 324.6 | C19: =B19/1000 -> 0.3246 | D19: =SUM(C19:C24) -> 443113.34 | F19: страховые | G19: невозмещаемый (восстановленный) НДС | H19: 5427720 | I19: =H19/1000 -> 5427.72
A20: взносы во внебюджетные фонды для 20 счета | B20: 3.0277151e+08 | C20: =B20/1000 -> 302771.51 | G20: оценочные обязательства по судебным разбирательствам | H20: 18346369 | I20: =H20/1000 -> 18346.369
A21: взносы во внебюджетные фонды для счета 26 | B21: 1.3428139e+08 | C21: =B21/1000 -> 134281.39 | G21: оценочные резервы по сомнительны долгам | H21: 13698942 | I21: =H21/1000 -> 13698.942
A22: взносы на страхование от несчастных случаев для 08 счета | B22: 4.33 | C22: =B22/1000 -> 0.00433 | G22: проценты к уплате в пределах норм | H22: 2.0487599e+08 | I22: =H22/1000 -> 204875.99
A23: взносы на страхование от несчастных случаев для 20 счета | B23: 3950616.8 | C23: =B23/1000 -> 3950.6168 | G23: Прочие внереализационные доходы (расходы) | H23: 51.06 | I23: =H23/1000 -> 0.05106
A24: взносы на страхование от несчастных случаев для счета 26 | B24: 2109492.3 | C24: =B24/1000 -> 2109.4923 | G24: прочие доходы | H24: 27059 | I24: =H24/1000 -> 27.059
A25: ДМС | B25: 88430921 | C25: =B25/1000 -> 88430.921 | D25: =C25+C30+C32+C33+C34+C38+C39+C45+C46+C50+C51+C52+C54+C56+C57+C58+C59+C60+C61+C63+C64+C65+C67+C68+C69+C70+C73+C75+C77+C79+C82+C85+C42 -> 274494.45 | F25: прочие непроиз | G25: прочие неучитываемые расходы | H25: 33596863 | I25: =H25/1000 -> 33596.863
A26: земельный налог | B26: 96701.89 | C26: =B26/1000 -> 96.70189 | D26: =C26+C81 -> 1435.6243 | E26: =D26+I18 -> 36526.924 | F26: налоги | G26: прочие учитываемые расходы | H26: 177940.31 | I26: =H26/1000 -> 177.94031
A27: канцтовары | B27: 13948544 | C27: =B27/1000 -> 13948.544 | G27: Разницы стоимости возврата и фактической стоимости товаров | H27: 2499.57 | I27: =H27/1000 -> 2.49957
A28: Капитальный ремонт эл/сетевого оборудования подрядным способом | B28: 6.0860522e+08 | C28: =B28/1000 -> 608605.22 | D28: =C28+C29+C40+C41 -> 750120.69 | E28: поправила из прочих | F28: КР | G28: Расходы от реализации прочего имущества | H28: 11658517 | I28: =H28/1000 -> 11658.517
A29: Капитальный ремонт эл/сетевого оборудования хозяйственным способом | B29: 106450269 | C29: =B29/1000 -> 106450.27 | G29: расходы по операциям с акциями | H29: 74480 | I29: =H29/1000 -> 74.48
A30: командировочные расходы 26 | B30: 3099777.9 | C30: =B30/1000 -> 3099.7779 | G30: Расходы по уплате страховых взносов | H30: 2813.29 | I30: =H30/1000 -> 2.81329
A31: коммерческий учет электрической энергии | B31: 1900930.6 | C31: =B31/1000 -> 1900.9306 | G31: сверхнормативные потери | H31: 41817841 | I31: =H31/1000 -> 41817.841
A32: Коммунальные услуги | B32: 3589142.8 | C32: =B32/1000 -> 3589.1428 | G32: списание дебиторской задолженности | H32: 46617230 | I32: =H32/1000 -> 46617.23
A33: Коммунальные услуги + электроэнергия | B33: 16812310 | C33: =B33/1000 -> 16812.31 | G33: Списание дебиторской задолжности | H33: 1.2000267e+08 | I33: =H33/1000 -> 120002.67
A34: консультационно-информационные услуги | B34: 13384564 | C34: =B34/1000 -> 13384.564 | G34: списание ОС (недоначисленная амортизация) | H34: 175667.13 | I34: =H34/1000 -> 175.66713
A35: лизинговые платежи | B35: 63349088 | C35: =B35/1000 -> 63349.088 | G35: услуги банков | H35: 5303176.5 | I35: =H35/1000 -> 5303.1765
A36: Материалы 20 | B36: 1.3921314e+08 | C36: =B36/1000 -> 139213.14 | G36: уценка акций | H36: 11110.46 | I36: =H36/1000 -> 11.11046
A37: материалы 26 | B37: 46730497 | C37: =B37/1000 -> 46730.497 | G37: штрафы, пени, неустойки по решению суда | H37: 11635992 | I37: =H37/1000 -> 11635.992
A38: медосмотры | B38: 5061302.1 | C38: =B38/1000 -> 5061.3021 | G38: ИТОГО | I38: =SUM(I10:I37) -> 579323.43
A39: Медосмотры (до 2014 года) | B39: 295798.55 | C39: =B39/1000 -> 295.79855 | G39: ПРОЧИЕ ИЗ ПРИБЫЛИ | I39: =I38-I31-I22-I18-I17-I15 -> 281298.53
A40: Наладка РЗА | B40: 10291100 | C40: =B40/1000 -> 10291.1
A41: Неотложные работы по расчистке трасс | B41: 24774094 | C41: =B41/1000 -> 24774.094
A42: нотариальные расходы | B42: 484782.11 | C42: =B42/1000 -> 484.78211
A43: обеспечение функционирования систем АИИС КУЭ | B43: 2926478.2 | C43: =B43/1000 -> 2926.4782
A44: обследование техсостояния эл/сетей | B44: 5946901.3 | C44: =B44/1000 -> 5946.9013 | G44: ВСЕГО | I44: =I38+C9 -> 7725664
A45: оплата 3-х дней по больничным листам для сч.20 | B45: 4092494.1 | C45: =B45/1000 -> 4092.4941
A46: оплата 3-х дней по больничным листам для сч.26 | B46: 1040550.1 | C46: =B46/1000 -> 1040.5501
A47: оплата труда 20 | B47: 1.0436432e+09 | C47: =B47/1000 -> 1043643.2 | D47: =C47+C48 -> 1582368.4 | F47: ФОТ | G47: проверка | I47: 7725664
A48: оплата труда 26 | B48: 5.3872523e+08 | C48: =B48/1000 -> 538725.23
A49: Поверка приборов учета | B49: 805891.98 | C49: =B49/1000 -> 805.89198 | I49: =I47-I44 -> -0.00078999996
A50: повышение квалификации | B50: 4955680.3 | C50: =B50/1000 -> 4955.6803
A51: подготовка и переподготовка кадров | B51: 3494842.1 | C51: =B51/1000 -> 3494.8421
A52: подписные издания | B52: 1511017.4 | C52: =B52/1000 -> 1511.0174
A53: потери э/э в пределах установленных норм | B53: 1.7783755e+09 | C53: =B53/1000 -> 1778375.5 | D53: =C53 -> 1778375.5 | F53: =C53+I31 -> 1820193.3 | G53: потери
A54: представительские расходы | B54: 311794.36 | C54: =B54/1000 -> 311.79436
A55: проведение экспертиз | B55: 1829583.7 | C55: =B55/1000 -> 1829.5837
A56: Прочие расходы | B56: 9855864.8 | C56: =B56/1000 -> 9855.8648
A57: прочие, не учитываемые | B57: 29697.11 | C57: =B57/1000 -> 29.69711
A58: прочие, учитываемые | B58: 6587861.2 | C58: =B58/1000 -> 6587.8612
A59: Расходы компенсирующего характера | B59: 117311 | C59: =B59/1000 -> 117.311
A60: расходы на охрану труда | B60: 2035450.3 | C60: =B60/1000 -> 2035.4503
A61: Расходы на питьевую воду | B61: 1899115.2 | C61: =B61/1000 -> 1899.1152
A62: расходы на ПО | B62: 74144868 | C62: =B62/1000 -> 74144.868 | D62: =C62 -> 74144.868
A63: расходы по добровольному страхованию имущества | B63: 11383177 | C63: =B63/1000 -> 11383.177
A64: расходы по обязательному страхованию имущества | B64: 2047590.9 | C64: =B64/1000 -> 2047.5909
A65: расходы по страхованию гражданской ответственности | B65: 2529402.4 | C65: =B65/1000 -> 2529.4024
A66: расходы по хранению | B66: 1633686.2 | C66: =B66/1000 -> 1633.6862
A67: резерв на отпуска, отп. буд. периодов | B67: 20678644 | C67: =B67/1000 -> 20678.644
A68: рекламные расходы (ненормируемые) | B68: 2310500.5 | C68: =B68/1000 -> 2310.5005
A69: рекламные расходы (нормируемые) | B69: 821675.47 | C69: =B69/1000 -> 821.67547
A70: ремонт офисных помещений | B70: 1406308.9 | C70: =B70/1000 -> 1406.3089
A71: сертификация эл/энергии | B71: 3018594.2 | C71: =B71/1000 -> 3018.5942
A72: содержание офисных помещений | B72: 39208926 | C72: =B72/1000 -> 39208.926
A73: содержание производственных помещений | B73: 1543127.8 | C73: =B73/1000 -> 1543.1278
A74: Спецодежда и спецоснастка | B74: 50726630 | C74: =B74/1000 -> 50726.63
... A82: услуги охраны, пож. сигнализации и т.д. | B82: 37314727 | C82: =B82/1000 -> 37314.727
A83: услуги по передаче эл/энергии и мощности | B83: 86934644 | C83: =B83/1000 -> 86934.644 | D83: =C83 -> 86934.644 | F83: ФСК
A84: услуги по устранению аварийных ситуаций | B84: 1.1609728e+08 | C84: =B84/1000 -> 116097.28
A85: услуги связи | B85: 15349973 | C85: =B85/1000 -> 15349.973
A86: установление охранных зон | B86: 3503924.3 | C86: =B86/1000 -> 3503.9243

Sheet БДР
A1: АО "Московская областная энергосетевая компания"
AL2: =+[1]Филиалы!AL10 -> 632.03 | AM2: =+[1]Филиалы!AN10 -> 497.35722 | AN2: =+[1]Филиалы!AM10 -> 11741.808 | CA2: =+CA3-CA4 -> 0 | CB2: =+CB3-CB4 -> 0 | CJ2: =+CJ4-CJ191 -> 0 | CK2: =+CK3-CK20 -> 0 | EG2: =+EG81+EG26 -> 493017.27
A3: Бюджет доходов и расходов за 2015 г. | AL3: 1557782 | AM3: 42607 | AN3: 17159 | AV3: =+AV4-AV191 -> 0 | AW3: =+AW4-AW191 -> -0.06 | AX3: =+AX4-AX191 -> 0 | BO3: =+[1]Аппарат!BO186+[1]Филиалы!BO121 -> 653291.22 | BY3: =+[1]Аппарат!BY186+[1]Филиалы!BY121 -> 1737755.6 | BZ3: =+BP191+BF191+AV191 -> 1619746.7 | CA3: =+BQ191+BG191+AW191 -> 108137.33 | CB3: =+BR191+BH191+AX191 -> 9871.5111 | CI3: =+[1]Аппарат!CI186+[1]Филиалы!CI121 -> 3586537.5 | CJ3: =+[1]Аппарат!CJ20+[1]Филиалы!CJ11 -> 3299452.6 | CK3: =+[1]Аппарат!CK20+[1]Филиалы!CL11 -> 131754.3 | CL3: =+[1]Аппарат!CL20+[1]Филиалы!CK11 -> 35027.445 | CS3: =+[1]Аппарат!CS186+[1]Филиалы!CS121 -> 430547.03 | DM3: =+[1]Аппарат!DM186+[1]Филиалы!DM121 -> 742900.54 | DW3: =+[1]Аппарат!DW186+[1]Филиалы!DW121 -> 1769677.9 | EG3: =+[1]Аппарат!EG186+[1]Филиалы!EG121 -> 5356215.4 | EH3: =+[1]Аппарат!EG199+[1]Филиалы!EG130 -> 333834.73 | EI3: =+EG36/EG34 -> 0.28262518 | EQ3: =+[1]Аппарат!EQ54+[1]Филиалы!EQ32 -> 17536.635 | ER3: =+EQ3-EQ57 -> 0 | GP3: =GP191+GP218+GP225 -> 7498995.6 | GQ3: =+GQ34/GO34 -> 0.083191309
AL4: =+AL3-AL20 -> -68.222 | AM4: =+AM3-AM20 -> -0.11522 | AN4: =+AN3-AN20 -> 68.79318 | AV4: =+[1]Аппарат!AV186+[1]Филиалы!AV121 -> 504391.88 | AW4: =+[1]Аппарат!AW186+[1]Филиалы!AX121 -> 21121.668 | AX4: =+[1]Аппарат!AX186+[1]Филиалы!AW121 -> 3063.4027 | BF4: =+[1]Аппарат!BF186+[1]Филиалы!BF121 -> 508433.07 | BP4: =+[1]Аппарат!BP186+[1]Филиалы!BP121 -> 606921.78 | BZ4: =+[1]Аппарат!BZ186+[1]Филиалы!BZ121 -> 1619746.7 | CA4: =+[1]Аппарат!CA186+[1]Филиалы!CB121 -> 108137.33 | CB4: =+[1]Аппарат!CB186+[1]Филиалы!CA121 -> 9871.5111 | CJ4: =+[1]Аппарат!CJ186+[1]Филиалы!CJ121 -> 3286481.1
C5: ЯНВАРЬ | M5: ФЕВРАЛЬ | W5: МАРТ | AG5: I КВАРТАЛ | AQ5: АПРЕЛЬ | BA5: МАЙ | BK5: ИЮНЬ | BU5: II КВАРТАЛ | CE5: I ПОЛУГОДИЕ | CO5: ИЮЛЬ | CY5: АВГУСТ | DI5: СЕНТЯБРЬ | DS5: III КВАРТАЛ | EC5: 9 МЕСЯЦЕВ | EM5: ОКТЯБРЬ | EW5: НОЯБРЬ | FG5: ДЕКАБРЬ | FQ5: IV КВАРТАЛ | GA5: II ПОЛУГОДИЕ | GK5: 2015 ГОД | GV5: без шатуры | GW5: 1С 1 полугодие
C6: План | D6: передача эл.энергии | E6: тех.присоединение | F6: ПВД | G6: Факт | H6: передача эл.энергии | I6: тех.присоединение | J6: ПВД | K6: Отклонение | M6: План | N6: передача эл.энергии | O6: тех.присоединение | P6: ПВД | Q6: Факт | R6: передача эл.энергии | S6: тех.присоединение | T6: ПВД | U6: Отклонение | W6: План | X6: передача эл.энергии | Y6: тех.присоединение | Z6: ПВД | AA6: Факт | AB6: передача эл.энергии | AC6: тех.присоединение | AD6: ПВД | AE6: Отклонение | AG6: План | AH6: передача эл.энергии | AI6: тех.присоединение | AJ6: ПВД | AK6: Факт | AL6: передача эл.энергии | AM6: тех.присоединение | AN6: ПВД | AO6: Отклонение | AQ6: План | AR6: передача эл.энергии | AS6: тех.присоединение | AT6: ПВД | AU6: Факт | AV6: передача эл.энергии | AW6: тех.присоединение | AX6: ПВД | AY6: Отклонение | BA6: План | BB6: передача эл.энергии | BC6: тех.присоединение | BD6: ПВД | BE6: Факт | BF6: передача эл.энергии | BG6: тех.присоединение | BH6: ПВД | BI6: Отклонение | BK6: План | BL6: передача эл.энергии | BM6: тех.присоединение | BN6: ПВД | BO6: Факт | BP6: передача эл.энергии | BQ6: тех.присоединение | BR6: ПВД | BS6: Отклонение | BU6: План | BV6: передача эл.энергии | BW6: тех.присоединение | BX6: ПВД | BY6: Факт | BZ6: передача эл.энергии | CA6: тех.присоединение | CB6: ПВД | CC6: Отклонение | CE6: План | CF6: передача эл.энергии | CG6: тех.присоединение | CH6: ПВД | CI6: Факт | CJ6: передача эл.энергии | CK6: тех.присоединение | CL6: ПВД | CM6: Отклонение | CO6: План | CP6: передача эл.энергии | CQ6: тех.присоединение | CR6: ПВД | CS6: Факт | CT6: передача эл.энергии | CU6: тех.присоединение | CV6: ПВД | CW6: Отклонение | CY6: План | CZ6: передача эл.энергии | DA6: тех.присоединение | DB6: ПВД | DC6: Факт | DD6: передача эл.энергии | DE6: тех.присоединение | DF6: ПВД | DG6: Отклонение | DI6: План | DJ6: передача эл.энергии | DK6: тех.присоединение | DL6: ПВД | DM6: Факт | DN6: передача эл.энергии | DO6: тех.присоединение | DP6: ПВД | DQ6: Отклонение | DS6: План | DT6: передача эл.энергии | DU6: тех.присоединение | DV6: ПВД | DW6: Факт | DX6: передача эл.энергии | DY6: тех.присоединение | DZ6: ПВД | EA6: Отклонение | EC6: План | ED6: передача эл.энергии | EE6: тех.присоединение | EF6: ПВД | EG6: Факт | EH6: передача эл.энергии | EI6: тех.присоединение | EJ6: ПВД | EK6: Отклонение | EM6: План | EN6: передача эл.энергии | EO6: тех.присоединение | EP6: ПВД | EQ6: Факт | ER6: передача эл.энергии | ES6: тех.присоединение | ET6: ПВД | EU6: Отклонение | EW6: План | EX6: передача эл.энергии | EY6: тех.присоединение | EZ6: ПВД | FA6: Факт | FB6: передача эл.энергии | FC6: тех.присоединение | FD6: ПВД | FE6: Отклонение | FG6: План | FH6: передача эл.энергии | FI6: тех.присоединение | FJ6: ПВД | FK6: Факт | FL6: передача эл.энергии | FM6: тех.присоединение | FN6: ПВД | FO6: Отклонение | FQ6: План | FR6: передача эл.энергии | FS6: тех.присоединение | FT6: ПВД | FU6: Факт | FV6: передача эл.энергии | FW6: тех.присоединение | FX6: ПВД | FY6: Отклонение | GA6: План | GB6: передача эл.энергии | GC6: тех.присоединение | GD6: ПВД | GE6: Факт | GF6: передача эл.энергии | GG6: тех.присоединение | GH6: ПВД | GI6: Отклонение | GK6: План | GL6: передача эл.энергии | GM6: тех.присоединение | GN6: ПВД | GO6: Факт | GP6: передача эл.энергии | GQ6: тех.присоединение | GR6: ПВД | GS6: Отклонение
K7: тыс.руб. | L7: % | U7: тыс.руб. | V7: % | AE7: тыс.руб. | AF7: % | AO7: тыс.руб. | AP7: % | AY7: тыс.руб. | AZ7: % | BI7: тыс.руб. | BJ7: % | BS7: тыс.руб. | BT7: % | CC7: тыс.руб. | CD7: % | CM7: тыс.руб. | CN7: % | CW7: тыс.руб. | CX7: % | DG7: тыс.руб. | DH7: % | DQ7: тыс.руб. | DR7: % | EA7: тыс.руб. | EB7: % | EK7: тыс.руб. | EL7: % | EU7: тыс.руб. | EV7: % | FE7: тыс.руб. | FF7: % | FO7: тыс.руб. | FP7: % | FY7: тыс.руб. | FZ7: % | GI7: тыс.руб. | GJ7: % | GS7: тыс.руб. | GT7: %
A8: 1 | B8: 2 | C8: 2 | D8: 4 | E8: 5 | F8: 6 | G8: 7 | H8: 9 | I8: 10 | J8: 11 | K8: 12 | L8: 13 | M8: 2 | N8: 3 | O8: 5 | P8: 6 | Q8: 7 | R8: 8 | S8: 10 | T8: 11 | U8: 12 | V8: 13 | W8: 2 | X8: 3 | Y8: 4 | Z8: 6 | AA8: 7 | AB8: 8 | AC8: 10 | AD8: 11 | AE8: 12 | AF8: 13 | AG8: 2 | AH8: 3 | AI8: 4 | AJ8: 6 | AK8: 7 | AL8: 8 | AM8: 9 | AN8: 11 | AO8: 12 | AP8: 13 | AQ8: 2 | AR8: 3 | AS8: 5 | AT8: 6 | AU8: 7 | AV8: 8 | AW8: 10 | AX8: 11 | AY8: 12 | AZ8: 13 | BA8: 2 | BB8: 3 | BC8: 5 | BD8: 6 | BE8: 7 | BF8: 8 | BG8: 10 | BH8: 11 | BI8: 12 | BJ8: 13 | BK8: 2 | BL8: 3 | BM8: 5 | BN8: 6 | BO8: 7 | BP8: 8 | BQ8: 10 | BR8: 11 | BS8: 12 | BT8: 13 | BU8: 2 | BV8: 3 | BW8: 5 | BX8: 6 | BY8: 7 | BZ8: 8 | CA8: 10 | CB8: 11 | CC8: 12 | CD8: 13 | CE8: 2 | CF8: 3 | CG8: 5 | CH8: 6 | CI8: 7 | CJ8: 8 | CK8: 10 | CL8: 11 | CM8: 12 | CN8: 13 | CO8: 2 | CP8: 4 | CQ8: 5 | CR8: 6 | CS8: 7 | CT8: 9 | CU8: 10 | CV8: 11 | CW8: 12 | CX8: 13 | CY8: 2 | CZ8: 3 | DA8: 5 | DB8: 6 | DC8: 7 | DD8: 8 | DE8: 10 | DF8: 11 | DG8: 12 | DH8: 13 | DI8: 2 | DJ8: 3 | DK8: 4 | DL8: 6 | DM8: 7 | DN8: 8 | DO8: 10 | DP8: 11 | DQ8: 12 | DR8: 13 | DS8: 2 | DT8: 3 | DU8: 4 | DV8: 6 | DW8: 7 | DX8: 8 | DY8: 9 | DZ8: 11 | EA8: 12 | EB8: 13 | EC8: 2 | ED8: 3 | EE8: 4 | EF8: 6 | EG8: 7 | EH8: 8 | EI8: 9 | EJ8: 11 | EK8: 12 | EL8: 13 | EM8: 2 | EN8: 3 | EO8: 5 | EP8: 6 | EQ8: 7 | ER8: 8 | ES8: 10 | ET8: 11 | EU8: 12 | EV8: 13 | EW8: 2 | EX8: 3 | EY8: 5 | EZ8: 6 | FA8: 7 | FB8: 8 | FC8: 10 | FD8: 11 | FE8: 12 | FF8: 13 | FG8: 2 | FH8: 3 | FI8: 5 | FJ8: 6 | FK8: 7 | FL8: 8 | FM8: 10 | FN8: 11 | FO8: 12 | FP8: 13 | FQ8: 2 | FR8: 3 | FS8: 5 | FT8: 6 | FU8: 7 | FV8: 8 | FW8: 10 | FX8: 11 | FY8: 12 | FZ8: 13 | GA8: 2 | GB8: 3 | GC8: 5 | GD8: 6 | GE8: 7 | GF8: 8 | GG8: 10 | GH8: 11 | GI8: 12 | GJ8: 13 | GK8: 2 | GL8: 3 | GM8: 5 | GN8: 6 | GO8: 7 | GP8: 8 | GQ8: 10 | GR8: 11 | GS8: 12 | GT8: 13
A9: Выручка | B9: Выручка от передачи электрической энергии | C9: =SUM(D9:E10) -> 1300822.2 | D9: =SUM(D10:D11) -> 650411.1 | E9: =SUM(E10:E11) -> 0 | F9: =SUM(F10:F11) -> 0 | G9: =SUM(H9:J9) -> 559132.58 | H9: =SUM(H10:H11) -> 559132.58 | I9: =SUM(I10:I11) -> 0 | J9: =SUM(J10:J11) -> 0 | K9: =+C9-G9 -> 741689.62 | L9: =+G9/C9*100-100 -> -57.016986 | M9: =SUM(N9:P9) -> 611106.52 | N9: =SUM(N10:N11) -> 611106.52 | O9: =SUM(O10:O11) -> 0 | P9: =SUM(P10:P11) -> 0 | Q9: =SUM(R9:T9) -> 502837.28 | R9: =SUM(R10:R11) -> 502837.28 | S9: =SUM(S10:S11) -> 0 | T9: =SUM(T10:T11) -> 0 | U9: =+M9-Q9 -> 108269.24 | V9: =+Q9/M9*100-100 -> -17.716918 | W9: =SUM(X9:Z9) -> 599222.59 | X9: =SUM(X10:X11) -> 599222.59 | Y9: =SUM(Y10:Y11) -> 0 | Z9: =SUM(Z10:Z11) -> 0 | AA9: =SUM(AB9:AD9) -> 477480.97 | AB9: =SUM(AB10:AB11) -> 477480.97 | AC9: =SUM(AC10:AC11) -> 0 | AD9: =SUM(AD10:AD11) -> 0 | AE9: =+W9-AA9 -> 121741.62 | AF9: =+AA9/W9*100-100 -> -20.316594 | AG9: =SUM(AH9:AJ9) -> 1860740.2 | AH9: =SUM(AH10:AH11) -> 1860740.2 | AI9: =SUM(AI10:AI11) -> 0 | AJ9: =SUM(AJ10:AJ11) -> 0 | AK9: =SUM(AL9:AN9) -> 1539450.8 | AL9: =SUM(AL10:AL11) -> 1539450.8 | AM9: =SUM(AM10:AM11) -> 0 | AN9: =SUM(AN10:AN11) -> 0 | AO9: =+AG9-AK9 -> 321289.38 | AP9: =+AK9/AG9*100-100 -> -17.266751 | AQ9: =SUM(AR9:AT9) -> 552370.9 | AR9: =SUM(AR10:AR11) -> 552370.9 | AS9: =SUM(AS10:AS11) -> 0 | AT9: =SUM(AT10:AT11) -> 0 | AU9: =SUM(AV9:AX9) -> 527413.17 | AV9: =SUM(AV10:AV11) -> 527413.17 | AW9: =SUM(AW10:AW11) -> 0 | AX9: =SUM(AX10:AX11) -> 0 | AY9: =+AQ9-AU9 -> 24957.732 | AZ9: =+AU9/AQ9*100-100 -> -4.5182923 | BA9: =SUM(BB9:BD9) -> 464339.09 | BB9: =SUM(BB10:BB11) -> 464339.09 | BC9: =SUM(BC10:BC11) -> 0 | BD9: =SUM(BD10:BD11) -> 0 | BE9: =SUM(BF9:BH9) -> 749829.93 | BF9: =SUM(BF10:BF11) -> 749829.93 | BG9: =SUM(BG10:BG11) -> 0 | BH9: =SUM(BH10:BH11) -> 0 | BI9: =+BA9-BE9 -> -285490.84 | BJ9: =+BE9/BA9*100-100 -> 61.483265 | BK9: =SUM(BL9:BN9) -> 438224.37 | BL9: =SUM(BL10:BL11) -> 438224.37 | BM9: =SUM(BM10:BM11) -> 0 | BN9: =SUM(BN10:BN11) -> 0 | BO9: =SUM(BP9:BR9) -> 455594.58 | BP9: =SUM(BP10:BP11) -> 455594.58 | BQ9: =SUM(BQ10:BQ11) -> 0 | BR9: =SUM(BR10:BR11) -> 0 | BS9: =+BK9-BO9 -> -17370.201 | BT9: =+BO9/BK9*100-100 -> 3.9637687 | BU9: =SUM(BV9:BX9) -> 1454934.4 | BV9: =SUM(BV10:BV11) -> 1454934.4 | BW9: =SUM(BW10:BW11) -> 0 | BX9: =SUM(BX10:BX11) -> 0 | BY9: =SUM(BZ9:CB9) -> 1732837.7 | BZ9: =SUM(BZ10:BZ11) -> 1732837.7 | CA9: =SUM(CA10:CA11) -> 0 | CB9: =SUM(CB10:CB11) -> 0 | CC9: =+BU9-BY9 -> -277903.3 | CD9: =+BY9/BU9*100-100 -> 19.100745 | CE9: =SUM(CF9:CH9) -> 3315674.6 | CF9: =SUM(CF10:CF11) -> 3315674.6 | CG9: =SUM(CG10:CG11) -> 0 | CH9: =SUM(CH10:CH11) -> 0 | CI9: =SUM(CJ9:CL9) -> 3272288.5 | CJ9: =SUM(CJ10:CJ11) -> 3272288.5 | CK9: =SUM(CK10:CK11) -> 0 | CL9: =SUM(CL10:CL11) -> 0 | CM9: =+CE9-CI9 -> 43386.076 | CN9: =+CI9/CE9*100-100 -> -1.3085143 | CO9: =SUM(CP9:CQ10) -> 918554.35 | CP9: =SUM(CP10:CP11) -> 459277.17 | CQ9: =SUM(CQ10:CQ11) -> 0 | CR9: =SUM(CR10:CR11) -> 0 | CS9: =SUM(CT9:CV9) -> 468163.96 | CT9: =SUM(CT10:CT11) -> 468163.96 | CU9: =SUM(CU10:CU11) -> 0 | CV9: =SUM(CV10:CV11) -> 0 | CW9: =+CO9-CS9 -> 450390.39 | CX9: =+CS9/CO9*100-100 -> -49.032525 | CY9: =SUM(CZ9:DB9) -> 473212.67 | CZ9: =SUM(CZ10:CZ11) -> 473212.67 | DA9: =SUM(DA10:DA11) -> 0 | DB9: =SUM(DB10:DB11) -> 0 | DC9: =SUM(DD9:DF9) -> 466106.39 | DD9: =SUM(DD10:DD11) -> 466106.39 | DE9: =SUM(DE10:DE11) -> 0 | DF9: =SUM(DF10:DF11) -> 0 | DG9: =+CY9-DC9 -> 7106.2813 | DH9: =+DC9/CY9*100-100 -> -1.5017098 | DI9: =SUM(DJ9:DL9) -> 494968.87 | DJ9: =SUM(DJ10:DJ11) -> 494968.87 | DK9: =SUM(DK10:DK11) -> 0 | DL9: =SUM(DL10:DL11) -> 0 | DM9: =SUM(DN9:DP9) -> 512838.91 | DN9: =SUM(DN10:DN11) -> 512838.91 | DO9: =SUM(DO10:DO11) -> 0 | DP9: =SUM(DP10:DP11) -> 0 | DQ9: =+DI9-DM9 -> -17870.039 | DR9: =+DM9/DI9*100-100 -> 3.610336 | DS9: =SUM(DT9:DV9) -> 1427458.7 | DT9: =SUM(DT10:DT11) -> 1427458.7 | DU9: =SUM(DU10:DU11) -> 0 | DV9: =SUM(DV10:DV11) -> 0 | DW9: =SUM(DX9:DZ9) -> 1447109.3 | DX9: =SUM(DX10:DX11) -> 1447109.3 | DY9: =SUM(DY10:DY11) -> 0 | DZ9: =SUM(DZ10:DZ11) -> 0 | EA9: =+DS9-DW9 -> -19650.546 | EB9: =+DW9/DS9*100-100 -> 1.3766104 | EC9: =SUM(ED9:EF9) -> 4743133.3 | ED9: =SUM(ED10:ED11) -> 4743133.3 | EE9: =SUM(EE10:EE11) -> 0 | EF9: =SUM(EF10:EF11) -> 0 | EG9: =SUM(EH9:EJ9) -> 4719397.8 | EH9: =SUM(EH10:EH11) -> 4719397.8 | EI9: =SUM(EI10:EI11) -> 0 | EJ9: =SUM(EJ10:EJ11) -> 0 | EK9: =+EC9-EG9 -> 23735.531 | EL9: =+EG9/EC9*100-100 -> -0.5004188 | EM9: =SUM(EN9:EP9) -> 591603.34 | EN9: =SUM(EN10:EN11) -> 591603.34 | EO9: =SUM(EO10:EO11) -> 0 | EP9: =SUM(EP10:EP11) -> 0 | EQ9: =SUM(ER9:ET9) -> 576616.14 | ER9: =SUM(ER10:ER11) -> 576616.14 | ES9: =SUM(ES10:ES11) -> 0 | ET9: =SUM(ET10:ET11) -> 0 | EU9: =+EM9-EQ9 -> 14987.2 | EV9: =+EQ9/EM9*100-100 -> -2.5333191 | EW9: =SUM(EX9:EZ9) -> 611931.56 | EX9: =SUM(EX10:EX11) -> 611931.56 | EY9: =SUM(EY10:EY11) -> 0 | EZ9: =SUM(EZ10:EZ11) -> 0 | FA9: =SUM(FB9:FD9) -> 623012.85 | FB9: =SUM(FB10:FB11) -> 623012.85 | FC9: =SUM(FC10:FC11) -> 0 | FD9: =SUM(FD10:FD11) -> 0 | FE9: =+EW9-FA9 -> -11081.294 | FF9: =+FA9/EW9*100-100 -> 1.8108715 | FG9: =SUM(FH9:FJ9) -> 682783.95 | FH9: =SUM(FH10:FH11) -> 682783.95 | FI9: =SUM(FI10:FI11) -> 0 | FJ9: =SUM(FJ10:FJ11) -> 0 | FK9: =SUM(FL9:FN9) -> 670797.08 | FL9: =SUM(FL10:FL11) -> 670797.08 | FM9: =SUM(FM10:FM11) -> 0 | FN9: =SUM(FN10:FN11) -> 0 | FO9: =+FG9-FK9 -> 11986.868 | FP9: =+FK9/FG9*100-100 -> -1.7555873 | FQ9: =SUM(FR9:FT9) -> 1886318.8 | FR9: =SUM(FR10:FR11) -> 1886318.8 | FS9: =SUM(FS10:FS11) -> 0 | FT9: =SUM(FT10:FT11) -> 0 | FU9: =SUM(FV9:FX9) -> 1870426.1 | FV9: =SUM(FV10:FV11) -> 1870426.1 | FW9: =SUM(FW10:FW11) -> 0 | FX9: =SUM(FX10:FX11) -> 0 | FY9: =+FQ9-FU9 -> 15892.774 | FZ9: =+FU9/FQ9*100-100 -> -0.84252852 | GA9: =SUM(GB9:GD9) -> 3313777.6 | GB9: =SUM(GB10:GB11) -> 3313777.6 | GC9: =SUM(GC10:GC11) -> 0 | GD9: =SUM(GD10:GD11) -> 0 | GE9: =SUM(GF9:GH9) -> 3317535.3 | GF9: =SUM(GF10:GF11) -> 3317535.3 | GG9: =SUM(GG10:GG11) -> 0 | GH9: =SUM(GH10:GH11) -> 0 | GI9: =+GA9-GE9 -> -3757.7713 | GJ9: =+GE9/GA9*100-100 -> 0.11339842 | GK9: =SUM(GL9:GN9) -> 6629452.1 | GL9: =SUM(GL10:GL11) -> 6629452.1 | GM9: =SUM(GM10:GM11) -> 0 | GN9: =SUM(GN10:GN11) -> 0 | GO9: =SUM(GP9:GR9) -> 6589823.8 | GP9: =SUM(GP10:GP11) -> 6589823.8 | GQ9: =SUM(GQ10:GQ11) -> 0 | GR9: =SUM(GR10:GR11) -> 0 | GS9: =+GK9-GO9 -> 39628.305 | GT9: =+GO9/GK9*100-100 -> -0.59776138 | GX9: =+GW9-CI9 -> -3272288.5
B10: По одноставочному тарифу | C10: =SUM(D10:F10) -> 650411.1 | D10: =+[1]Аппарат!D10 -> 650411.1 | E10: =+[1]Аппарат!E10 -> 0 | F10: =+[1]Аппарат!F10 -> 0 | G10: =SUM(H10:J10) -> 559132.58 | H10: =+[1]Аппарат!H10 -> 559132.58 | I10: =+[1]Аппарат!I10 -> 0 | J10: =+[1]Аппарат!J10 -> 0 | K10: =+C10-G10 -> 91278.517 | L10: =+G10/C10*100-100 -> -14.033973 | M10: =SUM(N10:P10) -> 611106.52 | N10: =+[1]Аппарат!N10 -> 611106.52 | O10: =+[1]Аппарат!O10 -> 0 | P10: =+[1]Аппарат!P10 -> 0 | Q10: =SUM(R10:T10) -> 502837.28 | R10: =+[1]Аппарат!R10 -> 502837.28 | S10: =+[1]Аппарат!S10 -> 0 | T10: =+[1]Аппарат!T10 -> 0 | U10: =+M10-Q10 -> 108269.24 | V10: =+Q10/M10*100-100 -> -17.716918 | W10: =SUM(X10:Z10) -> 599222.59 | X10: =+[1]Аппарат!X10 -> 599222.59 | Y10: =+[1]Аппарат!Y10 -> 0 | Z10: =+[1]Аппарат!Z10 -> 0 | AA10: =SUM(AB10:AD10) -> 477480.97 | AB10: =+[1]Аппарат!AB10 -> 477480.97 | AC10: =+[1]Аппарат!AC10 -> 0 | AD10: =+[1]Аппарат!AD10 -> 0 | AE10: =+W10-AA10 -> 121741.62 | AF10: =+AA10/W10*100-100 -> -20.316594 | AG10: =SUM(AH10:AJ10) -> 1860740.2 | AH10: =+D10+N10+X10 -> 1860740.2 | AI10: =+E10+O10+Y10 -> 0 | AJ10: =+F10+P10+Z10 -> 0 | AK10: =SUM(AL10:AN10) -> 1539450.8 | AL10: =+H10+R10+AB10 -> 1539450.8 | AM10: =+I10+S10+AC10 -> 0 | AN10: =+J10+T10+AD10 -> 0 | AO10: =+AG10-AK10 -> 321289.38 | AP10: =+AK10/AG10*100-100 -> -17.266751 | AQ10: =SUM(AR10:AT10) -> 552370.9 | AR10: =+[1]Аппарат!AR10 -> 552370.9 | AS10: =+[1]Аппарат!AS10 -> 0 | AT10: =+[1]Аппарат!AT10 -> 0 | AU10: =SUM(AV10:AX10) -> 527413.17 | AV10: =+[1]Аппарат!AV10 -> 527413.17 | AW10: =+[1]Аппарат!AW10 -> 0 | AX10: =+[1]Аппарат!AX10 -> 0 | AY10: =+AQ10-AU10 -> 24957.732 | AZ10: =+AU10/AQ10*100-100 -> -4.5182923 | BA10: =SUM(BB10:BD10) -> 464339.09 | BB10: =+[1]Аппарат!BB10 -> 464339.09 | BC10: =+[1]Аппарат!BC10 -> 0 | BD10: =+[1]Аппарат!BD10 -> 0 | BE10: =SUM(BF10:BH10) -> 749829.93 | BF10: =+[1]Аппарат!BF10 -> 749829.93 | BG10: =+[1]Аппарат!BG10 -> 0 | BH10: =+[1]Аппарат!BH10 -> 0 | BI10: =+BA10-BE10 -> -285490.84 | BJ10: =+BE10/BA10*100-100 -> 61.483265 | BK10: =SUM(BL10:BN10) -> 438224.37 | BL10: =+[1]Аппарат!BL10 -> 438224.37 | BM10: =+[1]Аппарат!BM10 -> 0 | BN10: =+[1]Аппарат!BN10 -> 0 | BO10: =SUM(BP10:BR10) -> 455594.58 | BP10: =+[1]Аппарат!BP10 -> 455594.58 | BQ10: =+[1]Аппарат!BQ10 -> 0 | BR10: =+[1]Аппарат!BR10 -> 0 | BS10: =+BK10-BO10 -> -17370.201 | BT10: =+BO10/BK10*100-100 -> 3.9637687 | BU10: =SUM(BV10:BX10) -> 1454934.4 | BV10: =+AR10+BB10+BL10 -> 1454934.4 | BW10: =+AS10+BC10+BM10 -> 0 | BX10: =+AT10+BD10+BN10 -> 0 | BY10: =SUM(BZ10:CB10) -> 1732837.7 | BZ10: =+AV10+BF10+BP10 -> 1732837.7 | CA10: =+AW10+BG10+BQ10 -> 0 | CB10: =+AX10+BH10+BR10 -> 0 | CC10: =+BU10-BY10 -> -277903.3 | CD10: =+BY10/BU10*100-100 -> 19.100745 | CE10: =SUM(CF10:CH10) -> 3315674.6 | CF10: =+AH10+BV10 -> 3315674.6 | CG10: =+AI10+BW10 -> 0 | CH10: =+AJ10+BX10 -> 0 | CI10: =SUM(CJ10:CL10) -> 3272288.5 | CJ10: =+AL10+BZ10 -> 3272288.5 | CK10: =+AM10+CA10 -> 0 | CL10: =+AN10+CB10 -> 0 | CM10: =+CE10-CI10 -> 43386.076 | CN10: =+CI10/CE10*100-100 -> -1.3085143 | CO10: =SUM(CP10:CR10) -> 459277.17 | CP10: =+[1]Аппарат!CP10 -> 459277.17 | CQ10: =+[1]Аппарат!CQ10 -> 0 | CR10: =+[1]Аппарат!CR10 -> 0 | CS10: =SUM(CT10:CV10) -> 468163.96 | CT10: =+[1]Аппарат!CT10 -> 468163.96 | CU10: =+[1]Аппарат!CU10 -> 0 | CV10: =+[1]Аппарат!CV10 -> 0 | CW10: =+CO10-CS10 -> -8886.7874 | CX10: =+CS10/CO10*100-100 -> 1.9349508 | CY10: =SUM(CZ10:DB10) -> 473212.67 | CZ10: =+[1]Аппарат!CZ10 -> 473212.67 | DA10: =+[1]Аппарат!DA10 -> 0 | DB10: =+[1]Аппарат!DB10 -> 0 | DC10: =SUM(DD10:DF10) -> 466106.39 | DD10: =+[1]Аппарат!DD10 -> 466106.39 | DE10: =+[1]Аппарат!DE10 -> 0 | DF10: =+[1]Аппарат!DF10 -> 0 | DG10: =+CY10-DC10 -> 7106.2813 | DH10: =+DC10/CY10*100-100 -> -1.5017098 | DI10: =SUM(DJ10:DL10) -> 494968.87 | DJ10: =+[1]Аппарат!DJ10 -> 494968.87 | DK10: =+[1]Аппарат!DK10 -> 0 | DL10: =+[1]Аппарат!DL10 -> 0 | DM10: =SUM(DN10:DP10) -> 512838.91 | DN10: =+[1]Аппарат!DN10 -> 512838.91 | DO10: =+[1]Аппарат!DO10 -> 0 | DP10: =+[1]Аппарат!DP10 -> 0 | DQ10: =+DI10-DM10 -> -17870.039 | DR10: =+DM10/DI10*100-100 -> 3.610336 | DS10: =SUM(DT10:DV10) -> 1427458.7 | DT10: =+CP10+CZ10+DJ10 -> 1427458.7 | DU10: =+CQ10+DA10+DK10 -> 0 | DV10: =+CR10+DB10+DL10 -> 0 | DW10: =SUM(DX10:DZ10) -> 1447109.3 | DX10: =+CT10+DD10+DN10 -> 1447109.3 | DY10: =+CU10+DE10+DO10 -> 0 | DZ10: =+CV10+DF10+DP10 -> 0 | EA10: =+DS10-DW10 -> -19650.546 | EB10: =+DW10/DS10*100-100 -> 1.3766104 | EC10: =SUM(ED10:EF10) -> 4743133.3 | ED10: =+CF10+DT10 -> 4743133.3 | EE10: =+CG10+DU10 -> 0 | EF10: =+CH10+DV10 -> 0 | EG10: =SUM(EH10:EJ10) -> 4719397.8 | EH10: =+CJ10+DX10 -> 4719397.8 | EI10: =+CK10+DY10 -> 0 | EJ10: =+CL10+DZ10 -> 0 | EK10: =+EC10-EG10 -> 23735.531 | EL10: =+EG10/EC10*100-100 -> -0.5004188 | EM10: =SUM(EN10:EP10) -> 591603.34 | EN10: =+[1]Аппарат!EN10 -> 591603.34 | EO10: =+[1]Аппарат!EO10 -> 0 | EP10: =+[1]Аппарат!EP10 -> 0 | EQ10: =SUM(ER10:ET10) -> 576616.14 | ER10: =+[1]Аппарат!ER10 -> 576616.14 | ES10: =+[1]Аппарат!ES10 -> 0 | ET10: =+[1]Аппарат!ET10 -> 0 | EU10: =+EM10-EQ10 -> 14987.2 | EV10: =+EQ10/EM10*100-100 -> -2.5333191 | EW10: =SUM(EX10:EZ10) -> 611931.56 | EX10: =+[1]Аппарат!EX10 -> 611931.56 | EY10: =+[1]Аппарат!EY10 -> 0 | EZ10: =+[1]Аппарат!EZ10 -> 0 | FA10: =SUM(FB10:FD10) -> 623012.85 | FB10: =+[1]Аппарат!FB10 -> 623012.85 | FC10: =+[1]Аппарат!FC10 -> 0 | FD10: =+[1]Аппарат!FD10 -> 0 | FE10: =+EW10-FA10 -> -11081.294 | FF10: =+FA10/EW10*100-100 -> 1.8108715 | FG10: =SUM(FH10:FJ10) -> 682783.95 | FH10: =+[1]Аппарат!FH10 -> 682783.95 | FI10: =+[1]Аппарат!FI10 -> 0 | FJ10: =+[1]Аппарат!FJ10 -> 0 | FK10: =SUM(FL10:FN10) -> 670797.08 | FL10: =+[1]Аппарат!FL10 -> 670797.08 | FM10: =+[1]Аппарат!FM10 -> 0 | FN10: =+[1]Аппарат!FN10 -> 0 | FO10: =+FG10-FK10 -> 11986.868 | FP10: =+FK10/FG10*100-100 -> -1.7555873 | FQ10: =SUM(FR10:FT10) -> 1886318.8 | FR10: =+EN10+EX10+FH10 -> 1886318.8 | FS10: =+EO10+EY10+FI10 -> 0 | FT10: =+EP10+EZ10+FJ10 -> 0 | FU10: =SUM(FV10:FX10) -> 1870426.1 | FV10: =+ER10+FB10+FL10 -> 1870426.1 | FW10: =+ES10+FC10+FM10 -> 0 | FX10: =+ET10+FD10+FN10 -> 0 | FY10: =+FQ10-FU10 -> 15892.774 | FZ10: =+FU10/FQ10*100-100 -> -0.84252852 | GA10: =SUM(GB10:GD10) -> 3313777.6 | GB10: =+DT10+FR10 -> 3313777.6 | GC10: =+DU10+FS10 -> 0 | GD10: =+DV10+FT10 -> 0 | GE10: =SUM(GF10:GH10) -> 3317535.3 | GF10: =+DX10+FV10 -> 3317535.3 | GG10: =+DY10+FW10 -> 0 | GH10: =+DZ10+FX10 -> 0 | GI10: =+GA10-GE10 -> -3757.7713 | GJ10: =+GE10/GA10*100-100 -> 0.11339842 | GK10: =SUM(GL10:GN10) -> 6629452.1 | GL10: =+ED10+FR10 -> 6629452.1 | GM10: =+EE10+FS10 -> 0 | GN10: =+EF10+FT10 -> 0 | GO10: =SUM(GP10:GR10) -> 6589823.8 | GP10: =+EH10+FV10 -> 6589823.8 | GQ10: =+EI10+FW10 -> 0 | GR10: =+EJ10+FX10 -> 0 | GS10: =+GK10-GO10 -> 39628.305 | GT10: =+GO10/GK10*100-100 -> -0.59776138 | GU10: =+GP10+GP17+GP18 -> 6665959.2 | GV10: =+GK10 -> 6629452.1 | GX10: =+GW10-CI10 -> -3272288.5
B11: По двухставочному тарифу | C11: =SUM(D11:F11) -> 0 | D11: =+[1]Аппарат!D11 -> 0 | E11: =+[1]Аппарат!E11 -> 0 | F11: =+[1]Аппарат!F11 -> 0 | G11: =SUM(H11:J11) -> 0 | H11: =+[1]Аппарат!H11 -> 0 | I11: =+[1]Аппарат!I11 -> 0 | J11: =+[1]Аппарат!J11 -> 0 | K11: =+C11-G11 -> 0 | L11: =+G11/C11*100-100 -> #DIV/0! | M11: =SUM(N11:P11) -> 0 | N11: =+[1]Аппарат!N11 -> 0 | O11: =+[1]Аппарат!O11 -> 0 | P11: =+[1]Аппарат!P11 -> 0 | Q11: =SUM(R11:T11) -> 0 | R11: =+[1]Аппарат!R11 -> 0 | S11: =+[1]Аппарат!S11 -> 0 | T11: =+[1]Аппарат!T11 -> 0 | U11: =+M11-Q11 -> 0 | V11: =+Q11/M11*100-100 -> #DIV/0! | W11: =SUM(X11:Z11) -> 0 | X11: =+[1]Аппарат!X11 -> 0 | Y11: =+[1]Аппарат!Y11 -> 0 | Z11: =+[1]Аппарат!Z11 -> 0 | AA11: =SUM(AB11:AD11) -> 0 | AB11: =+[1]Аппарат!AB11 -> 0 | AC11: =+[1]Аппарат!AC11 -> 0 | AD11: =+[1]Аппарат!AD11 -> 0 | AE11: =+W11-AA11 -> 0 | AF11: =+AA11/W11*100-100 -> #DIV/0! | AG11: =SUM(AH11:AJ11) -> 0 | AH11: =+D11+N11+X11 -> 0 | AI11: =+E11+O11+Y11 -> 0 | AJ11: =+F11+P11+Z11 -> 0 | AK11: =SUM(AL11:AN11) -> 0 | AL11: =+H11+R11+AB11 -> 0 | AM11: =+I11+S11+AC11 -> 0 | AN11: =+J11+T11+AD11 -> 0 | AO11: =+AG11-AK11 -> 0 | AP11: =+AK11/AG11*100-100 -> #DIV/0! | AQ11: =SUM(AR11:AT11) -> 0 | AR11: =+[1]Аппарат!AR11 -> 0 | AS11: =+[1]Аппарат!AS11 -> 0 | AT11: =+[1]Аппарат!AT11 -> 0 | AU11: =SUM(AV11:AX11) -> 0 | AV11: =+[1]Аппарат!AV11 -> 0 | AW11: =+[1]Аппарат!AW11 -> 0 | AX11: =+[1]Аппарат!AX11 -> 0 | AY11: =+AQ11-AU11 -> 0 | AZ11: =+AU11/AQ11*100-100 -> #DIV/0! | BA11: =SUM(BB11:BD11) -> 0 | BB11: =+[1]Аппарат!BB11 -> 0 | BC11: =+[1]Аппарат!BC11 -> 0 | BD11: =+[1]Аппарат!BD11 -> 0 | BE11: =SUM(BF11:BH11) -> 0 | BF11: =+[1]Аппарат!BF11 -> 0 | BG11: =+[1]Аппарат!BG11 -> 0 | BH11: =+[1]Аппарат!BH11 -> 0 | BI11: =+BA11-BE11 -> 0 | BJ11: =+BE11/BA11*100-100 -> #DIV/0! | BK11: =SUM(BL11:BN11) -> 0 | BL11: =+[1]Аппарат!BL11 -> 0 | BM11: =+[1]Аппарат!BM11 -> 0 | BN11: =+[1]Аппарат!BN11 -> 0 | BO11: =SUM(BP11:BR11) -> 0 | BP11: =+[1]Аппарат!BP11 -> 0 | BQ11: =+[1]Аппарат!BQ11 -> 0 | BR11: =+[1]Аппарат!BR11 -> 0 | BS11: =+BK11-BO11 -> 0 | BT11: =+BO11/BK11*100-100 -> #DIV/0! | BU11: =SUM(BV11:BX11) -> 0 | BV11: =+AR11+BB11+BL11 -> 0 | BW11: =+AS11+BC11+BM11 -> 0 | BX11: =+AT11+BD11+BN11 -> 0 | BY11: =SUM(BZ11:CB11) -> 0 | BZ11: =+AV11+BF11+BP11 -> 0 | CA11: =+AW11+BG11+BQ11 -> 0 | CB11: =+AX11+BH11+BR11 -> 0 | CC11: =+BU11-BY11 -> 0 | CD11: =+BY11/BU11*100-100 -> #DIV/0! | CE11: =SUM(CF11:CH11) -> 0 | CF11: =+AH11+BV11 -> 0 | CG11: =+AI11+BW11 -> 0 | CH11: =+AJ11+BX11 -> 0 | CI11: =SUM(CJ11:CL11) -> 0 | CJ11: =+AL11+BZ11 -> 0 | CK11: =+AM11+CA11 -> 0 | CL11: =+AN11+CB11 -> 0 | CM11: =+CE11-CI11 -> 0 | CN11: =+CI11/CE11*100-100 -> #DIV/0! | CO11: =SUM(CP11:CR11) -> 0 | CP11: =+[1]Аппарат!CP11 -> 0 | CQ11: =+[1]Аппарат!CQ11 -> 0 | CR11: =+[1]Аппарат!CR11 -> 0 | CS11: =SUM(CT11:CV11) -> 0 | CT11: =+[1]Аппарат!CT11 -> 0 | CU11: =+[1]Аппарат!CU11 -> 0 | CV11: =+[1]Аппарат!CV11 -> 0 | CW11: =+CO11-CS11 -> 0 | CX11: =+CS11/CO11*100-100 -> #DIV/0! | CY11: =SUM(CZ11:DB11) -> 0 | CZ11: =+[1]Аппарат!CZ11 -> 0 | DA11: =+[1]Аппарат!DA11 -> 0 | DB11: =+[1]Аппарат!DB11 -> 0 | DC11: =SUM(DD11:DF11) -> 0 | DD11: =+[1]Аппарат!DD11 -> 0 | DE11: =+[1]Аппарат!DE11 -> 0 | DF11: =+[1]Аппарат!DF11 -> 0 | DG11: =+CY11-DC11 -> 0 | DH11: =+DC11/CY11*100-100 -> #DIV/0! | DI11: =SUM(DJ11:DL11) -> 0 | DJ11: =+[1]Аппарат!DJ11 -> 0 | DK11: =+[1]Аппарат!DK11 -> 0 | DL11: =+[1]Аппарат!DL11 -> 0 | DM11: =SUM(DN11:DP11) -> 0 | DN11: =+[1]Аппарат!DN11 -> 0 | DO11: =+[1]Аппарат!DO11 -> 0 | DP11: =+[1]Аппарат!DP11 -> 0 | DQ11: =+DI11-DM11 -> 0 | DR11: =+DM11/DI11*100-100 -> #DIV/0! | DS11: =SUM(DT11:DV11) -> 0 | DT11: =+CP11+CZ11+DJ11 -> 0 | DU11: =+CQ11+DA11+DK11 -> 0 | DV11: =+CR11+DB11+DL11 -> 0 | DW11: =SUM(DX11:DZ11) -> 0 | DX11: =+CT11+DD11+DN11 -> 0 | DY11: =+CU11+DE11+DO11 -> 0 | DZ11: =+CV11+DF11+DP11 -> 0 | EA11: =+DS11-DW11 -> 0 | EB11: =+DW11/DS11*100-100 -> #DIV/0! | EC11: =SUM(ED11:EF11) -> 0 | ED11: =+CF11+DT11 -> 0 | EE11: =+CG11+DU11 -> 0 | EF11: =+CH11+DV11 -> 0 | EG11: =SUM(EH11:EJ11) -> 0 | EH11: =+CJ11+DX11 -> 0 | EI11: =+CK11+DY11 -> 0 | EJ11: =+CL11+DZ11 -> 0 | EK11: =+EC11-EG11 -> 0 | EL11: =+EG11/EC11*100-100 -> #DIV/0! | EM11: =SUM(EN11:EP11) -> 0 | EN11: =+[1]Аппарат!EN11 -> 0 | EO11: =+[1]Аппарат!EO11 -> 0 | EP11: =+[1]Аппарат!EP11 -> 0 | EQ11: =SUM(ER11:ET11) -> 0 | ER11: =+[1]Аппарат!ER11 -> 0 | ES11: =+[1]Аппарат!ES11 -> 0 | ET11: =+[1]Аппарат!ET11 -> 0 | EU11: =+EM11-EQ11 -> 0 | EV11: =+EQ11/EM11*100-100 -> #DIV/0! | EW11: =SUM(EX11:EZ11) -> 0 | EX11: =+[1]Аппарат!EX11 -> 0 | EY11: =+[1]Аппарат!EY11 -> 0 | EZ11: =+[1]Аппарат!EZ11 -> 0 | FA11: =SUM(FB11:FD11) -> 0 | FB11: =+[1]Аппарат!FB11 -> 0 | FC11: =+[1]Аппарат!FC11 -> 0 | FD11: =+[1]Аппарат!FD11 -> 0 | FE11: =+EW11-FA11 -> 0 | FF11: =+FA11/EW11*100-100 -> #DIV/0! | FG11: =SUM(FH11:FJ11) -> 0 | FH11: =+[1]Аппарат!FH11 -> 0 | FI11: =+[1]Аппарат!FI11 -> 0 | FJ11: =+[1]Аппарат!FJ11 -> 0 | FK11: =SUM(FL11:FN11) -> 0 | FL11: =+[1]Аппарат!FL11 -> 0 | FM11: =+[1]Аппарат!FM11 -> 0 | FN11: =+[1]Аппарат!FN11 -> 0 | FO11: =+FG11-FK11 -> 0 | FP11: =+FK11/FG11*100-100 -> #DIV/0! | FQ11: =SUM(FR11:FT11) -> 0 | FR11: =+EN11+EX11+FH11 -> 0 | FS11: =+EO11+EY11+FI11 -> 0 | FT11: =+EP11+EZ11+FJ11 -> 0 | FU11: =SUM(FV11:FX11) -> 0 | FV11: =+ER11+FB11+FL11 -> 0 | FW11: =+ES11+FC11+FM11 -> 0 | FX11: =+ET11+FD11+FN11 -> 0 | FY11: =+FQ11-FU11 -> 0 | FZ11: =+FU11/FQ11*100-100 -> #DIV/0! | GA11: =SUM(GB11:GD11) -> 0 | GB11: =+DT11+FR11 -> 0 | GC11: =+DU11+FS11 -> 0 | GD11: =+DV11+FT11 -> 0 | GE11: =SUM(GF11:GH11) -> 0 | GF11: =+DX11+FV11 -> 0 | GG11: =+DY11+FW11 -> 0 | GH11: =+DZ11+FX11 -> 0 | GI11: =+GA11-GE11 -> 0 | GJ11: =+GE11/GA11*100-100 -> #DIV/0! | GK11: =SUM(GL11:GN11) -> 0 | GL11: =+ED11+FR11 -> 0 | GM11: =+EE11+FS11 -> 0 | GN11: =+EF11+FT11 -> 0 | GO11: =SUM(GP11:GR11) -> 0 | GP11: =+EH11+FV11 -> 0 | GQ11: =+EI11+FW11 -> 0 | GR11: =+EJ11+FX11 -> 0 | GS11: =+GK11-GO11 -> 0 | GT11: =+GO11/GK11*100-100 -> #DIV/0! | GV11: =+GK11 -> 0 | GX11: =+GW11-CI11 -> 0
B12: Выручка от присоединений к электрическим сетям | C12: =SUM(D12:F12) -> 27556.611 | D12: =+[1]Аппарат!D12 -> 0 | E12: =+[1]Аппарат!E12 -> 27556.611 | F12: =+[1]Аппарат!F12 -> 0 | G12: =SUM(H12:J12) -> 11549.82 | H12: =+[1]Аппарат!H12 -> 0 | I12: =+[1]Аппарат!I12 -> 11549.82 | J12: =+[1]Аппарат!J12 -> 0 | K12: =+C12-G12 -> 16006.791 | L12: =+G12/C12*100-100 -> -58.086936 | M12: =SUM(N12:P12) -> 48224.069 | N12: =+[1]Аппарат!N12 -> 0 | O12: =+[1]Аппарат!O12 -> 48224.069 | P12: =+[1]Аппарат!P12 -> 0 | Q12: =SUM(R12:T12) -> 9979.485 | R12: =+[1]Аппарат!R12 -> 0 | S12: =+[1]Аппарат!S12 -> 9979.485 | T12: =+[1]Аппарат!T12 -> 0 | U12: =+M12-Q12 -> 38244.584 | V12: =+Q12/M12*100-100 -> -79.306008 | W12: =SUM(X12:Z12) -> 62002.375 | X12: =+[1]Аппарат!X12 -> 0 | Y12: =+[1]Аппарат!Y12 -> 62002.375 | Z12: =+[1]Аппарат!Z12 -> 0 | AA12: =SUM(AB12:AD12) -> 20539.776 | AB12: =+[1]Аппарат!AB12 -> 0 | AC12: =+[1]Аппарат!AC12 -> 20539.776 | AD12: =+[1]Аппарат!AD12 -> 0 | AE12: =+W12-AA12 -> 41462.599 | AF12: =+AA12/W12*100-100 -> -66.872598 | AG12: =SUM(AH12:AJ12) -> 137783.06 | AH12: =+D12+N12+X12 -> 0 | AI12: =+E12+O12+Y12 -> 137783.06 | AJ12: =+F12+P12+Z12 -> 0 | AK12: =SUM(AL12:AN12) -> 42069.081 | AL12: =+H12+R12+AB12 -> 0 | AM12: =+I12+S12+AC12 -> 42069.081 | AN12: =+J12+T12+AD12 -> 0 | AO12: =+AG12-AK12 -> 95713.974 | AP12: =+AK12/AG12*100-100 -> -69.467159 | AQ12: =SUM(AR12:AT12) -> 12703.469 | AR12: =+[1]Аппарат!AR12 -> 0 | AS12: =+[1]Аппарат!AS12 -> 12703.469 | AT12: =+[1]Аппарат!AT12 -> 0 | AU12: =SUM(AV12:AX12) -> 11724.427 | AV12: =+[1]Аппарат!AV12 -> 0 | AW12: =+[1]Аппарат!AW12 -> 11724.427 | AX12: =+[1]Аппарат!AX12 -> 0 | AY12: =+AQ12-AU12 -> 979.04242 | AZ12: =+AU12/AQ12*100-100 -> -7.70689 | BA12: =SUM(BB12:BD12) -> 22231.072 | BB12: =+[1]Аппарат!BB12 -> 0 | BC12: =+[1]Аппарат!BC12 -> 22231.072 | BD12: =+[1]Аппарат!BD12 -> 0 | BE12: =SUM(BF12:BH12) -> 23161.773 | BF12: =+[1]Аппарат!BF12 -> 0 | BG12: =+[1]Аппарат!BG12 -> 23161.773 | BH12: =+[1]Аппарат!BH12 -> 0 | BI12: =+BA12-BE12 -> -930.7014 | BJ12: =+BE12/BA12*100-100 -> 4.1864891 | BK12: =SUM(BL12:BN12) -> 28582.806 | BL12: =+[1]Аппарат!BL12 -> 0 | BM12: =+[1]Аппарат!BM12 -> 28582.806 | BN12: =+[1]Аппарат!BN12 -> 0 | BO12: =SUM(BP12:BR12) -> 53357.26 | BP12: =+[1]Аппарат!BP12 -> 0 | BQ12: =+[1]Аппарат!BQ12 -> 53357.26 | BR12: =+[1]Аппарат!BR12 -> 0 | BS12: =+BK12-BO12 -> -24774.454 | BT12: =+BO12/BK12*100-100 -> 86.676071 | BU12: =SUM(BV12:BX12) -> 63517.347 | BV12: =+AR12+BB12+BL12 -> 0 | BW12: =+AS12+BC12+BM12 -> 63517.347 | BX12: =+AT12+BD12+BN12 -> 0 | BY12: =SUM(BZ12:CB12) -> 88243.46 | BZ12: =+AV12+BF12+BP12 -> 0 | CA12: =+AW12+BG12+BQ12 -> 88243.46 | CB12: =+AX12+BH12+BR12 -> 0 | CC12: =+BU12-BY12 -> -24726.113 | CD12: =+BY12/BU12*100-100 -> 38.928125 | CE12: =SUM(CF12:CH12) -> 201300.4 | CF12: =+AH12+BV12 -> 0 | CG12: =+AI12+BW12 -> 201300.4 | CH12: =+AJ12+BX12 -> 0 | CI12: =SUM(CJ12:CL12) -> 130312.54 | CJ12: =+AL12+BZ12 -> 0 | CK12: =+AM12+CA12 -> 130312.54 | CL12: =+AN12+CB12 -> 0 | CM12: =+CE12-CI12 -> 70987.861 | CN12: =+CI12/CE12*100-100 -> -35.26464 | CO12: =SUM(CP12:CR12) -> 17347.833 | CP12: =+[1]Аппарат!CP12 -> 0 | CQ12: =+[1]Аппарат!CQ12 -> 17347.833 | CR12: =+[1]Аппарат!CR12 -> 0 | CS12: =SUM(CT12:CV12) -> 9518.302 | CT12: =+[1]Аппарат!CT12 -> 0 | CU12: =+[1]Аппарат!CU12 -> 9518.302 | CV12: =+[1]Аппарат!CV12 -> 0 | CW12: =+CO12-CS12 -> 7829.5307 | CX12: =+CS12/CO12*100-100 -> -45.132616 | CY12: =SUM(CZ12:DB12) -> 30358.707 | CZ12: =+[1]Аппарат!CZ12 -> 0 | DA12: =+[1]Аппарат!DA12 -> 30358.707 | DB12: =+[1]Аппарат!DB12 -> 0 | DC12: =SUM(DD12:DF12) -> 22344.259 | DD12: =+[1]Аппарат!DD12 -> 0 | DE12: =+[1]Аппарат!DE12 -> 22344.259 | DF12: =+[1]Аппарат!DF12 -> 0 | DG12: =+CY12-DC12 -> 8014.4482 | DH12: =+DC12/CY12*100-100 -> -26.399175 | DI12: =SUM(DJ12:DL12) -> 39032.624 | DJ12: =+[1]Аппарат!DJ12 -> 0 | DK12: =+[1]Аппарат!DK12 -> 39032.624 | DL12: =+[1]Аппарат!DL12 -> 0 | DM12: =SUM(DN12:DP12) -> 51330.073 | DN12: =+[1]Аппарат!DN12 -> 0 | DO12: =+[1]Аппарат!DO12 -> 51330.073 | DP12: =+[1]Аппарат!DP12 -> 0 | DQ12: =+DI12-DM12 -> -12297.449 | DR12: =+DM12/DI12*100-100 -> 31.505567 | DS12: =SUM(DT12:DV12) -> 86739.163 | DT12: =+CP12+CZ12+DJ12 -> 0 | DU12: =+CQ12+DA12+DK12 -> 86739.163 | DV12: =+CR12+DB12+DL12 -> 0 | DW12: =SUM(DX12:DZ12) -> 83192.634 | DX12: =+CT12+DD12+DN12 -> 0 | DY12: =+CU12+DE12+DO12 -> 83192.634 | DZ12: =+CV12+DF12+DP12 -> 0 | EA12: =+DS12-DW12 -> 3546.5295 | EB12: =+DW12/DS12*100-100 -> -4.0887292 | EC12: =SUM(ED12:EF12) -> 288039.57 | ED12: =+CF12+DT12 -> 0 | EE12: =+CG12+DU12 -> 288039.57 | EF12: =+CH12+DV12 -> 0 | EG12: =SUM(EH12:EJ12) -> 213505.18 | EH12: =+CJ12+DX12 -> 0 | EI12: =+CK12+DY12 -> 213505.18 | EJ12: =+CL12+DZ12 -> 0 | EK12: =+EC12-EG12 -> 74534.391 | EL12: =+EG12/EC12*100-100 -> -25.876442 | EM12: =SUM(EN12:EP12) -> 52392.087 | EN12: =+[1]Аппарат!EN12 -> 0 | EO12: =+[1]Аппарат!EO12 -> 52392.087 | EP12: =+[1]Аппарат!EP12 -> 0 | EQ12: =SUM(ER12:ET12) -> 80347.304 | ER12: =+[1]Аппарат!ER12 -> 0 | ES12: =+[1]Аппарат!ES12 -> 80347.304 | ET12: =+[1]Аппарат!ET12 -> 0 | EU12: =+EM12-EQ12 -> -27955.217 | EV12: =+EQ12/EM12*100-100 -> 53.357709 | EW12: =SUM(EX12:EZ12) -> 91686.152 | EX12: =+[1]Аппарат!EX12 -> 0 | EY12: =+[1]Аппарат!EY12 -> 91686.152 | EZ12: =+[1]Аппарат!EZ12 -> 0 | FA12: =SUM(FB12:FD12) -> 45930.403 | FB12: =+[1]Аппарат!FB12 -> 0 | FC12: =+[1]Аппарат!FC12 -> 45930.403 | FD12: =+[1]Аппарат!FD12 -> 0 | FE12: =+EW12-FA12 -> 45755.749 | FF12: =+FA12/EW12*100-100 -> -49.904754 | FG12: =SUM(FH12:FJ12) -> 117882.2 | FH12: =+[1]Аппарат!FH12 -> 0 | FI12: =+[1]Аппарат!FI12 -> 117882.2 | FJ12: =+[1]Аппарат!FJ12 -> 0 | FK12: =SUM(FL12:FN12) -> 149101.07 | FL12: =+[1]Аппарат!FL12 -> 0 | FM12: =+[1]Аппарат!FM12 -> 149101.07 | FN12: =+[1]Аппарат!FN12 -> 0 | FO12: =+FG12-FK12 -> -31218.877 | FP12: =+FK12/FG12*100-100 -> 26.483114 | FQ12: =SUM(FR12:FT12) -> 261960.43 | FR12: =+EN12+EX12+FH12 -> 0 | FS12: =+EO12+EY12+FI12 -> 261960.43 | FT12: =+EP12+EZ12+FJ12 -> 0 | FU12: =SUM(FV12:FX12) -> 275378.78 | FV12: =+ER12+FB12+FL12 -> 0 | FW12: =+ES12+FC12+FM12 -> 275378.78 | FX12: =+ET12+FD12+FN12 -> 0 | FY12: =+FQ12-FU12 -> -13418.345 | FZ12: =+FU12/FQ12*100-100 -> 5.1222793 | GA12: =SUM(GB12:GD12) -> 348699.6 | GB12: =+DT12+FR12 -> 0 | GC12: =+DU12+FS12 -> 348699.6 | GD12: =+DV12+FT12 -> 0 | GE12: =SUM(GF12:GH12) -> 358571.41 | GF12: =+DX12+FV12 -> 0 | GG12: =+DY12+FW12 -> 358571.41 | GH12: =+DZ12+FX12 -> 0 | GI12: =+GA12-GE12 -> -9871.8156 | GJ12: =+GE12/GA12*100-100 -> 2.8310373 | GK12: =SUM(GL12:GN12) -> 550000 | GL12: =+ED12+FR12 -> 0 | GM12: =+EE12+FS12 -> 550000 | GN12: =+EF12+FT12 -> 0 | GO12: =SUM(GP12:GR12) -> 488883.95 | GP12: =+EH12+FV12 -> 0 | GQ12: =+EI12+FW12 -> 488883.95 | GR12: =+EJ12+FX12 -> 0 | GS12: =+GK12-GO12 -> 61116.046 | GT12: =+GO12/GK12*100-100 -> -11.112008 | GU12: =+GQ12+GQ16+GQ18 -> 492796.99 | GV12: =+GK12 -> 550000 | GX12: =+GW12-CI12 -> -130312.54
B13: Доход от сдачи имущества в аренду | C13: =SUM(D13:F13) -> 1302.6899 | D13: =+[1]Аппарат!D13 -> 0 | E13: =+[1]Аппарат!E13 -> 0 | F13: =+[1]Аппарат!F13 -> 1302.6899 | G13: =SUM(H13:J13) -> 1791.694 | H13: =+[1]Аппарат!H13 -> 0 | I13: =+[1]Аппарат!I13 -> 0 | J13: =+[1]Аппарат!J13 -> 1791.694 | K13: =+C13-G13 -> -489.00407 | L13: =+G13/C13*100-100 -> 37.538025 | M13: =SUM(N13:P13) -> 1302.6899 | N13: =+[1]Аппарат!N13 -> 0 | O13: =+[1]Аппарат!O13 -> 0 | P13: =+[1]Аппарат!P13 -> 1302.6899 | Q13: =SUM(R13:T13) -> 1744.475 | R13: =+[1]Аппарат!R13 -> 0 | S13: =+[1]Аппарат!S13 -> 0 | T13: =+[1]Аппарат!T13 -> 1744.475 | U13: =+M13-Q13 -> -441.78507 | V13: =+Q13/M13*100-100 -> 33.913294 | W13: =SUM(X13:Z13) -> 1302.6899 | X13: =+[1]Аппарат!X13 -> 0 | Y13: =+[1]Аппарат!Y13 -> 0 | Z13: =+[1]Аппарат!Z13 -> 1302.6899 | AA13: =SUM(AB13:AD13) -> 1744.475 | AB13: =+[1]Аппарат!AB13 -> 0 | AC13: =+[1]Аппарат!AC13 -> 0 | AD13: =+[1]Аппарат!AD13 -> 1744.475 | AE13: =+W13-AA13 -> -441.78507 | AF13: =+AA13/W13*100-100 -> 33.913294 | AG13: =SUM(AH13:AJ13) -> 3908.0698 | AH13: =+D13+N13+X13 -> 0 | AI13: =+E13+O13+Y13 -> 0 | AJ13: =+F13+P13+Z13 -> 3908.0698 | AK13: =SUM(AL13:AN13) -> 5280.644 | AL13: =+H13+R13+AB13 -> 0 | AM13: =+I13+S13+AC13 -> 0 | AN13: =+J13+T13+AD13 -> 5280.644 | AO13: =+AG13-AK13 -> -1372.5742 | AP13: =+AK13/AG13*100-100 -> 35.121538 | AQ13: =SUM(AR13:AT13) -> 1302.6899 | AR13: =+[1]Аппарат!AR13 -> 0 | AS13: =+[1]Аппарат!AS13 -> 0 | AT13: =+[1]Аппарат!AT13 -> 1302.6899 | AU13: =SUM(AV13:AX13) -> 1739.674 | AV13: =+[1]Аппарат!AV13 -> 0 | AW13: =+[1]Аппарат!AW13 -> 0 | AX13: =+[1]Аппарат!AX13 -> 1739.674 | AY13: =+AQ13-AU13 -> -436.98411 | AZ13: =+AU13/AQ13*100-100 -> 33.544752 | BA13: =SUM(BB13:BD13) -> 1302.6899 | BB13: =+[1]Аппарат!BB13 -> 0 | BC13: =+[1]Аппарат!BC13 -> 0 | BD13: =+[1]Аппарат!BD13 -> 1302.6899 | BE13: =SUM(BF13:BH13) -> 1301.685 | BF13: =+[1]Аппарат!BF13 -> 0 | BG13: =+[1]Аппарат!BG13 -> 0 | BH13: =+[1]Аппарат!BH13 -> 1301.685 | BI13: =+BA13-BE13 -> 1.0049322 | BJ13: =+BE13/BA13*100-100 -> -0.077142855 | BK13: =SUM(BL13:BN13) -> 1302.6899 | BL13: =+[1]Аппарат!BL13 -> 0 | BM13: =+[1]Аппарат!BM13 -> 0 | BN13: =+[1]Аппарат!BN13 -> 1302.6899 | BO13: =SUM(BP13:BR13) -> 1297.373 | BP13: =+[1]Аппарат!BP13 -> 0 | BQ13: =+[1]Аппарат!BQ13 -> 0 | BR13: =+[1]Аппарат!BR13 -> 1297.373 | BS13: =+BK13-BO13 -> 5.3169322 | BT13: =+BO13/BK13*100-100 -> -0.40815025 | BU13: =SUM(BV13:BX13) -> 3908.0698 | BV13: =+AR13+BB13+BL13 -> 0 | BW13: =+AS13+BC13+BM13 -> 0 | BX13: =+AT13+BD13+BN13 -> 3908.0698 | BY13: =SUM(BZ13:CB13) -> 4338.732 | BZ13: =+AV13+BF13+BP13 -> 0 | CA13: =+AW13+BG13+BQ13 -> 0 | CB13: =+AX13+BH13+BR13 -> 4338.732 | CC13: =+BU13-BY13 -> -430.66224 | CD13: =+BY13/BU13*100-100 -> 11.01982 | CE13: =SUM(CF13:CH13) -> 7816.1396 | CF13: =+AH13+BV13 -> 0 | CG13: =+AI13+BW13 -> 0 | CH13: =+AJ13+BX13 -> 7816.1396 | CI13: =SUM(CJ13:CL13) -> 9619.376 | CJ13: =+AL13+BZ13 -> 0 | CK13: =+AM13+CA13 -> 0 | CL13: =+AN13+CB13 -> 9619.376 | CM13: =+CE13-CI13 -> -1803.2364 | CN13: =+CI13/CE13*100-100 -> 23.070679 | CO13: =SUM(CP13:CR13) -> 1302.6899 | CP13: =+[1]Аппарат!CP13 -> 0 | CQ13: =+[1]Аппарат!CQ13 -> 0 | CR13: =+[1]Аппарат!CR13 -> 1302.6899 | CS13: =SUM(CT13:CV13) -> 1305.772 | CT13: =+[1]Аппарат!CT13 -> 0 | CU13: =+[1]Аппарат!CU13 -> 0 | CV13: =+[1]Аппарат!CV13 -> 1305.772 | CW13: =+CO13-CS13 -> -3.0820678 | CX13: =+CS13/CO13*100-100 -> 0.23659259 | CY13: =SUM(CZ13:DB13) -> 1302.6899 | CZ13: =+[1]Аппарат!CZ13 -> 0 | DA13: =+[1]Аппарат!DA13 -> 0 | DB13: =+[1]Аппарат!DB13 -> 1302.6899 | DC13: =SUM(DD13:DF13) -> 1278.907 | DD13: =+[1]Аппарат!DD13 -> 0 | DE13: =+[1]Аппарат!DE13 -> 0 | DF13: =+[1]Аппарат!DF13 -> 1278.907 | DG13: =+CY13-DC13 -> 23.782932 | DH13: =+DC13/CY13*100-100 -> -1.8256787 | DI13: =SUM(DJ13:DL13) -> 1302.6899 | DJ13: =+[1]Аппарат!DJ13 -> 0 | DK13: =+[1]Аппарат!DK13 -> 0 | DL13: =+[1]Аппарат!DL13 -> 1302.6899 | DM13: =SUM(DN13:DP13) -> 1278.842 | DN13: =+[1]Аппарат!DN13 -> 0 | DO13: =+[1]Аппарат!DO13 -> 0 | DP13: =+[1]Аппарат!DP13 -> 1278.842 | DQ13: =+DI13-DM13 -> 23.847932 | DR13: =+DM13/DI13*100-100 -> -1.8306683 | DS13: =SUM(DT13:DV13) -> 3908.0698 | DT13: =+CP13+CZ13+DJ13 -> 0 | DU13: =+CQ13+DA13+DK13 -> 0 | DV13: =+CR13+DB13+DL13 -> 3908.0698 | DW13: =SUM(DX13:DZ13) -> 3863.521 | DX13: =+CT13+DD13+DN13 -> 0 | DY13: =+CU13+DE13+DO13 -> 0 | DZ13: =+CV13+DF13+DP13 -> 3863.521 | EA13: =+DS13-DW13 -> 44.548797 | EB13: =+DW13/DS13*100-100 -> -1.1399181 | EC13: =SUM(ED13:EF13) -> 11724.209 | ED13: =+CF13+DT13 -> 0 | EE13: =+CG13+DU13 -> 0 | EF13: =+CH13+DV13 -> 11724.209 | EG13: =SUM(EH13:EJ13) -> 13482.897 | EH13: =+CJ13+DX13 -> 0 | EI13: =+CK13+DY13 -> 0 | EJ13: =+CL13+DZ13 -> 13482.897 | EK13: =+EC13-EG13 -> -1758.6877 | EL13: =+EG13/EC13*100-100 -> 15.00048 | EM13: =SUM(EN13:EP13) -> 1302.6899 | EN13: =+[1]Аппарат!EN13 -> 0 | EO13: =+[1]Аппарат!EO13 -> 0 | EP13: =+[1]Аппарат!EP13 -> 1302.6899 | EQ13: =SUM(ER13:ET13) -> 1831.5114 | ER13: =+[1]Аппарат!ER13 -> 0 | ES13: =+[1]Аппарат!ES13 -> 0 | ET13: =+[1]Аппарат!ET13 -> 1831.5114 | EU13: =+EM13-EQ13 -> -528.82146 | EV13: =+EQ13/EM13*100-100 -> 40.594576 | EW13: =SUM(EX13:EZ13) -> 1302.6899 | EX13: =+[1]Аппарат!EX13 -> 0 | EY13: =+[1]Аппарат!EY13 -> 0 | EZ13: =+[1]Аппарат!EZ13 -> 1302.6899 | FA13: =SUM(FB13:FD13) -> 1175.328 | FB13: =+[1]Аппарат!FB13 -> 0 | FC13: =+[1]Аппарат!FC13 -> 0 | FD13: =+[1]Аппарат!FD13 -> 1175.328 | FE13: =+EW13-FA13 -> 127.36193 | FF13: =+FA13/EW13*100-100 -> -9.7768417 | FG13: =SUM(FH13:FJ13) -> 1302.6899 | FH13: =+[1]Аппарат!FH13 -> 0 | FI13: =+[1]Аппарат!FI13 -> 0 | FJ13: =+[1]Аппарат!FJ13 -> 1302.6899 | FK13: =SUM(FL13:FN13) -> 1838.122 | FL13: =+[1]Аппарат!FL13 -> 0 | FM13: =+[1]Аппарат!FM13 -> 0 | FN13: =+[1]Аппарат!FN13 -> 1838.122 | FO13: =+FG13-FK13 -> -535.43207 | FP13: =+FK13/FG13*100-100 -> 41.102035 | FQ13: =SUM(FR13:FT13) -> 3908.0698 | FR13: =+EN13+EX13+FH13 -> 0 | FS13: =+EO13+EY13+FI13 -> 0 | FT13: =+EP13+EZ13+FJ13 -> 3908.0698 | FU13: =SUM(FV13:FX13) -> 4844.9614 | FV13: =+ER13+FB13+FL13 -> 0 | FW13: =+ES13+FC13+FM13 -> 0 | FX13: =+ET13+FD13+FN13 -> 4844.9614 | FY13: =+FQ13-FU13 -> -936.89159 | FZ13: =+FU13/FQ13*100-100 -> 23.973256 | GA13: =SUM(GB13:GD13) -> 7816.1396 | GB13: =+DT13+FR13 -> 0 | GC13: =+DU13+FS13 -> 0 | GD13: =+DV13+FT13 -> 7816.1396 | GE13: =SUM(GF13:GH13) -> 8708.4824 | GF13: =+DX13+FV13 -> 0 | GG13: =+DY13+FW13 -> 0 | GH13: =+DZ13+FX13 -> 8708.4824 | GI13: =+GA13-GE13 -> -892.3428 | GJ13: =+GE13/GA13*100-100 -> 11.416669 | GK13: =SUM(GL13:GN13) -> 15632.279 | GL13: =+ED13+FR13 -> 0 | GM13: =+EE13+FS13 -> 0 | GN13: =+EF13+FT13 -> 15632.279 | GO13: =SUM(GP13:GR13) -> 18327.858 | GP13: =+EH13+FV13 -> 0 | GQ13: =+EI13+FW13 -> 0 | GR13: =+EJ13+FX13 -> 18327.858 | GS13: =+GK13-GO13 -> -2695.5792 | GT13: =+GO13/GK13*100-100 -> 17.243674 | GV13: =+GK13 -> 15632.279 | GX13: =+GW13-CI13 -> -9619.376
B14: Прочие продажи | C14: =SUM(D14:F14) -> 9447.821 | D14: =SUM(D15:D19) -> 7936.005 | E14: =SUM(E15:E19) -> 17.506 | F14: =SUM(F15:F19) -> 1494.31 | G14: =SUM(H14:J14) -> 9900.9047 | H14: =SUM(H15:H19) -> 7927.235 | I14: =SUM(I15:I19) -> 118.8457 | J14: =SUM(J15:J19) -> 1854.824 | K14: =+C14-G14 -> -453.08374 | L14: =+G14/C14*100-100 -> 4.7956427 | M14: =SUM(N14:P14) -> 7783.489 | N14: =SUM(N15:N19) -> 4845.573 | O14: =SUM(O15:O19) -> 17.506 | P14: =SUM(P15:P19) -> 2920.41 | Q14: =SUM(R14:T14) -> 7507.2399 | R14: =SUM(R15:R19) -> 4853.613 | S14: =SUM(S15:S19) -> 141.3283 | T14: =SUM(T15:T19) -> 2512.2986 | U14: =+M14-Q14 -> 276.24913 | V14: =+Q14/M14*100-100 -> -3.5491684 | W14: =SUM(X14:Z14) -> 9423.837 | X14: =SUM(X15:X19) -> 5618.591 | Y14: =SUM(Y15:Y19) -> 17.506 | Z14: =SUM(Z15:Z19) -> 3787.74 | AA14: =SUM(AB14:AD14) -> 13338.851 | AB14: =SUM(AB15:AB19) -> 5618.551 | AC14: =SUM(AC15:AC19) -> 277.86022 | AD14: =SUM(AD15:AD19) -> 7442.4402 | AE14: =+W14-AA14 -> -3915.0144 | AF14: =+AA14/W14*100-100 -> 41.543741 | AG14: =SUM(AH14:AJ14) -> 26655.147 | AH14: =SUM(AH15:AH19) -> 18400.169 | AI14: =SUM(AI15:AI19) -> 52.518 | AJ14: =SUM(AJ15:AJ19) -> 8202.46 | AK14: =SUM(AL14:AN14) -> 30746.996 | AL14: =SUM(AL15:AL19) -> 18399.399 | AM14: =SUM(AM15:AM19) -> 538.03422 | AN14: =SUM(AN15:AN19) -> 11809.563 | AO14: =+AG14-AK14 -> -4091.849 | AP14: =+AK14/AG14*100-100 -> 15.351065 | AQ14: =SUM(AR14:AT14) -> 4432.398 | AR14: =SUM(AR15:AR19) -> 1660.342 | AS14: =SUM(AS15:AS19) -> 21.806 | AT14: =SUM(AT15:AT19) -> 2750.25 | AU14: =SUM(AV14:AX14) -> 5312.8424 | AV14: =SUM(AV15:AV19) -> 1704.5928 | AW14: =SUM(AW15:AW19) -> 199.9288 | AX14: =SUM(AX15:AX19) -> 3408.3208 | AY14: =+AQ14-AU14 -> -880.44438 | AZ14: =+AU14/AQ14*100-100 -> 19.863839 | BA14: =SUM(BB14:BD14) -> 5524.625 | BB14: =SUM(BB15:BB19) -> 2485.009 | BC14: =SUM(BC15:BC19) -> 12.006 | BD14: =SUM(BD15:BD19) -> 3027.61 | BE14: =SUM(BF14:BH14) -> 5994.6671 | BF14: =SUM(BF15:BF19) -> 2675.16 | BG14: =SUM(BG15:BG19) -> 218.33611 | BH14: =SUM(BH15:BH19) -> 3101.171 | BI14: =+BA14-BE14 -> -470.04211 | BJ14: =+BE14/BA14*100-100 -> 8.508127 | BK14: =SUM(BL14:BN14) -> 4653.586 | BL14: =SUM(BL15:BL19) -> 565.5 | BM14: =SUM(BM15:BM19) -> 12.006 | BN14: =SUM(BN15:BN19) -> 4076.08 | BO14: =SUM(BP14:BR14) -> 11959.445 | BP14: =SUM(BP15:BP19) -> 4384.969 | BQ14: =SUM(BQ15:BQ19) -> 485.46175 | BR14: =SUM(BR15:BR19) -> 7089.0143 | BS14: =+BK14-BO14 -> -7305.859 | BT14: =+BO14/BK14*100-100 -> 156.99418 | BU14: =SUM(BV14:BX14) -> 14610.609 | BV14: =SUM(BV15:BV19) -> 4710.851 | BW14: =SUM(BW15:BW19) -> 45.818 | BX14: =SUM(BX15:BX19) -> 9853.94 | BY14: =SUM(BZ14:CB14) -> 23266.955 | BZ14: =SUM(BZ15:BZ19) -> 8764.7218 | CA14: =SUM(CA15:CA19) -> 903.72666 | CB14: =SUM(CB15:CB19) -> 13598.506 | CC14: =+BU14-BY14 -> -8656.3455 | CD14: =+BY14/BU14*100-100 -> 59.246986 | CE14: =SUM(CF14:CH14) -> 41265.756 | CF14: =SUM(CF15:CF19) -> 23111.02 | CG14: =SUM(CG15:CG19) -> 98.336 | CH14: =SUM(CH15:CH19) -> 18056.4 | CI14: =SUM(CJ14:CL14) -> 54013.951 | CJ14: =SUM(CJ15:CJ19) -> 27164.121 | CK14: =SUM(CK15:CK19) -> 1441.7609 | CL14: =SUM(CL15:CL19) -> 25408.069 | CM14: =+CE14-CI14 -> -12748.195 | CN14: =+CI14/CE14*100-100 -> 30.892914 | CO14: =SUM(CP14:CR14) -> 6710.986 | CP14: =SUM(CP15:CP19) -> 2965.5 | CQ14: =SUM(CQ15:CQ19) -> 12.006 | CR14: =SUM(CR15:CR19) -> 3733.48 | CS14: =SUM(CT14:CV14) -> 10198.622 | CT14: =SUM(CT15:CT19) -> 5828.9187 | CU14: =SUM(CU15:CU19) -> 431.10541 | CV14: =SUM(CV15:CV19) -> 3938.5975 | CW14: =+CO14-CS14 -> -3487.6356 | CX14: =+CS14/CO14*100-100 -> 51.969049 | CY14: =SUM(CZ14:DB14) -> 6733.886 | CZ14: =SUM(CZ15:CZ19) -> 2965.5 | DA14: =SUM(DA15:DA19) -> 12.006 | DB14: =SUM(DB15:DB19) -> 3756.38 | DC14: =SUM(DD14:DF14) -> 8680.2165 | DD14: =SUM(DD15:DD19) -> 2998.5561 | DE14: =SUM(DE15:DE19) -> 295.54642 | DF14: =SUM(DF15:DF19) -> 5386.1139 | DG14: =+CY14-DC14 -> -1946.3305 | DH14: =+DC14/CY14*100-100 -> 28.903526 | DI14: =SUM(DJ14:DL14) -> 7749.346 | DJ14: =SUM(DJ15:DJ19) -> 2965.5 | DK14: =SUM(DK15:DK19) -> 12.006 | DL14: =SUM(DL15:DL19) -> 4771.84 | DM14: =SUM(DN14:DP14) -> 24059.277 | DN14: =SUM(DN15:DN19) -> 16847.124 | DO14: =SUM(DO15:DO19) -> 351.64039 | DP14: =SUM(DP15:DP19) -> 6860.5131 | DQ14: =+DI14-DM14 -> -16309.931 | DR14: =+DM14/DI14*100-100 -> 210.46848 | DS14: =SUM(DT14:DV14) -> 21194.218 | DT14: =SUM(DT15:DT19) -> 8896.5 | DU14: =SUM(DU15:DU19) -> 36.018 | DV14: =SUM(DV15:DV19) -> 12261.7 | DW14: =SUM(DX14:DZ14) -> 42938.115 | DX14: =SUM(DX15:DX19) -> 25674.598 | DY14: =SUM(DY15:DY19) -> 1078.2922 | DZ14: =SUM(DZ15:DZ19) -> 16185.225 | EA14: =+DS14-DW14 -> -21743.897 | EB14: =+DW14/DS14*100-100 -> 102.59353 | EC14: =SUM(ED14:EF14) -> 62459.974 | ED14: =SUM(ED15:ED19) -> 32007.52 | EE14: =SUM(EE15:EE19) -> 134.354 | EF14: =SUM(EF15:EF19) -> 30318.1 | EG14: =SUM(EH14:EJ14) -> 96952.066 | EH14: =SUM(EH15:EH19) -> 52838.719 | EI14: =SUM(EI15:EI19) -> 2520.0531 | EJ14: =SUM(EJ15:EJ19) -> 41593.293 | EK14: =+EC14-EG14 -> -34492.092 | EL14: =+EG14/EC14*100-100 -> 55.222712 | EM14: =SUM(EN14:EP14) -> 6842.976 | EN14: =SUM(EN15:EN19) -> 2950.5 | EO14: =SUM(EO15:EO19) -> 12.006 | EP14: =SUM(EP15:EP19) -> 3880.47 | EQ14: =SUM(ER14:ET14) -> 14420.198 | ER14: =SUM(ER15:ER19) -> 8486.734 | ES14: =SUM(ES15:ES19) -> 609.32404 | ET14: =SUM(ET15:ET19) -> 5324.1398 | EU14: =+EM14-EQ14 -> -7577.2218 | EV14: =+EQ14/EM14*100-100 -> 110.72992 | EW14: =SUM(EX14:EZ14) -> 7415.226 | EX14: =SUM(EX15:EX19) -> 3166.39 | EY14: =SUM(EY15:EY19) -> 19.156 | EZ14: =SUM(EZ15:EZ19) -> 4229.68 | FA14: =SUM(FB14:FD14) -> 12007.946 | FB14: =SUM(FB15:FB19) -> 8837.3767 | FC14: =SUM(FC15:FC19) -> 451.40673 | FD14: =SUM(FD15:FD19) -> 2719.1628 | FE14: =+EW14-FA14 -> -4592.7202 | FF14: =+FA14/EW14*100-100 -> 61.936348 | FG14: =SUM(FH14:FJ14) -> 9779.286 | FH14: =SUM(FH15:FH19) -> 2950.5 | FI14: =SUM(FI15:FI19) -> 12.006 | FJ14: =SUM(FJ15:FJ19) -> 6816.78 | FK14: =SUM(FL14:FN14) -> 18499.039 | FL14: =SUM(FL15:FL19) -> 5972.5125 | FM14: =SUM(FM15:FM19) -> 332.25524 | FN14: =SUM(FN15:FN19) -> 12194.272 | FO14: =+FG14-FK14 -> -8719.7533 | FP14: =+FK14/FG14*100-100 -> 89.165541 | FQ14: =SUM(FR14:FT14) -> 24037.488 | FR14: =SUM(FR15:FR19) -> 9067.39 | FS14: =SUM(FS15:FS19) -> 43.168 | FT14: =SUM(FT15:FT19) -> 14926.93 | FU14: =SUM(FV14:FX14) -> 44927.183 | FV14: =SUM(FV15:FV19) -> 23296.623 | FW14: =SUM(FW15:FW19) -> 1392.986 | FX14: =SUM(FX15:FX19) -> 20237.574 | FY14: =+FQ14-FU14 -> -20889.695 | FZ14: =+FU14/FQ14*100-100 -> 86.904652 | GA14: =SUM(GB14:GD14) -> 45231.706 | GB14: =SUM(GB15:GB19) -> 17963.89 | GC14: =SUM(GC15:GC19) -> 79.186 | GD14: =SUM(GD15:GD19) -> 27188.63 | GE14: =SUM(GF14:GH14) -> 87865.298 | GF14: =SUM(GF15:GF19) -> 48971.221 | GG14: =SUM(GG15:GG19) -> 2471.2782 | GH14: =SUM(GH15:GH19) -> 36422.799 | GI14: =+GA14-GE14 -> -42633.592 | GJ14: =+GE14/GA14*100-100 -> 94.25599 | GK14: =SUM(GL14:GN14) -> 86497.462 | GL14: =SUM(GL15:GL19) -> 41074.91 | GM14: =SUM(GM15:GM19) -> 177.522 | GN14: =SUM(GN15:GN19) -> 45245.03 | GO14: =SUM(GP14:GR14) -> 141879.25 | GP14: =SUM(GP15:GP19) -> 76135.342 | GQ14: =SUM(GQ15:GQ19) -> 3913.0391 | GR14: =SUM(GR15:GR19) -> 61830.868 | GS14: =+GK14-GO14 -> -55381.787 | GT14: =+GO14/GK14*100-100 -> 64.027066 | GV14: =+GK14 -> 86497.462 | GX14: =+GW14-CI14 -> -54013.951
B15: Информационное обслуживание по Агентскому договору (програмное обеспечение ЭК и ДЗО) | C15: =SUM(D15:F15) -> 0 | D15: =+[1]Аппарат!D15 -> 0 | E15: =+[1]Аппарат!E15 -> 0 | F15: =+[1]Аппарат!F15 -> 0 | G15: =SUM(H15:J15) -> 0 | H15: =+[1]Аппарат!H15 -> 0 | I15: =+[1]Аппарат!I15 -> 0 | J15: =+[1]Аппарат!J15 -> 0 | K15: =+C15-G15 -> 0 | L15: =+G15/C15*100-100 -> #DIV/0! | M15: =SUM(N15:P15) -> 0 | N15: =+[1]Аппарат!N15 -> 0 | O15: =+[1]Аппарат!O15 -> 0 | P15: =+[1]Аппарат!P15 -> 0 | Q15: =SUM(R15:T15) -> 0 | R15: =+[1]Аппарат!R15 -> 0 | S15: =+[1]Аппарат!S15 -> 0 | T15: =+[1]Аппарат!T15 -> 0 | U15: =+M15-Q15 -> 0 | V15: =+Q15/M15*100-100 -> #DIV/0! | W15: =SUM(X15:Z15) -> 0 | X15: =+[1]Аппарат!X15 -> 0 | Y15: =+[1]Аппарат!Y15 -> 0 | Z15: =+[1]Аппарат!Z15 -> 0 | AA15: =SUM(AB15:AD15) -> 67.755 | AB15: =+[1]Аппарат!AB15 -> 0 | AC15: =+[1]Аппарат!AC15 -> 0 | AD15: =+[1]Аппарат!AD15 -> 67.755 | AE15: =+W15-AA15 -> -67.755 | AF15: =+AA15/W15*100-100 -> #DIV/0! | AG15: =SUM(AH15:AJ15) -> 0 | AH15: =+D15+N15+X15 -> 0 | AI15: =+E15+O15+Y15 -> 0 | AJ15: =+F15+P15+Z15 -> 0 | AK15: =SUM(AL15:AN15) -> 67.755 | AL15: =+H15+R15+AB15 -> 0 | AM15: =+I15+S15+AC15 -> 0 | AN15: =+J15+T15+AD15 -> 67.755 | AO15: =+AG15-AK15 -> -67.755 | AP15: =+AK15/AG15*100-100 -> #DIV/0! | AQ15: =SUM(AR15:AT15) -> 0 | AR15: =+[1]Аппарат!AR15 -> 0 | AS15: =+[1]Аппарат!AS15 -> 0 | AT15: =+[1]Аппарат!AT15 -> 0 | AU15: =SUM(AV15:AX15) -> 0 | AV15: =+[1]Аппарат!AV15 -> 0 | AW15: =+[1]Аппарат!AW15 -> 0 | AX15: =+[1]Аппарат!AX15 -> 0 | AY15: =+AQ15-AU15 -> 0 | AZ15: =+AU15/AQ15*100-100 -> #DIV/0! | BA15: =SUM(BB15:BD15) -> 0 | BB15: =+[1]Аппарат!BB15 -> 0 | BC15: =+[1]Аппарат!BC15 -> 0 | BD15: =+[1]Аппарат!BD15 -> 0 | BE15: =SUM(BF15:BH15) -> 0 | BF15: =+[1]Аппарат!BF15 -> 0 | BG15: =+[1]Аппарат!BG15 -> 0 | BH15: =+[1]Аппарат!BH15 -> 0 | BI15: =+BA15-BE15 -> 0 | BJ15: =+BE15/BA15*100-100 -> #DIV/0! | BK15: =SUM(BL15:BN15) -> 0 | BL15: =+[1]Аппарат!BL15 -> 0 | BM15: =+[1]Аппарат!BM15 -> 0 | BN15: =+[1]Аппарат!BN15 -> 0 | BO15: =SUM(BP15:BR15) -> 0 | BP15: =+[1]Аппарат!BP15 -> 0 | BQ15: =+[1]Аппарат!BQ15 -> 0 | BR15: =+[1]Аппарат!BR15 -> 0 | BS15: =+BK15-BO15 -> 0 | BT15: =+BO15/BK15*100-100 -> #DIV/0! | BU15: =SUM(BV15:BX15) -> 0 | BV15: =+AR15+BB15+BL15 -> 0 | BW15: =+AS15+BC15+BM15 -> 0 | BX15: =+AT15+BD15+BN15 -> 0 | BY15: =SUM(BZ15:CB15) -> 0 | BZ15: =+AV15+BF15+BP15 -> 0 | CA15: =+AW15+BG15+BQ15 -> 0 | CB15: =+AX15+BH15+BR15 -> 0 | CC15: =+BU15-BY15 -> 0 | CD15: =+BY15/BU15*100-100 -> #DIV/0! | CE15: =SUM(CF15:CH15) -> 0 | CF15: =+AH15+BV15 -> 0 | CG15: =+AI15+BW15 -> 0 | CH15: =+AJ15+BX15 -> 0 | CI15: =SUM(CJ15:CL15) -> 67.755 | CJ15: =+AL15+BZ15 -> 0 | CK15: =+AM15+CA15 -> 0 | CL15: =+AN15+CB15 -> 67.755 | CM15: =+CE15-CI15 -> -67.755 | CN15: =+CI15/CE15*100-100 -> #DIV/0! | CO15: =SUM(CP15:CR15) -> 0 | CP15: =+[1]Аппарат!CP15 -> 0 | CQ15: =+[1]Аппарат!CQ15 -> 0 | CR15: =+[1]Аппарат!CR15 -> 0 | CS15: =SUM(CT15:CV15) -> 0 | CT15: =+[1]Аппарат!CT15 -> 0 | CU15: =+[1]Аппарат!CU15 -> 0 | CV15: =+[1]Аппарат!CV15 -> 0 | CW15: =+CO15-CS15 -> 0 | CX15: =+CS15/CO15*100-100 -> #DIV/0! | CY15: =SUM(CZ15:DB15) -> 0 | CZ15: =+[1]Аппарат!CZ15 -> 0 | DA15: =+[1]Аппарат!DA15 -> 0 | DB15: =+[1]Аппарат!DB15 -> 0 | DC15: =SUM(DD15:DF15) -> 0 | DD15: =+[1]Аппарат!DD15 -> 0 | DE15: =+[1]Аппарат!DE15 -> 0 | DF15: =+[1]Аппарат!DF15 -> 0 | DG15: =+CY15-DC15 -> 0 | DH15: =+DC15/CY15*100-100 -> #DIV/0! | DI15: =SUM(DJ15:DL15) -> 0 | DJ15: =+[1]Аппарат!DJ15 -> 0 | DK15: =+[1]Аппарат!DK15 -> 0 | DL15: =+[1]Аппарат!DL15 -> 0 | DM15: =SUM(DN15:DP15) -> 0 | DN15: =+[1]Аппарат!DN15 -> 0 | DO15: =+[1]Аппарат!DO15 -> 0 | DP15: =+[1]Аппарат!DP15 -> 0 | DQ15: =+DI15-DM15 -> 0 | DR15: =+DM15/DI15*100-100 -> #DIV/0! | DS15: =SUM(DT15:DV15) -> 0 | DT15: =+CP15+CZ15+DJ15 -> 0 | DU15: =+CQ15+DA15+DK15 -> 0 | DV15: =+CR15+DB15+DL15 -> 0 | DW15: =SUM(DX15:DZ15) -> 0 | DX15: =+CT15+DD15+DN15 -> 0 | DY15: =+CU15+DE15+DO15 -> 0 | DZ15: =+CV15+DF15+DP15 -> 0 | EA15: =+DS15-DW15 -> 0 | EB15: =+DW15/DS15*100-100 -> #DIV/0! | EC15: =SUM(ED15:EF15) -> 0 | ED15: =+CF15+DT15 -> 0 | EE15: =+CG15+DU15 -> 0 | EF15: =+CH15+DV15 -> 0 | EG15: =SUM(EH15:EJ15) -> 67.755 | EH15: =+CJ15+DX15 -> 0 | EI15: =+CK15+DY15 -> 0 | EJ15: =+CL15+DZ15 -> 67.755 | EK15: =+EC15-EG15 -> -67.755 | EL15: =+EG15/EC15*100-100 -> #DIV/0! | EM15: =SUM(EN15:EP15) -> 0 | EN15: =+[1]Аппарат!EN15 -> 0 | EO15: =+[1]Аппарат!EO15 -> 0 | EP15: =+[1]Аппарат!EP15 -> 0 | EQ15: =SUM(ER15:ET15) -> 0 | ER15: =+[1]Аппарат!ER15 -> 0 | ES15: =+[1]Аппарат!ES15 -> 0 | ET15: =+[1]Аппарат!ET15 -> 0 | EU15: =+EM15-EQ15 -> 0 | EV15: =+EQ15/EM15*100-100 -> #DIV/0! | EW15: =SUM(EX15:EZ15) -> 0 | EX15: =+[1]Аппарат!EX15 -> 0 | EY15: =+[1]Аппарат!EY15 -> 0 | EZ15: =+[1]Аппарат!EZ15 -> 0 | FA15: =SUM(FB15:FD15) -> 0 | FB15: =+[1]Аппарат!FB15 -> 0 | FC15: =+[1]Аппарат!FC15 -> 0 | FD15: =+[1]Аппарат!FD15 -> 0 | FE15: =+EW15-FA15 -> 0 | FF15: =+FA15/EW15*100-100 -> #DIV/0! | FG15: =SUM(FH15:FJ15) -> 0 | FH15: =+[1]Аппарат!FH15 -> 0 | FI15: =+[1]Аппарат!FI15 -> 0 | FJ15: =+[1]Аппарат!FJ15 -> 0 | FK15: =SUM(FL15:FN15) -> 0 | FL15: =+[1]Аппарат!FL15 -> 0 | FM15: =+[1]Аппарат!FM15 -> 0 | FN15: =+[1]Аппарат!FN15 -> 0 | FO15: =+FG15-FK15 -> 0 | FP15: =+FK15/FG15*100-100 -> #DIV/0! | FQ15: =SUM(FR15:FT15) -> 0 | FR15: =+EN15+EX15+FH15 -> 0 | FS15: =+EO15+EY15+FI15 -> 0 | FT15: =+EP15+EZ15+FJ15 -> 0 | FU15: =SUM(FV15:FX15) -> 0 | FV15: =+ER15+FB15+FL15 -> 0 | FW15: =+ES15+FC15+FM15 -> 0 | FX15: =+ET15+FD15+FN15 -> 0 | FY15: =+FQ15-FU15 -> 0 | FZ15: =+FU15/FQ15*100-100 -> #DIV/0! | GA15: =SUM(GB15:GD15) -> 0 | GB15: =+DT15+FR15 -> 0 | GC15: =+DU15+FS15 -> 0 | GD15: =+DV15+FT15 -> 0 | GE15: =SUM(GF15:GH15) -> 0 | GF15: =+DX15+FV15 -> 0 | GG15: =+DY15+FW15 -> 0 | GH15: =+DZ15+FX15 -> 0 | GI15: =+GA15-GE15 -> 0 | GJ15: =+GE15/GA15*100-100 -> #DIV/0! | GK15: =SUM(GL15:GN15) -> 0 | GL15: =+ED15+FR15 -> 0 | GM15: =+EE15+FS15 -> 0 | GN15: =+EF15+FT15 -> 0 | GO15: =SUM(GP15:GR15) -> 67.755 | GP15: =+EH15+FV15 -> 0 | GQ15: =+EI15+FW15 -> 0 | GR15: =+EJ15+FX15 -> 67.755 | GS15: =+GK15-GO15 -> -67.755 | GT15: =+GO15/GK15*100-100 -> #DIV/0! | GV15: =+GK15 -> 0 | GX15: =+GW15-CI15 -> -67.755
B16: Согласование проектов, организационно-технические услуги | C16: =SUM(D16:F16) -> 12.006 | D16: =+[1]Аппарат!D16 -> 0 | E16: =+[1]Аппарат!E16 -> 12.006 | F16: =+[1]Аппарат!F16 -> 0 | G16: =SUM(H16:J16) -> 13.559 | H16: =+[1]Аппарат!H16 -> 0 | I16: =+[1]Аппарат!I16 -> 13.559 | J16: =+[1]Аппарат!J16 -> 0 | K16: =+C16-G16 -> -1.553 | L16: =+G16/C16*100-100 -> 12.935199 | M16: =SUM(N16:P16) -> 12.006 | N16: =+[1]Аппарат!N16 -> 0 | O16: =+[1]Аппарат!O16 -> 12.006 | P16: =+[1]Аппарат!P16 -> 0 | Q16: =SUM(R16:T16) -> 10.169 | R16: =+[1]Аппарат!R16 -> 0 | S16: =+[1]Аппарат!S16 -> 10.169 | T16: =+[1]Аппарат!T16 -> 0 | U16: =+M16-Q16 -> 1.837 | V16: =+Q16/M16*100-100 -> -15.300683 | W16: =SUM(X16:Z16) -> 12.006 | X16: =+[1]Аппарат!X16 -> 0 | Y16: =+[1]Аппарат!Y16 -> 12.006 | Z16: =+[1]Аппарат!Z16 -> 0 | AA16: =SUM(AB16:AD16) -> 16.949 | AB16: =+[1]Аппарат!AB16 -> 0 | AC16: =+[1]Аппарат!AC16 -> 16.949 | AD16: =+[1]Аппарат!AD16 -> 0 | AE16: =+W16-AA16 -> -4.943 | AF16: =+AA16/W16*100-100 -> 41.171081 | AG16: =SUM(AH16:AJ16) -> 36.018 | AH16: =+D16+N16+X16 -> 0 | AI16: =+E16+O16+Y16 -> 36.018 | AJ16: =+F16+P16+Z16 -> 0 | AK16: =SUM(AL16:AN16) -> 40.677 | AL16: =+H16+R16+AB16 -> 0 | AM16: =+I16+S16+AC16 -> 40.677 | AN16: =+J16+T16+AD16 -> 0 | AO16: =+AG16-AK16 -> -4.659 | AP16: =+AK16/AG16*100-100 -> 12.935199 | AQ16: =SUM(AR16:AT16) -> 12.006 | AR16: =+[1]Аппарат!AR16 -> 0 | AS16: =+[1]Аппарат!AS16 -> 12.006 | AT16: =+[1]Аппарат!AT16 -> 0 | AU16: =SUM(AV16:AX16) -> 11.01695 | AV16: =+[1]Аппарат!AV16 -> 0 | AW16: =+[1]Аппарат!AW16 -> 11.01695 | AX16: =+[1]Аппарат!AX16 -> 0 | AY16: =+AQ16-AU16 -> 0.98905 | AZ16: =+AU16/AQ16*100-100 -> -8.2379644 | BA16: =SUM(BB16:BD16) -> 12.006 | BB16: =+[1]Аппарат!BB16 -> 0 | BC16: =+[1]Аппарат!BC16 -> 12.006 | BD16: =+[1]Аппарат!BD16 -> 0 | BE16: =SUM(BF16:BH16) -> 16.101 | BF16: =+[1]Аппарат!BF16 -> 0 | BG16: =+[1]Аппарат!BG16 -> 16.101 | BH16: =+[1]Аппарат!BH16 -> 0 | BI16: =+BA16-BE16 -> -4.095 | BJ16: =+BE16/BA16*100-100 -> 34.107946 | BK16: =SUM(BL16:BN16) -> 12.006 | BL16: =+[1]Аппарат!BL16 -> 0 | BM16: =+[1]Аппарат!BM16 -> 12.006 | BN16: =+[1]Аппарат!BN16 -> 0 | BO16: =SUM(BP16:BR16) -> 27.966 | BP16: =+[1]Аппарат!BP16 -> 0 | BQ16: =+[1]Аппарат!BQ16 -> 27.966 | BR16: =+[1]Аппарат!BR16 -> 0 | BS16: =+BK16-BO16 -> -15.96 | BT16: =+BO16/BK16*100-100 -> 132.93353 | BU16: =SUM(BV16:BX16) -> 36.018 | BV16: =+AR16+BB16+BL16 -> 0 | BW16: =+AS16+BC16+BM16 -> 36.018 | BX16: =+AT16+BD16+BN16 -> 0 | BY16: =SUM(BZ16:CB16) -> 55.08395 | BZ16: =+AV16+BF16+BP16 -> 0 | CA16: =+AW16+BG16+BQ16 -> 55.08395 | CB16: =+AX16+BH16+BR16 -> 0 | CC16: =+BU16-BY16 -> -19.06595 | CD16: =+BY16/BU16*100-100 -> 52.934505 | CE16: =SUM(CF16:CH16) -> 72.036 | CF16: =+AH16+BV16 -> 0 | CG16: =+AI16+BW16 -> 72.036 | CH16: =+AJ16+BX16 -> 0 | CI16: =SUM(CJ16:CL16) -> 95.76095 | CJ16: =+AL16+BZ16 -> 0 | CK16: =+AM16+CA16 -> 95.76095 | CL16: =+AN16+CB16 -> 0 | CM16: =+CE16-CI16 -> -23.72495 | CN16: =+CI16/CE16*100-100 -> 32.934852 | CO16: =SUM(CP16:CR16) -> 12.006 | CP16: =+[1]Аппарат!CP16 -> 0 | CQ16: =+[1]Аппарат!CQ16 -> 12.006 | CR16: =+[1]Аппарат!CR16 -> 0 | CS16: =SUM(CT16:CV16) -> 16.949153 | CT16: =+[1]Аппарат!CT16 -> 0 | CU16: =+[1]Аппарат!CU16 -> 16.949153 | CV16: =+[1]Аппарат!CV16 -> 0 | CW16: =+CO16-CS16 -> -4.9431525 | CX16: =+CS16/CO16*100-100 -> 41.172351 | CY16: =SUM(CZ16:DB16) -> 12.006 | CZ16: =+[1]Аппарат!CZ16 -> 0 | DA16: =+[1]Аппарат!DA16 -> 12.006 | DB16: =+[1]Аппарат!DB16 -> 0 | DC16: =SUM(DD16:DF16) -> 18.644 | DD16: =+[1]Аппарат!DD16 -> 0 | DE16: =+[1]Аппарат!DE16 -> 18.644 | DF16: =+[1]Аппарат!DF16 -> 0 | DG16: =+CY16-DC16 -> -6.638 | DH16: =+DC16/CY16*100-100 -> 55.289022 | DI16: =SUM(DJ16:DL16) -> 12.006 | DJ16: =+[1]Аппарат!DJ16 -> 0 | DK16: =+[1]Аппарат!DK16 -> 12.006 | DL16: =+[1]Аппарат!DL16 -> 0 | DM16: =SUM(DN16:DP16) -> 19.491 | DN16: =+[1]Аппарат!DN16 -> 0 | DO16: =+[1]Аппарат!DO16 -> 19.491 | DP16: =+[1]Аппарат!DP16 -> 0 | DQ16: =+DI16-DM16 -> -7.485 | DR16: =+DM16/DI16*100-100 -> 62.343828 | DS16: =SUM(DT16:DV16) -> 36.018 | DT16: =+CP16+CZ16+DJ16 -> 0 | DU16: =+CQ16+DA16+DK16 -> 36.018 | DV16: =+CR16+DB16+DL16 -> 0 | DW16: =SUM(DX16:DZ16) -> 55.084153 | DX16: =+CT16+DD16+DN16 -> 0 | DY16: =+CU16+DE16+DO16 -> 55.084153 | DZ16: =+CV16+DF16+DP16 -> 0 | EA16: =+DS16-DW16 -> -19.066153 | EB16: =+DW16/DS16*100-100 -> 52.935067 | EC16: =SUM(ED16:EF16) -> 108.054 | ED16: =+CF16+DT16 -> 0 | EE16: =+CG16+DU16 -> 108.054 | EF16: =+CH16+DV16 -> 0 | EG16: =SUM(EH16:EJ16) -> 150.8451 | EH16: =+CJ16+DX16 -> 0 | EI16: =+CK16+DY16 -> 150.8451 | EJ16: =+CL16+DZ16 -> 0 | EK16: =+EC16-EG16 -> -42.791102 | EL16: =+EG16/EC16*100-100 -> 39.60159 | EM16: =SUM(EN16:EP16) -> 12.006 | EN16: =+[1]Аппарат!EN16 -> 0 | EO16: =+[1]Аппарат!EO16 -> 12.006 | EP16: =+[1]Аппарат!EP16 -> 0 | EQ16: =SUM(ER16:ET16) -> 19.491 | ER16: =+[1]Аппарат!ER16 -> 0 | ES16: =+[1]Аппарат!ES16 -> 19.491 | ET16: =+[1]Аппарат!ET16 -> 0 | EU16: =+EM16-EQ16 -> -7.485 | EV16: =+EQ16/EM16*100-100 -> 62.343828 | EW16: =SUM(EX16:EZ16) -> 12.006 | EX16: =+[1]Аппарат!EX16 -> 0 | EY16: =+[1]Аппарат!EY16 -> 12.006 | EZ16: =+[1]Аппарат!EZ16 -> 0 | FA16: =SUM(FB16:FD16) -> 29.661 | FB16: =+[1]Аппарат!FB16 -> 0 | FC16: =+[1]Аппарат!FC16 -> 29.661 | FD16: =+[1]Аппарат!FD16 -> 0 | FE16: =+EW16-FA16 -> -17.655 | FF16: =+FA16/EW16*100-100 -> 147.05147 | FG16: =SUM(FH16:FJ16) -> 12.006 | FH16: =+[1]Аппарат!FH16 -> 0 | FI16: =+[1]Аппарат!FI16 -> 12.006 | FJ16: =+[1]Аппарат!FJ16 -> 0 | FK16: =SUM(FL16:FN16) -> 17.796 | FL16: =+[1]Аппарат!FL16 -> 0 | FM16: =+[1]Аппарат!FM16 -> 17.796 | FN16: =+[1]Аппарат!FN16 -> 0 | FO16: =+FG16-FK16 -> -5.79 | FP16: =+FK16/FG16*100-100 -> 48.225887 | FQ16: =SUM(FR16:FT16) -> 36.018 | FR16: =+EN16+EX16+FH16 -> 0 | FS16: =+EO16+EY16+FI16 -> 36.018 | FT16: =+EP16+EZ16+FJ16 -> 0 | FU16: =SUM(FV16:FX16) -> 66.948 | FV16: =+ER16+FB16+FL16 -> 0 | FW16: =+ES16+FC16+FM16 -> 66.948 | FX16: =+ET16+FD16+FN16 -> 0 | FY16: =+FQ16-FU16 -> -30.93 | FZ16: =+FU16/FQ16*100-100 -> 85.87373 | GA16: =SUM(GB16:GD16) -> 72.036 | GB16: =+DT16+FR16 -> 0 | GC16: =+DU16+FS16 -> 72.036 | GD16: =+DV16+FT16 -> 0 | GE16: =SUM(GF16:GH16) -> 122.03215 | GF16: =+DX16+FV16 -> 0 | GG16: =+DY16+FW16 -> 122.03215 | GH16: =+DZ16+FX16 -> 0 | GI16: =+GA16-GE16 -> -49.996153 | GJ16: =+GE16/GA16*100-100 -> 69.404398 | GK16: =SUM(GL16:GN16) -> 144.072 | GL16: =+ED16+FR16 -> 0 | GM16: =+EE16+FS16 -> 144.072 | GN16: =+EF16+FT16 -> 0 | GO16: =SUM(GP16:GR16) -> 217.7931 | GP16: =+EH16+FV16 -> 0 | GQ16: =+EI16+FW16 -> 217.7931 | GR16: =+EJ16+FX16 -> 0 | GS16: =+GK16-GO16 -> -73.721103 | GT16: =+GO16/GK16*100-100 -> 51.169625 | GV16: =+GK16 -> 144.072 | GX16: =+GW16-CI16 -> -95.76095 | HF16: =GO26+GO81 -> 749872.15 | HG16: 750120.9 | HH16: =HF16-HG16 -> -248.74611
B17: Бездоговорное потребление электроэнергии ( неучтенного потребления эл.эн.) | C17: =SUM(D17:F17) -> 7713.525 | D17: =+[1]Аппарат!D17 -> 7713.525 | E17: =+[1]Аппарат!E17 -> 0 | F17: =+[1]Аппарат!F17 -> 0 | G17: =SUM(H17:J17) -> 7713.525 | H17: =+[1]Аппарат!H17 -> 7713.525 | I17: =+[1]Аппарат!I17 -> 0 | J17: =+[1]Аппарат!J17 -> 0 | K17: =+C17-G17 -> 0 | L17: =+G17/C17*100-100 -> 0 | M17: =SUM(N17:P17) -> 4650.733 | N17: =+[1]Аппарат!N17 -> 4650.733 | O17: =+[1]Аппарат!O17 -> 0 | P17: =+[1]Аппарат!P17 -> 0 | Q17: =SUM(R17:T17) -> 4650.733 | R17: =+[1]Аппарат!R17 -> 4650.733 | S17: =+[1]Аппарат!S17 -> 0 | T17: =+[1]Аппарат!T17 -> 0 | U17: =+M17-Q17 -> 0 | V17: =+Q17/M17*100-100 -> 0 | W17: =SUM(X17:Z17) -> 5403.111 | X17: =+[1]Аппарат!X17 -> 5403.111 | Y17: =+[1]Аппарат!Y17 -> 0 | Z17: =+[1]Аппарат!Z17 -> 0 | AA17: =SUM(AB17:AD17) -> 5403.111 | AB17: =+[1]Аппарат!AB17 -> 5403.111 | AC17: =+[1]Аппарат!AC17 -> 0 | AD17: =+[1]Аппарат!AD17 -> 0 | AE17: =+W17-AA17 -> 0 | AF17: =+AA17/W17*100-100 -> 0 | AG17: =SUM(AH17:AJ17) -> 17767.369 | AH17: =+D17+N17+X17 -> 17767.369 | AI17: =+E17+O17+Y17 -> 0 | AJ17: =+F17+P17+Z17 -> 0 | AK17: =SUM(AL17:AN17) -> 17767.369 | AL17: =+H17+R17+AB17 -> 17767.369 | AM17: =+I17+S17+AC17 -> 0 | AN17: =+J17+T17+AD17 -> 0 | AO17: =+AG17-AK17 -> 0 | AP17: =+AK17/AG17*100-100 -> 0 | AQ17: =SUM(AR17:AT17) -> 1462.702 | AR17: =+[1]Аппарат!AR17 -> 1462.702 | AS17: =+[1]Аппарат!AS17 -> 0 | AT17: =+[1]Аппарат!AT17 -> 0 | AU17: =SUM(AV17:AX17) -> 1462.7028 | AV17: =+[1]Аппарат!AV17 -> 1462.7028 | AW17: =+[1]Аппарат!AW17 -> 0 | AX17: =+[1]Аппарат!AX17 -> 0 | AY17: =+AQ17-AU17 -> -0.000805 | AZ17: =+AU17/AQ17*100-100 -> 5.5035134e-05 | BA17: =SUM(BB17:BD17) -> 2485.009 | BB17: =+[1]Аппарат!BB17 -> 2485.009 | BC17: =+[1]Аппарат!BC17 -> 0 | BD17: =+[1]Аппарат!BD17 -> 0 | BE17: =SUM(BF17:BH17) -> 2485.01 | BF17: =+[1]Аппарат!BF17 -> 2485.01 | BG17: =+[1]Аппарат!BG17 -> 0 | BH17: =+[1]Аппарат!BH17 -> 0 | BI17: =+BA17-BE17 -> -0.001 | BJ17: =+BE17/BA17*100-100 -> 4.0241303e-05 | BK17: =SUM(BL17:BN17) -> 550.5 | BL17: =+[1]Аппарат!BL17 -> 550.5 | BM17: =+[1]Аппарат!BM17 -> 0 | BN17: =+[1]Аппарат!BN17 -> 0 | BO17: =SUM(BP17:BR17) -> 4202.959 | BP17: =+[1]Аппарат!BP17 -> 4202.959 | BQ17: =+[1]Аппарат!BQ17 -> 0 | BR17: =+[1]Аппарат!BR17 -> 0 | BS17: =+BK17-BO17 -> -3652.459 | BT17: =+BO17/BK17*100-100 -> 663.48029 | BU17: =SUM(BV17:BX17) -> 4498.211 | BV17: =+AR17+BB17+BL17 -> 4498.211 | BW17: =+AS17+BC17+BM17 -> 0 | BX17: =+AT17+BD17+BN17 -> 0 | BY17: =SUM(BZ17:CB17) -> 8150.6718 | BZ17: =+AV17+BF17+BP17 -> 8150.6718 | CA17: =+AW17+BG17+BQ17 -> 0 | CB17: =+AX17+BH17+BR17 -> 0 | CC17: =+BU17-BY17 -> -3652.4608 | CD17: =+BY17/BU17*100-100 -> 81.198076 | CE17: =SUM(CF17:CH17) -> 22265.58 | CF17: =+AH17+BV17 -> 22265.58 | CG17: =+AI17+BW17 -> 0 | CH17: =+AJ17+BX17 -> 0 | CI17: =SUM(CJ17:CL17) -> 25918.041 | CJ17: =+AL17+BZ17 -> 25918.041 | CK17: =+AM17+CA17 -> 0 | CL17: =+AN17+CB17 -> 0 | CM17: =+CE17-CI17 -> -3652.4608 | CN17: =+CI17/CE17*100-100 -> 16.404068 | CO17: =SUM(CP17:CR17) -> 2950.5 | CP17: =+[1]Аппарат!CP17 -> 2950.5 | CQ17: =+[1]Аппарат!CQ17 -> 0 | CR17: =+[1]Аппарат!CR17 -> 0 | CS17: =SUM(CT17:CV17) -> 5623.7882 | CT17: =+[1]Аппарат!CT17 -> 5623.7882 | CU17: =+[1]Аппарат!CU17 -> 0 | CV17: =+[1]Аппарат!CV17 -> 0 | CW17: =+CO17-CS17 -> -2673.2882 | CX17: =+CS17/CO17*100-100 -> 90.604582 | CY17: =SUM(CZ17:DB17) -> 2950.5 | CZ17: =+[1]Аппарат!CZ17 -> 2950.5 | DA17: =+[1]Аппарат!DA17 -> 0 | DB17: =+[1]Аппарат!DB17 -> 0 | DC17: =SUM(DD17:DF17) -> 2774.874 | DD17: =+[1]Аппарат!DD17 -> 2774.874 | DE17: =+[1]Аппарат!DE17 -> 0 | DF17: =+[1]Аппарат!DF17 -> 0 | DG17: =+CY17-DC17 -> 175.626 | DH17: =+DC17/CY17*100-100 -> -5.9524148 | DI17: =SUM(DJ17:DL17) -> 2950.5 | DJ17: =+[1]Аппарат!DJ17 -> 2950.5 | DK17: =+[1]Аппарат!DK17 -> 0 | DL17: =+[1]Аппарат!DL17 -> 0 | DM17: =SUM(DN17:DP17) -> 16620.778 | DN17: =+[1]Аппарат!DN17 -> 16620.778 | DO17: =+[1]Аппарат!DO17 -> 0 | DP17: =+[1]Аппарат!DP17 -> 0 | DQ17: =+DI17-DM17 -> -13670.278 | DR17: =+DM17/DI17*100-100 -> 463.32073 | DS17: =SUM(DT17:DV17) -> 8851.5 | DT17: =+CP17+CZ17+DJ17 -> 8851.5 | DU17: =+CQ17+DA17+DK17 -> 0 | DV17: =+CR17+DB17+DL17 -> 0 | DW17: =SUM(DX17:DZ17) -> 25019.44 | DX17: =+CT17+DD17+DN17 -> 25019.44 | DY17: =+CU17+DE17+DO17 -> 0 | DZ17: =+CV17+DF17+DP17 -> 0 | EA17: =+DS17-DW17 -> -16167.94 | EB17: =+DW17/DS17*100-100 -> 182.65763 | EC17: =SUM(ED17:EF17) -> 31117.08 | ED17: =+CF17+DT17 -> 31117.08 | EE17: =+CG17+DU17 -> 0 | EF17: =+CH17+DV17 -> 0 | EG17: =SUM(EH17:EJ17) -> 50937.481 | EH17: =+CJ17+DX17 -> 50937.481 | EI17: =+CK17+DY17 -> 0 | EJ17: =+CL17+DZ17 -> 0 | EK17: =+EC17-EG17 -> -19820.401 | EL17: =+EG17/EC17*100-100 -> 63.696211 | EM17: =SUM(EN17:EP17) -> 2950.5 | EN17: =+[1]Аппарат!EN17 -> 2950.5 | EO17: =+[1]Аппарат!EO17 -> 0 | EP17: =+[1]Аппарат!EP17 -> 0 | EQ17: =SUM(ER17:ET17) -> 8264.553 | ER17: =+[1]Аппарат!ER17 -> 8264.553 | ES17: =+[1]Аппарат!ES17 -> 0 | ET17: =+[1]Аппарат!ET17 -> 0 | EU17: =+EM17-EQ17 -> -5314.053 | EV17: =+EQ17/EM17*100-100 -> 180.10686 | EW17: =SUM(EX17:EZ17) -> 2950.5 | EX17: =+[1]Аппарат!EX17 -> 2950.5 | EY17: =+[1]Аппарат!EY17 -> 0 | EZ17: =+[1]Аппарат!EZ17 -> 0 | FA17: =SUM(FB17:FD17) -> 8604.038 | FB17: =+[1]Аппарат!FB17 -> 8604.038 | FC17: =+[1]Аппарат!FC17 -> 0 | FD17: =+[1]Аппарат!FD17 -> 0 | FE17: =+EW17-FA17 -> -5653.538 | FF17: =+FA17/EW17*100-100 -> 191.61288 | FG17: =SUM(FH17:FJ17) -> 2950.5 | FH17: =+[1]Аппарат!FH17 -> 2950.5 | FI17: =+[1]Аппарат!FI17 -> 0 | FJ17: =+[1]Аппарат!FJ17 -> 0 | FK17: =SUM(FL17:FN17) -> 5781.359 | FL17: =+[1]Аппарат!FL17 -> 5781.359 | FM17: =+[1]Аппарат!FM17 -> 0 | FN17: =+[1]Аппарат!FN17 -> 0 | FO17: =+FG17-FK17 -> -2830.859 | FP17: =+FK17/FG17*100-100 -> 95.94506 | FQ17: =SUM(FR17:FT17) -> 8851.5 | FR17: =+EN17+EX17+FH17 -> 8851.5 | FS17: =+EO17+EY17+FI17 -> 0 | FT17: =+EP17+EZ17+FJ17 -> 0 | FU17: =SUM(FV17:FX17) -> 22649.95 | FV17: =+ER17+FB17+FL17 -> 22649.95 | FW17: =+ES17+FC17+FM17 -> 0 | FX17: =+ET17+FD17+FN17 -> 0 | FY17: =+FQ17-FU17 -> -13798.45 | FZ17: =+FU17/FQ17*100-100 -> 155.88827 | GA17: =SUM(GB17:GD17) -> 17703 | GB17: =+DT17+FR17 -> 17703 | GC17: =+DU17+FS17 -> 0 | GD17: =+DV17+FT17 -> 0 | GE17: =SUM(GF17:GH17) -> 47669.39 | GF17: =+DX17+FV17 -> 47669.39 | GG17: =+DY17+FW17 -> 0 | GH17: =+DZ17+FX17 -> 0 | GI17: =+GA17-GE17 -> -29966.39 | GJ17: =+GE17/GA17*100-100 -> 169.27295 | GK17: =SUM(GL17:GN17) -> 39968.58 | GL17: =+ED17+FR17 -> 39968.58 | GM17: =+EE17+FS17 -> 0 | GN17: =+EF17+FT17 -> 0 | GO17: =SUM(GP17:GR17) -> 73587.431 | GP17: =+EH17+FV17 -> 73587.431 | GQ17: =+EI17+FW17 -> 0 | GR17: =+EJ17+FX17 -> 0 | GS17: =+GK17-GO17 -> -33618.851 | GT17: =+GO17/GK17*100-100 -> 84.113198 | GV17: =+GK17 -> 39968.58 | GX17: =+GW17-CI17 -> -25918.041
B18: Прочие (доходы от филиалов) | C18: =SUM(D18:F18) -> 1722.29 | D18: =+[1]Балашиха!D10+[1]Волоколамск!D10+[1]Воскресенск!D10+[1]Дзержинск!D10+[1]Долгопрудный!D10+[1]Зарайск!D10+[1]Кашира!D10+[1]Клин!D10+[1]Красногорск!D10+[1]Лосинка!D10+[1]Луховицы!D10+[1]Люберцы!D10+[1]Озера!D10+[1]Орех!D10+[1]ПавловПосад!D10+[1]Пушкино!D10+[1]Пущино!D10+[1]Раменское!D10+[1]Рошаль!D10+[1]Руза!D10+[1]Серпухов!D10+[1]Талдом!D10+[1]Чехов!D10+[1]Шатура!D10+[1]Электрогорск!D10+[1]Электросталь!D10+[1]Фрязино!D10+[1]Нарофоминск!D10+[1]Звенигород!D10+[1]Истра!D10+[1]Лыткарино!D10+[1]Мытищи!D10+[1]Одинцово!D10+[1]Химки!D10+[1]Ивантеевка!D10 -> 222.48 | E18: =+[1]Филиалы!F11 -> 5.5 | F18: =+[1]Балашиха!E10+[1]Волоколамск!E10+[1]Воскресенск!E10+[1]Дзержинск!E10+[1]Долгопрудный!E10+[1]Зарайск!E10+[1]Кашира!E10+[1]Клин!E10+[1]Красногорск!E10+[1]Лосинка!E10+[1]Луховицы!E10+[1]Люберцы!E10+[1]Озера!E10+[1]Орех!E10+[1]ПавловПосад!E10+[1]Пушкино!E10+[1]Пущино!E10+[1]Раменское!E10+[1]Рошаль!E10+[1]Руза!E10+[1]Серпухов!E10+[1]Талдом!E10+[1]Чехов!E10+[1]Шатура!E10+[1]Электрогорск!E10+[1]Электросталь!E10+[1]Фрязино!E10+[1]Нарофоминск!E10+[1]Звенигород!E10+[1]Истра!E10+[1]Лыткарино!E10+[1]Мытищи!E10+[1]Одинцово!E10+[1]Химки!E10+[1]Ивантеевка!E10 -> 1494.31 | G18: =SUM(H18:J18) -> 2173.8207 | H18: =+[1]Балашиха!H10+[1]Волоколамск!H10+[1]Воскресенск!H10+[1]Дзержинск!H10+[1]Долгопрудный!H10+[1]Зарайск!H10+[1]Кашира!H10+[1]Клин!H10+[1]Красногорск!H10+[1]Лосинка!H10+[1]Луховицы!H10+[1]Люберцы!H10+[1]Озера!H10+[1]Орех!H10+[1]ПавловПосад!H10+[1]Пушкино!H10+[1]Пущино!H10+[1]Раменское!H10+[1]Рошаль!H10+[1]Руза!H10+[1]Серпухов!H10+[1]Талдом!H10+[1]Чехов!H10+[1]Шатура!H10+[1]Электрогорск!H10+[1]Электросталь!H10+[1]Фрязино!H10+[1]Нарофоминск!H10+[1]Звенигород!H10+[1]Истра!H10+[1]Лыткарино!H10+[1]Мытищи!H10+[1]Одинцово!H10+[1]Химки!H10+[1]Ивантеевка!H10 -> 213.71 | I18: =+[1]Филиалы!J11 -> 105.2867 | J18: =+[1]Балашиха!I10+[1]Волоколамск!I10+[1]Воскресенск!I10+[1]Дзержинск!I10+[1]Долгопрудный!I10+[1]Зарайск!I10+[1]Кашира!I10+[1]Клин!I10+[1]Красногорск!I10+[1]Лосинка!I10+[1]Луховицы!I10+[1]Люберцы!I10+[1]Озера!I10+[1]Орех!I10+[1]ПавловПосад!I10+[1]Пушкино!I10+[1]Пущино!I10+[1]Раменское!I10+[1]Рошаль!I10+[1]Руза!I10+[1]Серпухов!I10+[1]Талдом!I10+[1]Чехов!I10+[1]Шатура!I10+[1]Электрогорск!I10+[1]Электросталь!I10+[1]Фрязино!I10+[1]Нарофоминск!I10+[1]Звенигород!I10+[1]Истра!I10+[1]Лыткарино!I10+[1]Мытищи!I10+[1]Одинцово!I10+[1]Химки!I10+[1]Ивантеевка!I10 -> 1854.824 | K18: =+C18-G18 -> -451.53074 | L18: =+G18/C18*100-100 -> 26.216882 | M18: =SUM(N18:P18) -> 3120.75 | N18: =+[1]Балашиха!N10+[1]Волоколамск!N10+[1]Воскресенск!N10+[1]Дзержинск!N10+[1]Долгопрудный!N10+[1]Зарайск!N10+[1]Кашира!N10+[1]Клин!N10+[1]Красногорск!N10+[1]Лосинка!N10+[1]Луховицы!N10+[1]Люберцы!N10+[1]Озера!N10+[1]Орех!N10+[1]ПавловПосад!N10+[1]Пушкино!N10+[1]Пущино!N10+[1]Раменское!N10+[1]Рошаль!N10+[1]Руза!N10+[1]Серпухов!N10+[1]Талдом!N10+[1]Чехов!N10+[1]Шатура!N10+[1]Электрогорск!N10+[1]Электросталь!N10+[1]Фрязино!N10+[1]Нарофоминск!N10+[1]Звенигород!N10+[1]Истра!N10+[1]Лыткарино!N10+[1]Мытищи!N10+[1]Одинцово!N10+[1]Химки!N10+[1]Ивантеевка!N10 -> 194.84 | O18: =+[1]Филиалы!P11 -> 5.5 | P18: =+[1]Балашиха!O10+[1]Волоколамск!O10+[1]Воскресенск!O10+[1]Дзержинск!O10+[1]Долгопрудный!O10+[1]Зарайск!O10+[1]Кашира!O10+[1]Клин!O10+[1]Красногорск!O10+[1]Лосинка!O10+[1]Луховицы!O10+[1]Люберцы!O10+[1]Озера!O10+[1]Орех!O10+[1]ПавловПосад!O10+[1]Пушкино!O10+[1]Пущино!O10+[1]Раменское!O10+[1]Рошаль!O10+[1]Руза!O10+[1]Серпухов!O10+[1]Талдом!O10+[1]Чехов!O10+[1]Шатура!O10+[1]Электрогорск!O10+[1]Электросталь!O10+[1]Фрязино!O10+[1]Нарофоминск!O10+[1]Звенигород!O10+[1]Истра!O10+[1]Лыткарино!O10+[1]Мытищи!O10+[1]Одинцово!O10+[1]Химки!O10+[1]Ивантеевка!O10 -> 2920.41 | Q18: =SUM(R18:T18) -> 2846.3379 | R18: =+[1]Балашиха!R10+[1]Волоколамск!R10+[1]Воскресенск!R10+[1]Дзержинск!R10+[1]Долгопрудный!R10+[1]Зарайск!R10+[1]Кашира!R10+[1]Клин!R10+[1]Красногорск!R10+[1]Лосинка!R10+[1]Луховицы!R10+[1]Люберцы!R10+[1]Озера!R10+[1]Орех!R10+[1]ПавловПосад!R10+[1]Пушкино!R10+[1]Пущино!R10+[1]Раменское!R10+[1]Рошаль!R10+[1]Руза!R10+[1]Серпухов!R10+[1]Талдом!R10+[1]Чехов!R10+[1]Шатура!R10+[1]Электрогорск!R10+[1]Электросталь!R10+[1]Фрязино!R10+[1]Нарофоминск!R10+[1]Звенигород!R10+[1]Истра!R10+[1]Лыткарино!R10+[1]Мытищи!R10+[1]Одинцово!R10+[1]Химки!R10+[1]Ивантеевка!R10 -> 202.88 | S18: =+[1]Филиалы!T11 -> 131.1593 | T18: =+[1]Балашиха!S10+[1]Волоколамск!S10+[1]Воскресенск!S10+[1]Дзержинск!S10+[1]Долгопрудный!S10+[1]Зарайск!S10+[1]Кашира!S10+[1]Клин!S10+[1]Красногорск!S10+[1]Лосинка!S10+[1]Луховицы!S10+[1]Люберцы!S10+[1]Озера!S10+[1]Орех!S10+[1]ПавловПосад!S10+[1]Пушкино!S10+[1]Пущино!S10+[1]Раменское!S10+[1]Рошаль!S10+[1]Руза!S10+[1]Серпухов!S10+[1]Талдом!S10+[1]Чехов!S10+[1]Шатура!S10+[1]Электрогорск!S10+[1]Электросталь!S10+[1]Фрязино!S10+[1]Нарофоминск!S10+[1]Звенигород!S10+[1]Истра!S10+[1]Лыткарино!S10+[1]Мытищи!S10+[1]Одинцово!S10+[1]Химки!S10+[1]Ивантеевка!S10 -> 2512.2986 | U18: =+M18-Q18 -> 274.41213 | V18: =+Q18/M18*100-100 -> -8.7931468 | W18: =SUM(X18:Z18) -> 4008.72 | X18: =+[1]Балашиха!X10+[1]Волоколамск!X10+[1]Воскресенск!X10+[1]Дзержинск!X10+[1]Долгопрудный!X10+[1]Зарайск!X10+[1]Кашира!X10+[1]Клин!X10+[1]Красногорск!X10+[1]Лосинка!X10+[1]Луховицы!X10+[1]Люберцы!X10+[1]Озера!X10+[1]Орех!X10+[1]ПавловПосад!X10+[1]Пушкино!X10+[1]Пущино!X10+[1]Раменское!X10+[1]Рошаль!X10+[1]Руза!X10+[1]Серпухов!X10+[1]Талдом!X10+[1]Чехов!X10+[1]Шатура!X10+[1]Электрогорск!X10+[1]Электросталь!X10+[1]Фрязино!X10+[1]Нарофоминск!X10+[1]Звенигород!X10+[1]Истра!X10+[1]Лыткарино!X10+[1]Мытищи!X10+[1]Одинцово!X10+[1]Химки!X10+[1]Ивантеевка!X10 -> 215.48 | Y18: =+[1]Филиалы!Z11 -> 5.5 | Z18: =+[1]Балашиха!Y10+[1]Волоколамск!Y10+[1]Воскресенск!Y10+[1]Дзержинск!Y10+[1]Долгопрудный!Y10+[1]Зарайск!Y10+[1]Кашира!Y10+[1]Клин!Y10+[1]Красногорск!Y10+[1]Лосинка!Y10+[1]Луховицы!Y10+[1]Люберцы!Y10+[1]Озера!Y10+[1]Орех!Y10+[1]ПавловПосад!Y10+[1]Пушкино!Y10+[1]Пущино!Y10+[1]Раменское!Y10+[1]Рошаль!Y10+[1]Руза!Y10+[1]Серпухов!Y10+[1]Талдом!Y10+[1]Чехов!Y10+[1]Шатура!Y10+[1]Электрогорск!Y10+[1]Электросталь!Y10+[1]Фрязино!Y10+[1]Нарофоминск!Y10+[1]Звенигород!Y10+[1]Истра!Y10+[1]Лыткарино!Y10+[1]Мытищи!Y10+[1]Одинцово!Y10+[1]Химки!Y10+[1]Ивантеевка!Y10 -> 3787.74 | AA18: =SUM(AB18:AD18) -> 7851.0364 | AB18: =+[1]Балашиха!AB10+[1]Волоколамск!AB10+[1]Воскресенск!AB10+[1]Дзержинск!AB10+[1]Долгопрудный!AB10+[1]Зарайск!AB10+[1]Кашира!AB10+[1]Клин!AB10+[1]Красногорск!AB10+[1]Лосинка!AB10+[1]Луховицы!AB10+[1]Люберцы!AB10+[1]Озера!AB10+[1]Орех!AB10+[1]ПавловПосад!AB10+[1]Пушкино!AB10+[1]Пущино!AB10+[1]Раменское!AB10+[1]Рошаль!AB10+[1]Руза!AB10+[1]Серпухов!AB10+[1]Талдом!AB10+[1]Чехов!AB10+[1]Шатура!AB10+[1]Электрогорск!AB10+[1]Электросталь!AB10+[1]Фрязино!AB10+[1]Нарофоминск!AB10+[1]Звенигород!AB10+[1]Истра!AB10+[1]Лыткарино!AB10+[1]Мытищи!AB10+[1]Одинцово!AB10+[1]Химки!AB10+[1]Ивантеевка!AB10 -> 215.44 | AC18: =+[1]Филиалы!AD11 -> 260.91122 | AD18: =+[1]Балашиха!AC10+[1]Волоколамск!AC10+[1]Воскресенск!AC10+[1]Дзержинск!AC10+[1]Долгопрудный!AC10+[1]Зарайск!AC10+[1]Кашира!AC10+[1]Клин!AC10+[1]Красногорск!AC10+[1]Лосинка!AC10+[1]Луховицы!AC10+[1]Люберцы!AC10+[1]Озера!AC10+[1]Орех!AC10+[1]ПавловПосад!AC10+[1]Пушкино!AC10+[1]Пущино!AC10+[1]Раменское!AC10+[1]Рошаль!AC10+[1]Руза!AC10+[1]Серпухов!AC10+[1]Талдом!AC10+[1]Чехов!AC10+[1]Шатура!AC10+[1]Электрогорск!AC10+[1]Электросталь!AC10+[1]Фрязино!AC10+[1]Нарофоминск!AC10+[1]Звенигород!AC10+[1]Истра!AC10+[1]Лыткарино!AC10+[1]Мытищи!AC10+[1]Одинцово!AC10+[1]Химки!AC10+[1]Ивантеевка!AC10 -> 7374.6852 | AE18: =+W18-AA18 -> -3842.3164 | AF18: =+AA18/W18*100-100 -> 95.84896 | AG18: =SUM(AH18:AJ18) -> 8851.76 | AH18: =+D18+N18+X18 -> 632.8 | AI18: =+E18+O18+Y18 -> 16.5 | AJ18: =+F18+P18+Z18 -> 8202.46 | AK18: =SUM(AL18:AN18) -> 12871.195 | AL18: =+H18+R18+AB18 -> 632.03 | AM18: =+I18+S18+AC18 -> 497.35722 | AN18: =+J18+T18+AD18 -> 11741.808 | AO18: =+AG18-AK18 -> -4019.435 | AP18: =+AK18/AG18*100-100 -> 45.408315 | AQ18: =SUM(AR18:AT18) -> 2957.69 | AR18: =+[1]Балашиха!AR10+[1]Волоколамск!AR10+[1]Воскресенск!AR10+[1]Дзержинск!AR10+[1]Долгопрудный!AR10+[1]Зарайск!AR10+[1]Кашира!AR10+[1]Клин!AR10+[1]Красногорск!AR10+[1]Лосинка!AR10+[1]Луховицы!AR10+[1]Люберцы!AR10+[1]Озера!AR10+[1]Орех!AR10+[1]ПавловПосад!AR10+[1]Пушкино!AR10+[1]Пущино!AR10+[1]Раменское!AR10+[1]Рошаль!AR10+[1]Руза!AR10+[1]Серпухов!AR10+[1]Талдом!AR10+[1]Чехов!AR10+[1]Шатура!AR10+[1]Электрогорск!AR10+[1]Электросталь!AR10+[1]Фрязино!AR10+[1]Нарофоминск!AR10+[1]Звенигород!AR10+[1]Истра!AR10+[1]Лыткарино!AR10+[1]Мытищи!AR10+[1]Одинцово!AR10+[1]Химки!AR10+[1]Ивантеевка!AR10 -> 197.64 | AS18: =+[1]Филиалы!AT11 -> 9.8 | AT18: =+[1]Балашиха!AS10+[1]Волоколамск!AS10+[1]Воскресенск!AS10+[1]Дзержинск!AS10+[1]Долгопрудный!AS10+[1]Зарайск!AS10+[1]Кашира!AS10+[1]Клин!AS10+[1]Красногорск!AS10+[1]Лосинка!AS10+[1]Луховицы!AS10+[1]Люберцы!AS10+[1]Озера!AS10+[1]Орех!AS10+[1]ПавловПосад!AS10+[1]Пушкино!AS10+[1]Пущино!AS10+[1]Раменское!AS10+[1]Рошаль!AS10+[1]Руза!AS10+[1]Серпухов!AS10+[1]Талдом!AS10+[1]Чехов!AS10+[1]Шатура!AS10+[1]Электрогорск!AS10+[1]Электросталь!AS10+[1]Фрязино!AS10+[1]Нарофоминск!AS10+[1]Звенигород!AS10+[1]Истра!AS10+[1]Лыткарино!AS10+[1]Мытищи!AS10+[1]Одинцово!AS10+[1]Химки!AS10+[1]Ивантеевка!AS10 -> 2750.25 | AU18: =SUM(AV18:AX18) -> 3839.1226 | AV18: =+[1]Балашиха!AV10+[1]Волоколамск!AV10+[1]Воскресенск!AV10+[1]Дзержинск!AV10+[1]Долгопрудный!AV10+[1]Зарайск!AV10+[1]Кашира!AV10+[1]Клин!AV10+[1]Красногорск!AV10+[1]Лосинка!AV10+[1]Луховицы!AV10+[1]Люберцы!AV10+[1]Озера!AV10+[1]Орех!AV10+[1]ПавловПосад!AV10+[1]Пушкино!AV10+[1]Пущино!AV10+[1]Раменское!AV10+[1]Рошаль!AV10+[1]Руза!AV10+[1]Серпухов!AV10+[1]Талдом!AV10+[1]Чехов!AV10+[1]Шатура!AV10+[1]Электрогорск!AV10+[1]Электросталь!AV10+[1]Фрязино!AV10+[1]Нарофоминск!AV10+[1]Звенигород!AV10+[1]Истра!AV10+[1]Лыткарино!AV10+[1]Мытищи!AV10+[1]Одинцово!AV10+[1]Химки!AV10+[1]Ивантеевка!AV10 -> 241.89 | AW18: =+[1]Филиалы!AX11 -> 188.91185 | AX18: =+[1]Балашиха!AW10+[1]Волоколамск!AW10+[1]Воскресенск!AW10+[1]Дзержинск!AW10+[1]Долгопрудный!AW10+[1]Зарайск!AW10+[1]Кашира!AW10+[1]Клин!AW10+[1]Красногорск!AW10+[1]Лосинка!AW10+[1]Луховицы!AW10+[1]Люберцы!AW10+[1]Озера!AW10+[1]Орех!AW10+[1]ПавловПосад!AW10+[1]Пушкино!AW10+[1]Пущино!AW10+[1]Раменское!AW10+[1]Рошаль!AW10+[1]Руза!AW10+[1]Серпухов!AW10+[1]Талдом!AW10+[1]Чехов!AW10+[1]Шатура!AW10+[1]Электрогорск!AW10+[1]Электросталь!AW10+[1]Фрязино!AW10+[1]Нарофоминск!AW10+[1]Звенигород!AW10+[1]Истра!AW10+[1]Лыткарино!AW10+[1]Мытищи!AW10+[1]Одинцово!AW10+[1]Химки!AW10+[1]Ивантеевка!AW10 -> 3408.3208 | AY18: =+AQ18-AU18 -> -881.43263 | AZ18: =+AU18/AQ18*100-100 -> 29.801387 | BA18: =SUM(BB18:BD18) -> 3027.61 | BB18: =+[1]Балашиха!BB10+[1]Волоколамск!BB10+[1]Воскресенск!BB10+[1]Дзержинск!BB10+[1]Долгопрудный!BB10+[1]Зарайск!BB10+[1]Кашира!BB10+[1]Клин!BB10+[1]Красногорск!BB10+[1]Лосинка!BB10+[1]Луховицы!BB10+[1]Люберцы!BB10+[1]Озера!BB10+[1]Орех!BB10+[1]ПавловПосад!BB10+[1]Пушкино!BB10+[1]Пущино!BB10+[1]Раменское!BB10+[1]Рошаль!BB10+[1]Руза!BB10+[1]Серпухов!BB10+[1]Талдом!BB10+[1]Чехов!BB10+[1]Шатура!BB10+[1]Электрогорск!BB10+[1]Электросталь!BB10+[1]Фрязино!BB10+[1]Нарофоминск!BB10+[1]Звенигород!BB10+[1]Истра!BB10+[1]Лыткарино!BB10+[1]Мытищи!BB10+[1]Одинцово!BB10+[1]Химки!BB10+[1]Ивантеевка!BB10 -> 0 | BC18: =+[1]Филиалы!BD11 -> 0 | BD18: =+[1]Балашиха!BC10+[1]Волоколамск!BC10+[1]Воскресенск!BC10+[1]Дзержинск!BC10+[1]Долгопрудный!BC10+[1]Зарайск!BC10+[1]Кашира!BC10+[1]Клин!BC10+[1]Красногорск!BC10+[1]Лосинка!BC10+[1]Луховицы!BC10+[1]Люберцы!BC10+[1]Озера!BC10+[1]Орех!BC10+[1]ПавловПосад!BC10+[1]Пушкино!BC10+[1]Пущино!BC10+[1]Раменское!BC10+[1]Рошаль!BC10+[1]Руза!BC10+[1]Серпухов!BC10+[1]Талдом!BC10+[1]Чехов!BC10+[1]Шатура!BC10+[1]Электрогорск!BC10+[1]Электросталь!BC10+[1]Фрязино!BC10+[1]Нарофоминск!BC10+[1]Звенигород!BC10+[1]Истра!BC10+[1]Лыткарино!BC10+[1]Мытищи!BC10+[1]Одинцово!BC10+[1]Химки!BC10+[1]Ивантеевка!BC10 -> 3027.61 | BE18: =SUM(BF18:BH18) -> 3493.5561 | BF18: =+[1]Балашиха!BF10+[1]Волоколамск!BF10+[1]Воскресенск!BF10+[1]Дзержинск!BF10+[1]Долгопрудный!BF10+[1]Зарайск!BF10+[1]Кашира!BF10+[1]Клин!BF10+[1]Красногорск!BF10+[1]Лосинка!BF10+[1]Луховицы!BF10+[1]Люберцы!BF10+[1]Озера!BF10+[1]Орех!BF10+[1]ПавловПосад!BF10+[1]Пушкино!BF10+[1]Пущино!BF10+[1]Раменское!BF10+[1]Рошаль!BF10+[1]Руза!BF10+[1]Серпухов!BF10+[1]Талдом!BF10+[1]Чехов!BF10+[1]Шатура!BF10+[1]Электрогорск!BF10+[1]Электросталь!BF10+[1]Фрязино!BF10+[1]Нарофоминск!BF10+[1]Звенигород!BF10+[1]Истра!BF10+[1]Лыткарино!BF10+[1]Мытищи!BF10+[1]Одинцово!BF10+[1]Химки!BF10+[1]Ивантеевка!BF10 -> 190.15 | BG18: =+[1]Филиалы!BH11 -> 202.23511 | BH18: =+[1]Балашиха!BG10+[1]Волоколамск!BG10+[1]Воскресенск!BG10+[1]Дзержинск!BG10+[1]Долгопрудный!BG10+[1]Зарайск!BG10+[1]Кашира!BG10+[1]Клин!BG10+[1]Красногорск!BG10+[1]Лосинка!BG10+[1]Луховицы!BG10+[1]Люберцы!BG10+[1]Озера!BG10+[1]Орех!BG10+[1]ПавловПосад!BG10+[1]Пушкино!BG10+[1]Пущино!BG10+[1]Раменское!BG10+[1]Рошаль!BG10+[1]Руза!BG10+[1]Серпухов!BG10+[1]Талдом!BG10+[1]Чехов!BG10+[1]Шатура!BG10+[1]Электрогорск!BG10+[1]Электросталь!BG10+[1]Фрязино!BG10+[1]Нарофоминск!BG10+[1]Звенигород!BG10+[1]Истра!BG10+[1]Лыткарино!BG10+[1]Мытищи!BG10+[1]Одинцово!BG10+[1]Химки!BG10+[1]Ивантеевка!BG10 -> 3101.171 | BI18: =+BA18-BE18 -> -465.94611 | BJ18: =+BE18/BA18*100-100 -> 15.389899 | BK18: =SUM(BL18:BN18) -> 4091.08 | BL18: =+[1]Балашиха!BL10+[1]Волоколамск!BL10+[1]Воскресенск!BL10+[1]Дзержинск!BL10+[1]Долгопрудный!BL10+[1]Зарайск!BL10+[1]Кашира!BL10+[1]Клин!BL10+[1]Красногорск!BL10+[1]Лосинка!BL10+[1]Луховицы!BL10+[1]Люберцы!BL10+[1]Озера!BL10+[1]Орех!BL10+[1]ПавловПосад!BL10+[1]Пушкино!BL10+[1]Пущино!BL10+[1]Раменское!BL10+[1]Рошаль!BL10+[1]Руза!BL10+[1]Серпухов!BL10+[1]Талдом!BL10+[1]Чехов!BL10+[1]Шатура!BL10+[1]Электрогорск!BL10+[1]Электросталь!BL10+[1]Фрязино!BL10+[1]Нарофоминск!BL10+[1]Звенигород!BL10+[1]Истра!BL10+[1]Лыткарино!BL10+[1]Мытищи!BL10+[1]Одинцово!BL10+[1]Химки!BL10+[1]Ивантеевка!BL10 -> 15 | BM18: =+[1]Филиалы!BN11 -> 0 | BN18: =+[1]Балашиха!BM10+[1]Волоколамск!BM10+[1]Воскресенск!BM10+[1]Дзержинск!BM10+[1]Долгопрудный!BM10+[1]Зарайск!BM10+[1]Кашира!BM10+[1]Клин!BM10+[1]Красногорск!BM10+[1]Лосинка!BM10+[1]Луховицы!BM10+[1]Люберцы!BM10+[1]Озера!BM10+[1]Орех!BM10+[1]ПавловПосад!BM10+[1]Пушкино!BM10+[1]Пущино!BM10+[1]Раменское!BM10+[1]Рошаль!BM10+[1]Руза!BM10+[1]Серпухов!BM10+[1]Талдом!BM10+[1]Чехов!BM10+[1]Шатура!BM10+[1]Электрогорск!BM10+[1]Электросталь!BM10+[1]Фрязино!BM10+[1]Нарофоминск!BM10+[1]Звенигород!BM10+[1]Истра!BM10+[1]Лыткарино!BM10+[1]Мытищи!BM10+[1]Одинцово!BM10+[1]Химки!BM10+[1]Ивантеевка!BM10 -> 4076.08 | BO18: =SUM(BP18:BR18) -> 7728.52 | BP18: =+[1]Балашиха!BP10+[1]Волоколамск!BP10+[1]Воскресенск!BP10+[1]Дзержинск!BP10+[1]Долгопрудный!BP10+[1]Зарайск!BP10+[1]Кашира!BP10+[1]Клин!BP10+[1]Красногорск!BP10+[1]Лосинка!BP10+[1]Луховицы!BP10+[1]Люберцы!BP10+[1]Озера!BP10+[1]Орех!BP10+[1]ПавловПосад!BP10+[1]Пушкино!BP10+[1]Пущино!BP10+[1]Раменское!BP10+[1]Рошаль!BP10+[1]Руза!BP10+[1]Серпухов!BP10+[1]Талдом!BP10+[1]Чехов!BP10+[1]Шатура!BP10+[1]Электрогорск!BP10+[1]Электросталь!BP10+[1]Фрязино!BP10+[1]Нарофоминск!BP10+[1]Звенигород!BP10+[1]Истра!BP10+[1]Лыткарино!BP10+[1]Мытищи!BP10+[1]Одинцово!BP10+[1]Химки!BP10+[1]Ивантеевка!BP10 -> 182.01 | BQ18: =+[1]Филиалы!BR11 -> 457.49575 | BR18: =+[1]Балашиха!BQ10+[1]Волоколамск!BQ10+[1]Воскресенск!BQ10+[1]Дзержинск!BQ10+[1]Долгопрудный!BQ10+[1]Зарайск!BQ10+[1]Кашира!BQ10+[1]Клин!BQ10+[1]Красногорск!BQ10+[1]Лосинка!BQ10+[1]Луховицы!BQ10+[1]Люберцы!BQ10+[1]Озера!BQ10+[1]Орех!BQ10+[1]ПавловПосад!BQ10+[1]Пушкино!BQ10+[1]Пущино!BQ10+[1]Раменское!BQ10+[1]Рошаль!BQ10+[1]Руза!BQ10+[1]Серпухов!BQ10+[1]Талдом!BQ10+[1]Чехов!BQ10+[1]Шатура!BQ10+[1]Электрогорск!BQ10+[1]Электросталь!BQ10+[1]Фрязино!BQ10+[1]Нарофоминск!BQ10+[1]Звенигород!BQ10+[1]Истра!BQ10+[1]Лыткарино!BQ10+[1]Мытищи!BQ10+[1]Одинцово!BQ10+[1]Химки!BQ10+[1]Ивантеевка!BQ10 -> 7089.0143 | BS18: =+BK18-BO18 -> -3637.44 | BT18: =+BO18/BK18*100-100 -> 88.911486 | BU18: =SUM(BV18:BX18) -> 10076.38 | BV18: =+AR18+BB18+BL18 -> 212.64 | BW18: =+AS18+BC18+BM18 -> 9.8 | BX18: =+AT18+BD18+BN18 -> 9853.94 | BY18: =SUM(BZ18:CB18) -> 15061.199 | BZ18: =+AV18+BF18+BP18 -> 614.05 | CA18: =+AW18+BG18+BQ18 -> 848.64271 | CB18: =+AX18+BH18+BR18 -> 13598.506 | CC18: =+BU18-BY18 -> -4984.8188 | CD18: =+BY18/BU18*100-100 -> 49.470333 | CE18: =SUM(CF18:CH18) -> 18928.14 | CF18: =+AH18+BV18 -> 845.44 | CG18: =+AI18+BW18 -> 26.3 | CH18: =+AJ18+BX18 -> 18056.4 | CI18: =SUM(CJ18:CL18) -> 27932.394 | CJ18: =+AL18+BZ18 -> 1246.08 | CK18: =+AM18+CA18 -> 1345.9999 | CL18: =+AN18+CB18 -> 25340.314 | CM18: =+CE18-CI18 -> -9004.2538 | CN18: =+CI18/CE18*100-100 -> 47.570727 | CO18: =SUM(CP18:CR18) -> 3748.48 | CP18: =+[1]Балашиха!CP10+[1]Волоколамск!CP10+[1]Воскресенск!CP10+[1]Дзержинск!CP10+[1]Долгопрудный!CP10+[1]Зарайск!CP10+[1]Кашира!CP10+[1]Клин!CP10+[1]Красногорск!CP10+[1]Лосинка!CP10+[1]Луховицы!CP10+[1]Люберцы!CP10+[1]Озера!CP10+[1]Орех!CP10+[1]ПавловПосад!CP10+[1]Пушкино!CP10+[1]Пущино!CP10+[1]Раменское!CP10+[1]Рошаль!CP10+[1]Руза!CP10+[1]Серпухов!CP10+[1]Талдом!CP10+[1]Чехов!CP10+[1]Шатура!CP10+[1]Электрогорск!CP10+[1]Электросталь!CP10+[1]Фрязино!CP10+[1]Нарофоминск!CP10+[1]Звенигород!CP10+[1]Истра!CP10+[1]Лыткарино!CP10+[1]Мытищи!CP10+[1]Одинцово!CP10+[1]Химки!CP10+[1]Ивантеевка!CP10 -> 15 | CQ18: =+[1]Филиалы!CR11 -> 0 | CR18: =+[1]Балашиха!CQ10+[1]Волоколамск!CQ10+[1]Воскресенск!CQ10+[1]Дзержинск!CQ10+[1]Долгопрудный!CQ10+[1]Зарайск!CQ10+[1]Кашира!CQ10+[1]Клин!CQ10+[1]Красногорск!CQ10+[1]Лосинка!CQ10+[1]Луховицы!CQ10+[1]Люберцы!CQ10+[1]Озера!CQ10+[1]Орех!CQ10+[1]ПавловПосад!CQ10+[1]Пушкино!CQ10+[1]Пущино!CQ10+[1]Раменское!CQ10+[1]Рошаль!CQ10+[1]Руза!CQ10+[1]Серпухов!CQ10+[1]Талдом!CQ10+[1]Чехов!CQ10+[1]Шатура!CQ10+[1]Электрогорск!CQ10+[1]Электросталь!CQ10+[1]Фрязино!CQ10+[1]Нарофоминск!CQ10+[1]Звенигород!CQ10+[1]Истра!CQ10+[1]Лыткарино!CQ10+[1]Мытищи!CQ10+[1]Одинцово!CQ10+[1]Химки!CQ10+[1]Ивантеевка!CQ10 -> 3733.48 | CS18: =SUM(CT18:CV18) -> 4557.8843 | CT18: =+[1]Балашиха!CT10+[1]Волоколамск!CT10+[1]Воскресенск!CT10+[1]Дзержинск!CT10+[1]Долгопрудный!CT10+[1]Зарайск!CT10+[1]Кашира!CT10+[1]Клин!CT10+[1]Красногорск!CT10+[1]Лосинка!CT10+[1]Луховицы!CT10+[1]Люберцы!CT10+[1]Озера!CT10+[1]Орех!CT10+[1]ПавловПосад!CT10+[1]Пушкино!CT10+[1]Пущино!CT10+[1]Раменское!CT10+[1]Рошаль!CT10+[1]Руза!CT10+[1]Серпухов!CT10+[1]Талдом!CT10+[1]Чехов!CT10+[1]Шатура!CT10+[1]Электрогорск!CT10+[1]Электросталь!CT10+[1]Фрязино!CT10+[1]Нарофоминск!CT10+[1]Звенигород!CT10+[1]Истра!CT10+[1]Лыткарино!CT10+[1]Мытищи!CT10+[1]Одинцово!CT10+[1]Химки!CT10+[1]Ивантеевка!CT10 -> 205.13048 | CU18: =+[1]Филиалы!CV11 -> 414.15625 | CV18: =+[1]Балашиха!CU10+[1]Волоколамск!CU10+[1]Воскресенск!CU10+[1]Дзержинск!CU10+[1]Долгопрудный!CU10+[1]Зарайск!CU10+[1]Кашира!CU10+[1]Клин!CU10+[1]Красногорск!CU10+[1]Лосинка!CU10+[1]Луховицы!CU10+[1]Люберцы!CU10+[1]Озера!CU10+[1]Орех!CU10+[1]ПавловПосад!CU10+[1]Пушкино!CU10+[1]Пущино!CU10+[1]Раменское!CU10+[1]Рошаль!CU10+[1]Руза!CU10+[1]Серпухов!CU10+[1]Талдом!CU10+[1]Чехов!CU10+[1]Шатура!CU10+[1]Электрогорск!CU10+[1]Электросталь!CU10+[1]Фрязино!CU10+[1]Нарофоминск!CU10+[1]Звенигород!CU10+[1]Истра!CU10+[1]Лыткарино!CU10+[1]Мытищи!CU10+[1]Одинцово!CU10+[1]Химки!CU10+[1]Ивантеевка!CU10 -> 3938.5975 | CW18: =+CO18-CS18 -> -809.40426 | CX18: =+CS18/CO18*100-100 -> 21.592866 | CY18: =SUM(CZ18:DB18) -> 3771.38 | CZ18: =+[1]Балашиха!CZ10+[1]Волоколамск!CZ10+[1]Воскресенск!CZ10+[1]Дзержинск!CZ10+[1]Долгопрудный!CZ10+[1]Зарайск!CZ10+[1]Кашира!CZ10+[1]Клин!CZ10+[1]Красногорск!CZ10+[1]Лосинка!CZ10+[1]Луховицы!CZ10+[1]Люберцы!CZ10+[1]Озера!CZ10+[1]Орех!CZ10+[1]ПавловПосад!CZ10+[1]Пушкино!CZ10+[1]Пущино!CZ10+[1]Раменское!CZ10+[1]Рошаль!CZ10+[1]Руза!CZ10+[1]Серпухов!CZ10+[1]Талдом!CZ10+[1]Чехов!CZ10+[1]Шатура!CZ10+[1]Электрогорск!CZ10+[1]Электросталь!CZ10+[1]Фрязино!CZ10+[1]Нарофоминск!CZ10+[1]Звенигород!CZ10+[1]Истра!CZ10+[1]Лыткарино!CZ10+[1]Мытищи!CZ10+[1]Одинцово!CZ10+[1]Химки!CZ10+[1]Ивантеевка!CZ10 -> 15 | DA18: =+[1]Филиалы!DB11 -> 0 | DB18: =+[1]Балашиха!DA10+[1]Волоколамск!DA10+[1]Воскресенск!DA10+[1]Дзержинск!DA10+[1]Долгопрудный!DA10+[1]Зарайск!DA10+[1]Кашира!DA10+[1]Клин!DA10+[1]Красногорск!DA10+[1]Лосинка!DA10+[1]Луховицы!DA10+[1]Люберцы!DA10+[1]Озера!DA10+[1]Орех!DA10+[1]ПавловПосад!DA10+[1]Пушкино!DA10+[1]Пущино!DA10+[1]Раменское!DA10+[1]Рошаль!DA10+[1]Руза!DA10+[1]Серпухов!DA10+[1]Талдом!DA10+[1]Чехов!DA10+[1]Шатура!DA10+[1]Электрогорск!DA10+[1]Электросталь!DA10+[1]Фрязино!DA10+[1]Нарофоминск!DA10+[1]Звенигород!DA10+[1]Истра!DA10+[1]Лыткарино!DA10+[1]Мытищи!DA10+[1]Одинцово!DA10+[1]Химки!DA10+[1]Ивантеевка!DA10 -> 3756.38 | DC18: =SUM(DD18:DF18) -> 5886.6985 | DD18: =+[1]Балашиха!DD10+[1]Волоколамск!DD10+[1]Воскресенск!DD10+[1]Дзержинск!DD10+[1]Долгопрудный!DD10+[1]Зарайск!DD10+[1]Кашира!DD10+[1]Клин!DD10+[1]Красногорск!DD10+[1]Лосинка!DD10+[1]Луховицы!DD10+[1]Люберцы!DD10+[1]Озера!DD10+[1]Орех!DD10+[1]ПавловПосад!DD10+[1]Пушкино!DD10+[1]Пущино!DD10+[1]Раменское!DD10+[1]Рошаль!DD10+[1]Руза!DD10+[1]Серпухов!DD10+[1]Талдом!DD10+[1]Чехов!DD10+[1]Шатура!DD10+[1]Электрогорск!DD10+[1]Электросталь!DD10+[1]Фрязино!DD10+[1]Нарофоминск!DD10+[1]Звенигород!DD10+[1]Истра!DD10+[1]Лыткарино!DD10+[1]Мытищи!DD10+[1]Одинцово!DD10+[1]Химки!DD10+[1]Ивантеевка!DD10 -> 223.68212 | DE18: =+[1]Филиалы!DF11 -> 276.90242 | DF18: =+[1]Балашиха!DE10+[1]Волоколамск!DE10+[1]Воскресенск!DE10+[1]Дзержинск!DE10+[1]Долгопрудный!DE10+[1]Зарайск!DE10+[1]Кашира!DE10+[1]Клин!DE10+[1]Красногорск!DE10+[1]Лосинка!DE10+[1]Луховицы!DE10+[1]Люберцы!DE10+[1]Озера!DE10+[1]Орех!DE10+[1]ПавловПосад!DE10+[1]Пушкино!DE10+[1]Пущино!DE10+[1]Раменское!DE10+[1]Рошаль!DE10+[1]Руза!DE10+[1]Серпухов!DE10+[1]Талдом!DE10+[1]Чехов!DE10+[1]Шатура!DE10+[1]Электрогорск!DE10+[1]Электросталь!DE10+[1]Фрязино!DE10+[1]Нарофоминск!DE10+[1]Звенигород!DE10+[1]Истра!DE10+[1]Лыткарино!DE10+[1]Мытищи!DE10+[1]Одинцово!DE10+[1]Химки!DE10+[1]Ивантеевка!DE10 -> 5386.1139 | DG18: =+CY18-DC18 -> -2115.3185 | DH18: =+DC18/CY18*100-100 -> 56.088713 | DI18: =SUM(DJ18:DL18) -> 4786.84 | DJ18: =+[1]Балашиха!DJ10+[1]Волоколамск!DJ10+[1]Воскресенск!DJ10+[1]Дзержинск!DJ10+[1]Долгопрудный!DJ10+[1]Зарайск!DJ10+[1]Кашира!DJ10+[1]Клин!DJ10+[1]Красногорск!DJ10+[1]Лосинка!DJ10+[1]Луховицы!DJ10+[1]Люберцы!DJ10+[1]Озера!DJ10+[1]Орех!DJ10+[1]ПавловПосад!DJ10+[1]Пушкино!DJ10+[1]Пущино!DJ10+[1]Раменское!DJ10+[1]Рошаль!DJ10+[1]Руза!DJ10+[1]Серпухов!DJ10+[1]Талдом!DJ10+[1]Чехов!DJ10+[1]Шатура!DJ10+[1]Электрогорск!DJ10+[1]Электросталь!DJ10+[1]Фрязино!DJ10+[1]Нарофоминск!DJ10+[1]Звенигород!DJ10+[1]Истра!DJ10+[1]Лыткарино!DJ10+[1]Мытищи!DJ10+[1]Одинцово!DJ10+[1]Химки!DJ10+[1]Ивантеевка!DJ10 -> 15 | DK18: =+[1]Филиалы!DL11 -> 0 | DL18: =+[1]Балашиха!DK10+[1]Волоколамск!DK10+[1]Воскресенск!DK10+[1]Дзержинск!DK10+[1]Долгопрудный!DK10+[1]Зарайск!DK10+[1]Кашира!DK10+[1]Клин!DK10+[1]Красногорск!DK10+[1]Лосинка!DK10+[1]Луховицы!DK10+[1]Люберцы!DK10+[1]Озера!DK10+[1]Орех!DK10+[1]ПавловПосад!DK10+[1]Пушкино!DK10+[1]Пущино!DK10+[1]Раменское!DK10+[1]Рошаль!DK10+[1]Руза!DK10+[1]Серпухов!DK10+[1]Талдом!DK10+[1]Чехов!DK10+[1]Шатура!DK10+[1]Электрогорск!DK10+[1]Электросталь!DK10+[1]Фрязино!DK10+[1]Нарофоминск!DK10+[1]Звенигород!DK10+[1]Истра!DK10+[1]Лыткарино!DK10+[1]Мытищи!DK10+[1]Одинцово!DK10+[1]Химки!DK10+[1]Ивантеевка!DK10 -> 4771.84 | DM18: =SUM(DN18:DP18) -> 7419.008 | DN18: =+[1]Балашиха!DN10+[1]Волоколамск!DN10+[1]Воскресенск!DN10+[1]Дзержинск!DN10+[1]Долгопрудный!DN10+[1]Зарайск!DN10+[1]Кашира!DN10+[1]Клин!DN10+[1]Красногорск!DN10+[1]Лосинка!DN10+[1]Луховицы!DN10+[1]Люберцы!DN10+[1]Озера!DN10+[1]Орех!DN10+[1]ПавловПосад!DN10+[1]Пушкино!DN10+[1]Пущино!DN10+[1]Раменское!DN10+[1]Рошаль!DN10+[1]Руза!DN10+[1]Серпухов!DN10+[1]Талдом!DN10+[1]Чехов!DN10+[1]Шатура!DN10+[1]Электрогорск!DN10+[1]Электросталь!DN10+[1]Фрязино!DN10+[1]Нарофоминск!DN10+[1]Звенигород!DN10+[1]Истра!DN10+[1]Лыткарино!DN10+[1]Мытищи!DN10+[1]Одинцово!DN10+[1]Химки!DN10+[1]Ивантеевка!DN10 -> 226.34553 | DO18: =+[1]Филиалы!DP11 -> 332.14939 | DP18: =+[1]Балашиха!DO10+[1]Волоколамск!DO10+[1]Воскресенск!DO10+[1]Дзержинск!DO10+[1]Долгопрудный!DO10+[1]Зарайск!DO10+[1]Кашира!DO10+[1]Клин!DO10+[1]Красногорск!DO10+[1]Лосинка!DO10+[1]Луховицы!DO10+[1]Люберцы!DO10+[1]Озера!DO10+[1]Орех!DO10+[1]ПавловПосад!DO10+[1]Пушкино!DO10+[1]Пущино!DO10+[1]Раменское!DO10+[1]Рошаль!DO10+[1]Руза!DO10+[1]Серпухов!DO10+[1]Талдом!DO10+[1]Чехов!DO10+[1]Шатура!DO10+[1]Электрогорск!DO10+[1]Электросталь!DO10+[1]Фрязино!DO10+[1]Нарофоминск!DO10+[1]Звенигород!DO10+[1]Истра!DO10+[1]Лыткарино!DO10+[1]Мытищи!DO10+[1]Одинцово!DO10+[1]Химки!DO10+[1]Ивантеевка!DO10 -> 6860.5131 | DQ18: =+DI18-DM18 -> -2632.168 | DR18: =+DM18/DI18*100-100 -> 54.987591 | DS18: =SUM(DT18:DV18) -> 12306.7 | DT18: =+CP18+CZ18+DJ18 -> 45 | DU18: =+CQ18+DA18+DK18 -> 0 | DV18: =+CR18+DB18+DL18 -> 12261.7 | DW18: =SUM(DX18:DZ18) -> 17863.591 | DX18: =+CT18+DD18+DN18 -> 655.15813 | DY18: =+CU18+DE18+DO18 -> 1023.2081 | DZ18: =+CV18+DF18+DP18 -> 16185.225 | EA18: =+DS18-DW18 -> -5556.8908 | EB18: =+DW18/DS18*100-100 -> 45.153378 | EC18: =SUM(ED18:EF18) -> 31234.84 | ED18: =+CF18+DT18 -> 890.44 | EE18: =+CG18+DU18 -> 26.3 | EF18: =+CH18+DV18 -> 30318.1 | EG18: =SUM(EH18:EJ18) -> 45795.985 | EH18: =+CJ18+DX18 -> 1901.2381 | EI18: =+CK18+DY18 -> 2369.208 | EJ18: =+CL18+DZ18 -> 41525.538 | EK18: =+EC18-EG18 -> -14561.145 | EL18: =+EG18/EC18*100-100 -> 46.618278 | EM18: =SUM(EN18:EP18) -> 3880.47 | EN18: =+[1]Балашиха!EN10+[1]Волоколамск!EN10+[1]Воскресенск!EN10+[1]Дзержинск!EN10+[1]Долгопрудный!EN10+[1]Зарайск!EN10+[1]Кашира!EN10+[1]Клин!EN10+[1]Красногорск!EN10+[1]Лосинка!EN10+[1]Луховицы!EN10+[1]Люберцы!EN10+[1]Озера!EN10+[1]Орех!EN10+[1]ПавловПосад!EN10+[1]Пушкино!EN10+[1]Пущино!EN10+[1]Раменское!EN10+[1]Рошаль!EN10+[1]Руза!EN10+[1]Серпухов!EN10+[1]Талдом!EN10+[1]Чехов!EN10+[1]Шатура!EN10+[1]Электрогорск!EN10+[1]Электросталь!EN10+[1]Фрязино!EN10+[1]Нарофоминск!EN10+[1]Звенигород!EN10+[1]Истра!EN10+[1]Лыткарино!EN10+[1]Мытищи!EN10+[1]Одинцово!EN10+[1]Химки!EN10+[1]Ивантеевка!EN10 -> 0 | EO18: =+[1]Филиалы!EP11 -> 0 | EP18: =+[1]Балашиха!EO10+[1]Волоколамск!EO10+[1]Воскресенск!EO10+[1]Дзержинск!EO10+[1]Долгопрудный!EO10+[1]Зарайск!EO10+[1]Кашира!EO10+[1]Клин!EO10+[1]Красногорск!EO10+[1]Лосинка!EO10+[1]Луховицы!EO10+[1]Люберцы!EO10+[1]Озера!EO10+[1]Орех!EO10+[1]ПавловПосад!EO10+[1]Пушкино!EO10+[1]Пущино!EO10+[1]Раменское!EO10+[1]Рошаль!EO10+[1]Руза!EO10+[1]Серпухов!EO10+[1]Талдом!EO10+[1]Чехов!EO10+[1]Шатура!EO10+[1]Электрогорск!EO10+[1]Электросталь!EO10+[1]Фрязино!EO10+[1]Нарофоминск!EO10+[1]Звенигород!EO10+[1]Истра!EO10+[1]Лыткарино!EO10+[1]Мытищи!EO10+[1]Одинцово!EO10+[1]Химки!EO10+[1]Ивантеевка!EO10 -> 3880.47 | EQ18: =SUM(ER18:ET18) -> 6136.1538 | ER18: =+[1]Балашиха!ER10+[1]Волоколамск!ER10+[1]Воскресенск!ER10+[1]Дзержинск!ER10+[1]Долгопрудный!ER10+[1]Зарайск!ER10+[1]Кашира!ER10+[1]Клин!ER10+[1]Красногорск!ER10+[1]Лосинка!ER10+[1]Луховицы!ER10+[1]Люберцы!ER10+[1]Озера!ER10+[1]Орех!ER10+[1]ПавловПосад!ER10+[1]Пушкино!ER10+[1]Пущино!ER10+[1]Раменское!ER10+[1]Рошаль!ER10+[1]Руза!ER10+[1]Серпухов!ER10+[1]Талдом!ER10+[1]Чехов!ER10+[1]Шатура!ER10+[1]Электрогорск!ER10+[1]Электросталь!ER10+[1]Фрязино!ER10+[1]Нарофоминск!ER10+[1]Звенигород!ER10+[1]Истра!ER10+[1]Лыткарино!ER10+[1]Мытищи!ER10+[1]Одинцово!ER10+[1]Химки!RE10+[1]Ивантеевка!ER10 -> 222.181 | ES18: =+[1]Филиалы!ET11 -> 589.83304 | ET18: =+[1]Балашиха!ES10+[1]Волоколамск!ES10+[1]Воскресенск!ES10+[1]Дзержинск!ES10+[1]Долгопрудный!ES10+[1]Зарайск!ES10+[1]Кашира!ES10+[1]Клин!ES10+[1]Красногорск!ES10+[1]Лосинка!ES10+[1]Луховицы!ES10+[1]Люберцы!ES10+[1]Озера!ES10+[1]Орех!ES10+[1]ПавловПосад!ES10+[1]Пушкино!ES10+[1]Пущино!ES10+[1]Раменское!ES10+[1]Рошаль!ES10+[1]Руза!ES10+[1]Серпухов!ES10+[1]Талдом!ES10+[1]Чехов!ES10+[1]Шатура!ES10+[1]Электрогорск!ES10+[1]Электросталь!ES10+[1]Фрязино!ES10+[1]Нарофоминск!ES10+[1]Звенигород!ES10+[1]Истра!ES10+[1]Лыткарино!ES10+[1]Мытищи!ES10+[1]Одинцово!ES10+[1]Химки!ES10+[1]Ивантеевка!ES10 -> 5324.1398 | EU18: =+EM18-EQ18 -> -2255.6838 | EV18: =+EQ18/EM18*100-100 -> 58.129139 | EW18: =SUM(EX18:EZ18) -> 4452.72 | EX18: =+[1]Балашиха!EX10+[1]Волоколамск!EX10+[1]Воскресенск!EX10+[1]Дзержинск!EX10+[1]Долгопрудный!EX10+[1]Зарайск!EX10+[1]Кашира!EX10+[1]Клин!EX10+[1]Красногорск!EX10+[1]Лосинка!EX10+[1]Луховицы!EX10+[1]Люберцы!EX10+[1]Озера!EX10+[1]Орех!EX10+[1]ПавловПосад!EX10+[1]Пушкино!EX10+[1]Пущино!EX10+[1]Раменское!EX10+[1]Рошаль!EX10+[1]Руза!EX10+[1]Серпухов!EX10+[1]Талдом!EX10+[1]Чехов!EX10+[1]Шатура!EX10+[1]Электрогорск!EX10+[1]Электросталь!EX10+[1]Фрязино!EX10+[1]Нарофоминск!EX10+[1]Звенигород!EX10+[1]Истра!EX10+[1]Лыткарино!EX10+[1]Мытищи!EX10+[1]Одинцово!EX10+[1]Химки!EX10+[1]Ивантеевка!EX10 -> 215.89 | EY18: =+[1]Филиалы!EZ11 -> 7.15 | EZ18: =+[1]Балашиха!EY10+[1]Волоколамск!EY10+[1]Воскресенск!EY10+[1]Дзержинск!EY10+[1]Долгопрудный!EY10+[1]Зарайск!EY10+[1]Кашира!EY10+[1]Клин!EY10+[1]Красногорск!EY10+[1]Лосинка!EY10+[1]Луховицы!EY10+[1]Люберцы!EY10+[1]Озера!EY10+[1]Орех!EY10+[1]ПавловПосад!EY10+[1]Пушкино!EY10+[1]Пущино!EY10+[1]Раменское!EY10+[1]Рошаль!EY10+[1]Руза!EY10+[1]Серпухов!EY10+[1]Талдом!EY10+[1]Чехов!EY10+[1]Шатура!EY10+[1]Электрогорск!EY10+[1]Электросталь!EY10+[1]Фрязино!EY10+[1]Нарофоминск!EY10+[1]Звенигород!EY10+[1]Истра!EY10+[1]Лыткарино!EY10+[1]Мытищи!EY10+[1]Одинцово!EY10+[1]Химки!EY10+[1]Ивантеевка!EY10 -> 4229.68 | FA18: =SUM(FB18:FD18) -> 3374.2472 | FB18: =+[1]Балашиха!FB10+[1]Волоколамск!FB10+[1]Воскресенск!FB10+[1]Дзержинск!FB10+[1]Долгопрудный!FB10+[1]Зарайск!FB10+[1]Кашира!FB10+[1]Клин!FB10+[1]Красногорск!FB10+[1]Лосинка!FB10+[1]Луховицы!FB10+[1]Люберцы!FB10+[1]Озера!FB10+[1]Орех!FB10+[1]ПавловПосад!FB10+[1]Пушкино!FB10+[1]Пущино!FB10+[1]Раменское!FB10+[1]Рошаль!FB10+[1]Руза!FB10+[1]Серпухов!FB10+[1]Талдом!FB10+[1]Чехов!FB10+[1]Шатура!FB10+[1]Электрогорск!FB10+[1]Электросталь!FB10+[1]Фрязино!FB10+[1]Нарофоминск!FB10+[1]Звенигород!FB10+[1]Истра!FB10+[1]Лыткарино!FB10+[1]Мытищи!FB10+[1]Одинцово!FB10+[1]Химки!FB10+[1]Ивантеевка!FB10 -> 233.3387 | FC18: =+[1]Филиалы!FD11 -> 421.74573 | FD18: =+[1]Балашиха!FC10+[1]Волоколамск!FC10+[1]Воскресенск!FC10+[1]Дзержинск!FC10+[1]Долгопрудный!FC10+[1]Зарайск!FC10+[1]Кашира!FC10+[1]Клин!FC10+[1]Красногорск!FC10+[1]Лосинка!FC10+[1]Луховицы!FC10+[1]Люберцы!FC10+[1]Озера!FC10+[1]Орех!FC10+[1]ПавловПосад!FC10+[1]Пушкино!FC10+[1]Пущино!FC10+[1]Раменское!FC10+[1]Рошаль!FC10+[1]Руза!FC10+[1]Серпухов!FC10+[1]Талдом!FC10+[1]Чехов!FC10+[1]Шатура!FC10+[1]Электрогорск!FC10+[1]Электросталь!FC10+[1]Фрязино!FC10+[1]Нарофоминск!FC10+[1]Звенигород!FC10+[1]Истра!FC10+[1]Лыткарино!FC10+[1]Мытищи!FC10+[1]Одинцово!FC10+[1]Химки!FC10+[1]Ивантеевка!FC10 -> 2719.1628 | FE18: =+EW18-FA18 -> 1078.4728 | FF18: =+FA18/EW18*100-100 -> -24.22054 | FG18: =SUM(FH18:FJ18) -> 6816.78 | FH18: =+[1]Балашиха!FH10+[1]Волоколамск!FH10+[1]Воскресенск!FH10+[1]Дзержинск!FH10+[1]Долгопрудный!FH10+[1]Зарайск!FH10+[1]Кашира!FH10+[1]Клин!FH10+[1]Красногорск!FH10+[1]Лосинка!FH10+[1]Луховицы!FH10+[1]Люберцы!FH10+[1]Озера!FH10+[1]Орех!FH10+[1]ПавловПосад!FH10+[1]Пушкино!FH10+[1]Пущино!FH10+[1]Раменское!FH10+[1]Рошаль!FH10+[1]Руза!FH10+[1]Серпухов!FH10+[1]Талдом!FH10+[1]Чехов!FH10+[1]Шатура!FH10+[1]Электрогорск!FH10+[1]Электросталь!FH10+[1]Фрязино!FH10+[1]Нарофоминск!FH10+[1]Звенигород!FH10+[1]Истра!FH10+[1]Лыткарино!FH10+[1]Мытищи!FH10+[1]Одинцово!FH10+[1]Химки!FH10+[1]Ивантеевка!FH10 -> 0 | FI18: =+[1]Филиалы!FJ11 -> 0 | FJ18: =+[1]Балашиха!FI10+[1]Волоколамск!FI10+[1]Воскресенск!FI10+[1]Дзержинск!FI10+[1]Долгопрудный!FI10+[1]Зарайск!FI10+[1]Кашира!FI10+[1]Клин!FI10+[1]Красногорск!FI10+[1]Лосинка!FI10+[1]Луховицы!FI10+[1]Люберцы!FI10+[1]Озера!FI10+[1]Орех!FI10+[1]ПавловПосад!FI10+[1]Пушкино!FI10+[1]Пущино!FI10+[1]Раменское!FI10+[1]Рошаль!FI10+[1]Руза!FI10+[1]Серпухов!FI10+[1]Талдом!FI10+[1]Чехов!FI10+[1]Шатура!FI10+[1]Электрогорск!FI10+[1]Электросталь!FI10+[1]Фрязино!FI10+[1]Нарофоминск!FI10+[1]Звенигород!FI10+[1]Истра!FI10+[1]Лыткарино!FI10+[1]Мытищи!FI10+[1]Одинцово!FI10+[1]Химки!FI10+[1]Ивантеевка!FI10 -> 6816.78 | FK18: =SUM(FL18:FN18) -> 12699.884 | FL18: =+[1]Балашиха!FL10+[1]Волоколамск!FL10+[1]Воскресенск!FL10+[1]Дзержинск!FL10+[1]Долгопрудный!FL10+[1]Зарайск!FL10+[1]Кашира!FL10+[1]Клин!FL10+[1]Красногорск!FL10+[1]Лосинка!FL10+[1]Луховицы!FL10+[1]Люберцы!FL10+[1]Озера!FL10+[1]Орех!FL10+[1]ПавловПосад!FL10+[1]Пушкино!FL10+[1]Пущино!FL10+[1]Раменское!FL10+[1]Рошаль!FL10+[1]Руза!FL10+[1]Серпухов!FL10+[1]Талдом!FL10+[1]Чехов!FL10+[1]Шатура!FL10+[1]Электрогорск!FL10+[1]Электросталь!FL10+[1]Фрязино!FL10+[1]Нарофоминск!FL10+[1]Звенигород!FL10+[1]Истра!FL10+[1]Лыткарино!FL10+[1]Мытищи!FL10+[1]Одинцово!FL10+[1]Химки!FL10+[1]Ивантеевка!FL10 -> 191.15346 | FM18: =+[1]Филиалы!FN11 -> 314.45924 | FN18: =+[1]Балашиха!FM10+[1]Волоколамск!FM10+[1]Воскресенск!FM10+[1]Дзержинск!FM10+[1]Долгопрудный!FM10+[1]Зарайск!FM10+[1]Кашира!FM10+[1]Клин!FM10+[1]Красногорск!FM10+[1]Лосинка!FM10+[1]Луховицы!FM10+[1]Люберцы!FM10+[1]Озера!FM10+[1]Орех!FM10+[1]ПавловПосад!FM10+[1]Пушкино!FM10+[1]Пущино!FM10+[1]Раменское!FM10+[1]Рошаль!FM10+[1]Руза!FM10+[1]Серпухов!FM10+[1]Талдом!FM10+[1]Чехов!FM10+[1]Шатура!FM10+[1]Электрогорск!FM10+[1]Электросталь!FM10+[1]Фрязино!FM10+[1]Нарофоминск!FM10+[1]Звенигород!FM10+[1]Истра!FM10+[1]Лыткарино!FM10+[1]Мытищи!FM10+[1]Одинцово!FM10+[1]Химки!FM10+[1]Ивантеевка!FM10 -> 12194.272 | FO18: =+FG18-FK18 -> -5883.1043 | FP18: =+FK18/FG18*100-100 -> 86.303273 | FQ18: =SUM(FR18:FT18) -> 15149.97 | FR18: =+EN18+EX18+FH18 -> 215.89 | FS18: =+EO18+EY18+FI18 -> 7.15 | FT18: =+EP18+EZ18+FJ18 -> 14926.93 | FU18: =SUM(FV18:FX18) -> 22210.285 | FV18: =+ER18+FB18+FL18 -> 646.67316 | FW18: =+ES18+FC18+FM18 -> 1326.038 | FX18: =+ET18+FD18+FN18 -> 20237.574 | FY18: =+FQ18-FU18 -> -7060.3153 | FZ18: =+FU18/FQ18*100-100 -> 46.602833 | GA18: =SUM(GB18:GD18) -> 27456.67 | GB18: =+DT18+FR18 -> 260.89 | GC18: =+DU18+FS18 -> 7.15 | GD18: =+DV18+FT18 -> 27188.63 | GE18: =SUM(GF18:GH18) -> 40073.876 | GF18: =+DX18+FV18 -> 1301.8313 | GG18: =+DY18+FW18 -> 2349.2461 | GH18: =+DZ18+FX18 -> 36422.799 | GI18: =+GA18-GE18 -> -12617.206 | GJ18: =+GE18/GA18*100-100 -> 45.953155 | GK18: =SUM(GL18:GN18) -> 46384.81 | GL18: =+ED18+FR18 -> 1106.33 | GM18: =+EE18+FS18 -> 33.45 | GN18: =+EF18+FT18 -> 45245.03 | GO18: =SUM(GP18:GR18) -> 68006.27 | GP18: =+EH18+FV18 -> 2547.9113 | GQ18: =+EI18+FW18 -> 3695.246 | GR18: =+EJ18+FX18 -> 61763.113 | GS18: =+GK18-GO18 -> -21621.46 | GT18: =+GO18/GK18*100-100 -> 46.613234 | GU18: =+GQ18-[1]Филиалы!GR10 -> 0 | GV18: =+GK18 -> 46384.81 | GX18: =+GW18-CI18 -> -27932.394
Q19: =SUM(R19:T19) -> 0 | W19: =SUM(X19:Z19) -> 0 | AA19: =SUM(AB19:AD19) -> 0 | AG19: =SUM(AH19:AJ19) -> 0 | AK19: =SUM(AL19:AN19) -> 0 | AQ19: =SUM(AR19:AT19) -> 0 | AU19: =SUM(AV19:AX19) -> 0 | BA19: =SUM(BB19:BD19) -> 0 | BE19: =SUM(BF19:BH19) -> 0 | BK19: =SUM(BL19:BN19) -> 0 | BO19: =SUM(BP19:BR19) -> 0 | BU19: =SUM(BV19:BX19) -> 0 | BY19: =SUM(BZ19:CB19) -> 0 | CE19: =SUM(CF19:CH19) -> 0 | CI19: =SUM(CJ19:CL19) -> 0 | DC19: =SUM(DD19:DF19) -> 0 | DI19: =SUM(DJ19:DL19) -> 0 | DM19: =SUM(DN19:DP19) -> 0 | DS19: =SUM(DT19:DV19) -> 0 | DW19: =SUM(DX19:DZ19) -> 0 | EC19: =SUM(ED19:EF19) -> 0 | ED19: =+CF19+DT19 -> 0 | EE19: =+CG19+DU19 -> 0 | EF19: =+CH19+DV19 -> 0 | EG19: =SUM(EH19:EJ19) -> 0 | EH19: =+CJ19+DX19 -> 0 | EI19: =+CK19+DY19 -> 0 | EJ19: =+CL19+DZ19 -> 0 | EM19: =SUM(EN19:EP19) -> 0 | EQ19: =SUM(ER19:ET19) -> 0 | EW19: =SUM(EX19:EZ19) -> 0 | FA19: =SUM(FB19:FD19) -> 0 | FG19: =SUM(FH19:FJ19) -> 0 | FK19: =SUM(FL19:FN19) -> 0 | FQ19: =SUM(FR19:FT19) -> 0 | FU19: =SUM(FV19:FX19) -> 0 | GA19: =SUM(GB19:GD19) -> 0 | GE19: =SUM(GF19:GH19) -> 0 | GK19: =SUM(GL19:GN19) -> 0 | GL19: =+ED19+FR19 -> 0 | GM19: =+EE19+FS19 -> 0 | GN19: =+EF19+FT19 -> 0 | GO19: =SUM(GP19:GR19) -> 0 | GP19: =+EH19+FV19 -> 0 | GQ19: =+EI19+FW19 -> 0 | GR19: =+EJ19+FX19 -> 0 | GV19: =+GK19 -> 0 | GX19: =+GW19-CI19 -> 0
A20: Итого выручка по всем видам деятельности | C20: =SUM(D20:F20) -> 688718.22 | D20: =+D14+D13+D12+D9 -> 658347.1 | E20: =+E14+E13+E12+E9 -> 27574.117 | F20: =+F14+F13+F12+E10 -> 2796.9999 | G20: =SUM(H20:J20) -> 582375 | H20: =+H14+H13+H12+H9 -> 567059.82 | I20: =+I14+I13+I12+I9 -> 11668.666 | J20: =+J14+J13+J12+J9 -> 3646.518 | K20: =+C20-G20 -> 106343.22 | L20: =+G20/C20*100-100 -> -15.440744 | M20: =SUM(N20:P20) -> 668416.77 | N20: =+N14+N13+N12+N9 -> 615952.09 | O20: =+O14+O13+O12+O9 -> 48241.575 | P20: =+P14+P13+P12+P9 -> 4223.0999 | Q20: =SUM(R20:T20) -> 522068.47 | R20: =+R14+R13+R12+R9 -> 507690.89 | S20: =+S14+S13+S12+S9 -> 10120.813 | T20: =+T14+T13+T12+T9 -> 4256.7736 | U20: =+M20-Q20 -> 146348.29 | V20: =+Q20/M20*100-100 -> -21.894767 | W20: =SUM(X20:Z20) -> 671951.49 | X20: =+X14+X13+X12+X9 -> 604841.18 | Y20: =+Y14+Y13+Y12+Y9 -> 62019.881 | Z20: =+Z14+Z13+Z12+Z9 -> 5090.4299 | AA20: =SUM(AB20:AD20) -> 513104.07 | AB20: =+AB14+AB13+AB12+AB9 -> 483099.52 | AC20: =+AC14+AC13+AC12+AC9 -> 20817.636 | AD20: =+AD14+AD13+AD12+AD9 -> 9186.9152 | AE20: =+W20-AA20 -> 158847.42 | AF20: =+AA20/W20*100-100 -> -23.639715 | AG20: =SUM(AH20:AJ20) -> 2029086.5 | AH20: =+AH14+AH13+AH12+AH9 -> 1879140.4 | AI20: =+AI14+AI13+AI12+AI9 -> 137835.57 | AJ20: =+AJ14+AJ13+AJ12+AJ9 -> 12110.53 | AK20: =SUM(AL20:AN20) -> 1617547.5 | AL20: =+AL14+AL13+AL12+AL9 -> 1557850.2 | AM20: =+AM14+AM13+AM12+AM9 -> 42607.115 | AN20: =+AN14+AN13+AN12+AN9 -> 17090.207 | AO20: =+AG20-AK20 -> 411538.93 | AP20: =+AK20/AG20*100-100 -> -20.281981 | AQ20: =SUM(AR20:AT20) -> 570809.46 | AR20: =+AR14+AR13+AR12+AR9 -> 554031.24 | AS20: =+AS14+AS13+AS12+AS9 -> 12725.275 | AT20: =+AT14+AT13+AT12+AT9 -> 4052.9399 | AU20: =SUM(AV20:AX20) -> 546190.11 | AV20: =+AV14+AV13+AV12+AV9 -> 529117.76 | AW20: =+AW14+AW13+AW12+AW9 -> 11924.356 | AX20: =+AX14+AX13+AX12+AX9 -> 5147.9948 | AY20: =+AQ20-AU20 -> 24619.346 | AZ20: =+AU20/AQ20*100-100 -> -4.3130585 | BA20: =SUM(BB20:BD20) -> 493397.48 | BB20: =+BB14+BB13+BB12+BB9 -> 466824.1 | BC20: =+BC14+BC13+BC12+BC9 -> 22243.078 | BD20: =+BD14+BD13+BD12+BD9 -> 4330.2999 | BE20: =SUM(BF20:BH20) -> 780288.05 | BF20: =+BF14+BF13+BF12+BF10 -> 752505.09 | BG20: =+BG14+BG13+BG12+BG9 -> 23380.109 | BH20: =+BH14+BH13+BH12+BH9 -> 4402.856 | BI20: =+BA20-BE20 -> -286890.57 | BJ20: =+BE20/BA20*100-100 -> 58.145934 | BK20: =SUM(BL20:BN20) -> 472763.46 | BL20: =+BL14+BL13+BL12+BL9 -> 438789.87 | BM20: =+BM14+BM13+BM12+BM9 -> 28594.812 | BN20: =+BN14+BN13+BN12+BN9 -> 5378.7699 | BO20: =SUM(BP20:BR20) -> 522208.65 | BP20: =+BP14+BP13+BP12+BP9 -> 459979.54 | BQ20: =+BQ14+BQ13+BQ12+BQ9 -> 53842.722 | BR20: =+BR14+BR13+BR12+BR9 -> 8386.3873 | BS20: =+BK20-BO20 -> -49445.196 | BT20: =+BO20/BK20*100-100 -> 10.45876 | BU20: =SUM(BV20:BX20) -> 1536970.4 | BV20: =+BV14+BV13+BV12+BV9 -> 1459645.2 | BW20: =+BW14+BW13+BW12+BW9 -> 63563.165 | BX20: =+BX14+BX13+BX12+BX9 -> 13762.01 | BY20: =SUM(BZ20:CB20) -> 1848686.8 | BZ20: =+BZ14+BZ13+BZ12+BZ9 -> 1741602.4 | CA20: =+CA14+CA13+CA12+CA9 -> 89147.187 | CB20: =+CB14+CB13+CB12+CB9 -> 17937.238 | CC20: =+BU20-BY20 -> -311716.43 | CD20: =+BY20/BU20*100-100 -> 20.281225 | CE20: =SUM(CF20:CH20) -> 3566056.9 | CF20: =+CF14+CF13+CF12+CE10 -> 3338785.6 | CG20: =+CG14+CG13+CG12+CG9 -> 201398.74 | CH20: =+CH14+CH13+CH12+CH9 -> 25872.54 | CI20: =SUM(CJ20:CL20) -> 3466234.4 | CJ20: =+CJ14+CJ13+CJ12+CJ9 -> 3299452.6 | CK20: =+CK14+CK13+CK12+CK9 -> 131754.3 | CL20: =+CL14+CL13+CL12+CL9 -> 35027.445 | CM20: =+CE20-CI20 -> 99822.507 | CN20: =+CI20/CE20*100-100 -> -2.7992405 | CO20: =SUM(CP20:CR20) -> 484638.68 | CP20: =+CP14+CP13+CP12+CP9 -> 462242.67 | CQ20: =+CQ14+CQ13+CQ12+CQ9 -> 17359.839 | CR20: =+CR14+CR13+CR12+CQ10 -> 5036.1699 | CS20: =SUM(CT20:CV20) -> 489186.66 | CT20: =+CT14+CT13+CT12+CT9 -> 473992.88 | CU20: =+CU14+CU13+CU12+CU9 -> 9949.4074 | CV20: =+CV14+CV13+CV12+CV9 -> 5244.3695 | CW20: =+CO20-CS20 -> -4547.9744 | CX20: =+CS20/CO20*100-100 -> 0.9384258 | CY20: =SUM(CZ20:DB20) -> 511607.96 | CZ20: =+CZ14+CZ13+CZ12+CZ9 -> 476178.17 | DA20: =+DA14+DA13+DA12+DA9 -> 30370.713 | DB20: =+DB14+DB13+DB12+DB9 -> 5059.0699 | DC20: =SUM(DD20:DF20) -> 498409.78 | DD20: =+DD14+DD13+DD12+DD9 -> 469104.95 | DE20: =+DE14+DE13+DE12+DE9 -> 22639.805 | DF20: =+DF14+DF13+DF12+DF9 -> 6665.021 | DG20: =+CY20-DC20 -> 13198.182 | DH20: =+DC20/CY20*100-100 -> -2.5797453 | DI20: =SUM(DJ20:DL20) -> 543053.53 | DJ20: =+DJ14+DJ13+DJ12+DJ9 -> 497934.37 | DK20: =+DK14+DK13+DK12+DK9 -> 39044.63 | DL20: =+DL14+DL13+DL12+DL9 -> 6074.5299 | DM20: =SUM(DN20:DP20) -> 589507.1 | DN20: =+DN14+DN13+DN12+DN9 -> 529686.03 | DO20: =+DO14+DO13+DO12+DO9 -> 51681.713 | DP20: =+DP14+DP13+DP12+DP9 -> 8139.3551 | DQ20: =+DI20-DM20 -> -46453.572 | DR20: =+DM20/DI20*100-100 -> 8.5541424 | DS20: =SUM(DT20:DV20) -> 1539300.2 | DT20: =+DT14+DT13+DT12+DT9 -> 1436355.2 | DU20: =+DU14+DU13+DU12+DU9 -> 86775.181 | DV20: =+DV14+DV13+DV12+DV9 -> 16169.77 | DW20: =SUM(DX20:DZ20) -> 1577103.5 | DX20: =+DX14+DX13+DX12+DX9 -> 1472783.9 | DY20: =+DY14+DY13+DY12+DY9 -> 84270.926 | DZ20: =+DZ14+DZ13+DZ12+DZ9 -> 20048.746 | EA20: =+DS20-DW20 -> -37803.364 | EB20: =+DW20/DS20*100-100 -> 2.45588 | EC20: =SUM(ED20:EF20) -> 5105357 | ED20: =+ED14+ED13+ED12+ED9 -> 4775140.8 | EE20: =+EE14+EE13+EE12+EE9 -> 288173.92 | EF20: =+EF14+EF13+EF12+EF9 -> 42042.309 | EG20: =SUM(EH20:EJ20) -> 5043337.9 | EH20: =+EH14+EH13+EH12+EH9 -> 4772236.5 | EI20: =+EI14+EI13+EI12+EI9 -> 216025.23 | EJ20: =+EJ14+EJ13+EJ12+EJ9 -> 55076.19 | EK20: =+EC20-EG20 -> 62019.142 | EL20: =+EG20/EC20*100-100 -> -1.2147856 | EM20: =SUM(EN20:EP20) -> 652141.1 | EN20: =+EN14+EN13+EN12+EN9 -> 594553.84 | EO20: =+EO14+EO13+EO12+EO9 -> 52404.093 | EP20: =+EP14+EP13+EP12+EP9 -> 5183.1599 | EQ20: =SUM(ER20:ET20) -> 673215.16 | ER20: =+ER14+ER13+ER12+ER9 -> 585102.88 | ES20: =+ES14+ES13+ES12+ES9 -> 80956.628 | ET20: =+ET14+ET13+ET12+ET9 -> 7155.6512 | EU20: =+EM20-EQ20 -> -21074.06 | EV20: =+EQ20/EM20*100-100 -> 3.2315185 | EW20: =SUM(EX20:EZ20) -> 712335.62 | EX20: =+EX14+EX13+EX12+EX9 -> 615097.95 | EY20: =+EY14+EY13+EY12+EY9 -> 91705.308 | EZ20: =+EZ14+EZ13+EZ12+EZ9 -> 5532.3699 | FA20: =SUM(FB20:FD20) -> 682126.53 | FB20: =+FB14+FB13+FB12+FB10 -> 631850.23 | FC20: =+FC14+FC13+FC12+FC9 -> 46381.81 | FD20: =+FD14+FD13+FD12+FD9 -> 3894.4908 | FE20: =+EW20-FA20 -> 30209.097 | FF20: =+FA20/EW20*100-100 -> -4.2408516 | FG20: =SUM(FH20:FJ20) -> 811748.12 | FH20: =+FH14+FH13+FH12+FH9 -> 685734.45 | FI20: =+FI14+FI13+FI12+FI9 -> 117894.2 | FJ20: =+FJ14+FJ13+FJ12+FJ9 -> 8119.4699 | FK20: =SUM(FL20:FN20) -> 840235.31 | FL20: =+FL14+FL13+FL12+FL9 -> 676769.59 | FM20: =+FM14+FM13+FM12+FM9 -> 149433.33 | FN20: =+FN14+FN13+FN12+FN9 -> 14032.394 | FO20: =+FG20-FK20 -> -28487.194 | FP20: =+FK20/FG20*100-100 -> 3.5093637 | FQ20: =SUM(FR20:FT20) -> 2176224.8 | FR20: =+FR14+FR13+FR12+FR9 -> 1895386.2 | FS20: =+FS14+FS13+FS12+FS9 -> 262003.6 | FT20: =+FT14+FT13+FT12+FT9 -> 18835 | FU20: =SUM(FV20:FX20) -> 2195577 | FV20: =+FV14+FV13+FV12+FV9 -> 1893722.7 | FW20: =+FW14+FW13+FW12+FW9 -> 276771.77 | FX20: =+FX14+FX13+FX12+FX9 -> 25082.536 | FY20: =+FQ20-FU20 -> -19352.158 | FZ20: =+FU20/FQ20*100-100 -> 0.8892536 | GA20: =SUM(GB20:GD20) -> 3715525 | GB20: =+GB14+GB13+GB12+GA10 -> 3331741.5 | GC20: =+GC14+GC13+GC12+GC9 -> 348778.78 | GD20: =+GD14+GD13+GD12+GD9 -> 35004.77 | GE20: =SUM(GF20:GH20) -> 3772680.5 | GF20: =+GF14+GF13+GF12+GF9 -> 3366506.6 | GG20: =+GG14+GG13+GG12+GG9 -> 361042.69 | GH20: =+GH14+GH13+GH12+GH9 -> 45131.281 | GI20: =+GA20-GE20 -> -57155.522 | GJ20: =+GE20/GA20*100-100 -> 1.5382893 | GK20: =SUM(GL20:GN20) -> 7281581.9 | GL20: =+GL14+GL13+GL12+GK10 -> 6670527 | GM20: =+GM14+GM13+GM12+GM9 -> 550177.52 | GN20: =+GN14+GN13+GN12+GN9 -> 60877.309 | GO20: =SUM(GP20:GR20) -> 7238914.9 | GP20: =+GP14+GP13+GP12+GP9 -> 6665959.2 | GQ20: =+GQ14+GQ13+GQ12+GQ9 -> 492796.99 | GR20: =+GR14+GR13+GR12+GR9 -> 80158.726 | GS20: =+GK20-GO20 -> 42666.985 | GT20: =+GO20/GK20*100-100 -> -0.58595763 | GU20: 7238915 | GV20: =+GK20 -> 7281581.9 | GX20: =+GW20-CI20 -> -3466234.4 | HD20: =+GU20-GO20 -> 0.10742612
A21: 1. Прямые расходы | C21: =SUM(D21:F21) -> 0 | D21: =+[1]Аппарат!D21 -> 0 | E21: =+[1]Аппарат!E21 -> 0 | F21: =+[1]Аппарат!F21 -> 0 | G21: =SUM(H21:J21) -> 0 | H21: =+[1]Аппарат!H21 -> 0 | I21: =+[1]Аппарат!I21 -> 0 | J21: =+[1]Аппарат!J21 -> 0 | K21: =+C21-G21 -> 0 | L21: =+G21/C21*100-100 -> #DIV/0! | M21: =SUM(N21:P21) -> 0 | N21: =+[1]Аппарат!N21 -> 0 | O21: =+[1]Аппарат!O21 -> 0 | P21: =+[1]Аппарат!P21 -> 0 | Q21: =SUM(R21:T21) -> 0 | R21: =+[1]Аппарат!R21 -> 0 | S21: =+[1]Аппарат!S21 -> 0 | T21: =+[1]Аппарат!T21 -> 0 | U21: =+M21-Q21 -> 0 | V21: =+Q21/M21*100-100 -> #DIV/0! | W21: =SUM(X21:Z21) -> 0 | X21: =+[1]Аппарат!X21 -> 0 | Y21: =+[1]Аппарат!Y21 -> 0 | Z21: =+[1]Аппарат!Z21 -> 0 | AA21: =SUM(AB21:AD21) -> 0 | AB21: =+[1]Аппарат!AB21 -> 0 | AC21: =+[1]Аппарат!AC21 -> 0 | AD21: =+[1]Аппарат!AD21 -> 0 | AE21: =+W21-AA21 -> 0 | AF21: =+AA21/W21*100-100 -> #DIV/0! | AG21: =SUM(AH21:AJ21) -> 0 | AH21: =+D21+N21+X21 -> 0 | AI21: =+E21+O21+Y21 -> 0 | AJ21: =+F21+P21+Z21 -> 0 | AK21: =SUM(AL21:AN21) -> 0 | AL21: =+H21+R21+AB21 -> 0 | AM21: =+I21+S21+AC21 -> 0 | AN21: =+J21+T21+AD21 -> 0 | AO21: =+AG21-AK21 -> 0 | AP21: =+AK21/AG21*100-100 -> #DIV/0! | AQ21: =SUM(AR21:AT21) -> 0 | AR21: =+[1]Аппарат!AR21 -> 0 | AS21: =+[1]Аппарат!AS21 -> 0 | AT21: =+[1]Аппарат!AT21 -> 0 | AU21: =SUM(AV21:AX21) -> 0 | AV21: =+[1]Аппарат!AV21 -> 0 | AW21: =+[1]Аппарат!AW21 -> 0 | AX21: =+[1]Аппарат!AX21 -> 0 | AY21: =+AQ21-AU21 -> 0 | AZ21: =+AU21/AQ21*100-100 -> #DIV/0! | BA21: =SUM(BB21:BD21) -> 0 | BB21: =+[1]Аппарат!BB21 -> 0 | BC21: =+[1]Аппарат!BC21 -> 0 | BD21: =+[1]Аппарат!BD21 -> 0 | BE21: =SUM(BF21:BH21) -> 0 | BF21: =+[1]Аппарат!BF21 -> 0 | BG21: =+[1]Аппарат!BG21 -> 0 | BH21: =+[1]Аппарат!BH21 -> 0 | BI21: =+BA21-BE21 -> 0 | BJ21: =+BE21/BA21*100-100 -> #DIV/0! | BK21: =SUM(BL21:BN21) -> 0 | BL21: =+[1]Аппарат!BL21 -> 0 | BM21: =+[1]Аппарат!BM21 -> 0 | BN21: =+[1]Аппарат!BN21 -> 0 | BO21: =SUM(BP21:BR21) -> 0 | BP21: =+[1]Аппарат!BP21 -> 0 | BQ21: =+[1]Аппарат!BQ21 -> 0 | BR21: =+[1]Аппарат!BR21 -> 0 | BS21: =+BK21-BO21 -> 0 | BT21: =+BO21/BK21*100-100 -> #DIV/0! | BU21: =SUM(BV21:BX21) -> 0 | BV21: =+AR21+BB21+BL21 -> 0 | BW21: =+AS21+BC21+BM21 -> 0 | BX21: =+AT21+BD21+BN21 -> 0 | BY21: =SUM(BZ21:CB21) -> 0 | BZ21: =+AV21+BF21+BP21 -> 0 | CA21: =+AW21+BG21+BQ21 -> 0 | CB21: =+AX21+BH21+BR21 -> 0 | CC21: =+BU21-BY21 -> 0 | CD21: =+BY21/BU21*100-100 -> #DIV/0! | CE21: =SUM(CF21:CH21) -> 0 | CF21: =+AH21+BV21 -> 0 | CG21: =+AI21+BW21 -> 0 | CH21: =+AJ21+BX21 -> 0 | CI21: =SUM(CJ21:CL21) -> 0 | CJ21: =+AL21+BZ21 -> 0 | CK21: =+AM21+CA21 -> 0 | CL21: =+AN21+CB21 -> 0 | CM21: =+CE21-CI21 -> 0 | CN21: =+CI21/CE21*100-100 -> #DIV/0! | CO21: =SUM(CP21:CR21) -> 0 | CP21: =+[1]Аппарат!CP21 -> 0 | CQ21: =+[1]Аппарат!CQ21 -> 0 | CR21: =+[1]Аппарат!CR21 -> 0 | CS21: =SUM(CT21:CV21) -> 0 | CT21: =+[1]Аппарат!CT21 -> 0 | CU21: =+[1]Аппарат!CU21 -> 0 | CV21: =+[1]Аппарат!CV21 -> 0 | CW21: =+CO21-CS21 -> 0 | CX21: =+CS21/CO21*100-100 -> #DIV/0! | CY21: =SUM(CZ21:DB21) -> 0 | CZ21: =+[1]Аппарат!CZ21 -> 0 | DA21: =+[1]Аппарат!DA21 -> 0 | DB21: =+[1]Аппарат!DB21 -> 0 | DC21: =SUM(DD21:DF21) -> 0 | DD21: =+[1]Аппарат!DD21 -> 0 | DE21: =+[1]Аппарат!DE21 -> 0 | DF21: =+[1]Аппарат!DF21 -> 0 | DG21: =+CY21-DC21 -> 0 | DH21: =+DC21/CY21*100-100 -> #DIV/0! | DI21: =SUM(DJ21:DL21) -> 0 | DJ21: =+[1]Аппарат!DJ21 -> 0 | DK21: =+[1]Аппарат!DK21 -> 0 | DL21: =+[1]Аппарат!DL21 -> 0 | DM21: =SUM(DN21:DP21) -> 0 | DN21: =+[1]Аппарат!DN21 -> 0 | DO21: =+[1]Аппарат!DO21 -> 0 | DP21: =+[1]Аппарат!DP21 -> 0 | DQ21: =+DI21-DM21 -> 0 | DR21: =+DM21/DI21*100-100 -> #DIV/0! | DS21: =SUM(DT21:DV21) -> 0 | DT21: =+CP21+CZ21+DJ21 -> 0 | DU21: =+CQ21+DA21+DK21 -> 0 | DV21: =+CR21+DB21+DL21 -> 0 | DW21: =SUM(DX21:DZ21) -> 0 | DX21: =+CT21+DD21+DN21 -> 0 | DY21: =+CU21+DE21+DO21 -> 0 | DZ21: =+CV21+DF21+DP21 -> 0 | EA21: =+DS21-DW21 -> 0 | EB21: =+DW21/DS21*100-100 -> #DIV/0! | EC21: =SUM(ED21:EF21) -> 0 | ED21: =+CF21+DT21 -> 0 | EE21: =+CG21+DU21 -> 0 | EF21: =+CH21+DV21 -> 0 | EG21: =SUM(EH21:EJ21) -> 0 | EH21: =+CJ21+DX21 -> 0 | EI21: =+CK21+DY21 -> 0 | EJ21: =+CL21+DZ21 -> 0 | EK21: =+EC21-EG21 -> 0 | EL21: =+EG21/EC21*100-100 -> #DIV/0! | EM21: =SUM(EN21:EP21) -> 0 | EN21: =+[1]Аппарат!EN21 -> 0 | EO21: =+[1]Аппарат!EO21 -> 0 | EP21: =+[1]Аппарат!EP21 -> 0 | EQ21: =SUM(ER21:ET21) -> 0 | ER21: =+[1]Аппарат!ER21 -> 0 | ES21: =+[1]Аппарат!ES21 -> 0 | ET21: =+[1]Аппарат!ET21 -> 0 | EU21: =+EM21-EQ21 -> 0 | EV21: =+EQ21/EM21*100-100 -> #DIV/0! | EW21: =SUM(EX21:EZ21) -> 0 | EX21: =+[1]Аппарат!EX21 -> 0 | EY21: =+[1]Аппарат!EY21 -> 0 | EZ21: =+[1]Аппарат!EZ21 -> 0 | FA21: =SUM(FB21:FD21) -> 0 | FB21: =+[1]Аппарат!FB21 -> 0 | FC21: =+[1]Аппарат!FC21 -> 0 | FD21: =+[1]Аппарат!FD21 -> 0 | FE21: =+EW21-FA21 -> 0 | FF21: =+FA21/EW21*100-100 -> #DIV/0! | FG21: =SUM(FH21:FJ21) -> 0 | FH21: =+[1]Аппарат!FH21 -> 0 | FI21: =+[1]Аппарат!FI21 -> 0 | FJ21: =+[1]Аппарат!FJ21 -> 0 | FK21: =SUM(FL21:FN21) -> 0 | FL21: =+[1]Аппарат!FL21 -> 0 | FM21: =+[1]Аппарат!FM21 -> 0 | FN21: =+[1]Аппарат!FN21 -> 0 | FO21: =+FG21-FK21 -> 0 | FP21: =+FK21/FG21*100-100 -> #DIV/0! | FQ21: =SUM(FR21:FT21) -> 0 | FR21: =+EN21+EX21+FH21 -> 0 | FS21: =+EO21+EY21+FI21 -> 0 | FT21: =+EP21+EZ21+FJ21 -> 0 | FU21: =SUM(FV21:FX21) -> 0 | FV21: =+ER21+FB21+FL21 -> 0 | FW21: =+ES21+FC21+FM21 -> 0 | FX21: =+ET21+FD21+FN21 -> 0 | FY21: =+FQ21-FU21 -> 0 | FZ21: =+FU21/FQ21*100-100 -> #DIV/0! | GA21: =SUM(GB21:GD21) -> 0 | GB21: =+DT21+FR21 -> 0 | GC21: =+DU21+FS21 -> 0 | GD21: =+DV21+FT21 -> 0 | GE21: =SUM(GF21:GH21) -> 0 | GF21: =+DX21+FV21 -> 0 | GG21: =+DY21+FW21 -> 0 | GH21: =+DZ21+FX21 -> 0 | GI21: =+GA21-GE21 -> 0 | GJ21: =+GE21/GA21*100-100 -> #DIV/0! | GK21: =SUM(GL21:GN21) -> 0 | GL21: =+ED21+FR21 -> 0 | GM21: =+EE21+FS21 -> 0 | GN21: =+EF21+FT21 -> 0 | GO21: =SUM(GP21:GR21) -> 0 | GP21: =+EH21+FV21 -> 0 | GQ21: =+EI21+FW21 -> 0 | GR21: =+EJ21+FX21 -> 0 | GS21: =+GK21-GO21 -> 0 | GT21: =+GO21/GK21*100-100 -> #DIV/0! | GV21: =+GK21 -> 0 | GW21: 166866.65 | GX21: =+GW21-CI21 -> 166866.65
B22: Аренда электросетей | C22: =SUM(D22:F22) -> 29840.856 | D22: =+[1]Аппарат!D22 -> 29840.856 | E22: =+[1]Аппарат!E22 -> 0 | F22: =+[1]Аппарат!F22 -> 0 | G22: =SUM(H22:J22) -> 26395.004 | H22: =+[1]Аппарат!H22 -> 26395.004 | I22: =+[1]Аппарат!I22 -> 0 | J22: =+[1]Аппарат!J22 -> 0 | K22: =+C22-G22 -> 3445.8519 | L22: =+G22/C22*100-100 -> -11.54743 | M22: =SUM(N22:P22) -> 30198.502 | N22: =+[1]Аппарат!N22 -> 30198.502 | O22: =+[1]Аппарат!O22 -> 0 | P22: =+[1]Аппарат!P22 -> 0 | Q22: =SUM(R22:T22) -> 28996.068 | R22: =+[1]Аппарат!R22 -> 28996.068 | S22: =+[1]Аппарат!S22 -> 0 | T22: =+[1]Аппарат!T22 -> 0 | U22: =+M22-Q22 -> 1202.4345 | V22: =+Q22/M22*100-100 -> -3.9817686 | W22: =SUM(X22:Z22) -> 28734.009 | X22: =+[1]Аппарат!X22 -> 28734.009 | Y22: =+[1]Аппарат!Y22 -> 0 | Z22: =+[1]Аппарат!Z22 -> 0 | AA22: =SUM(AB22:AD22) -> 25785.623 | AB22: =+[1]Аппарат!AB22 -> 25785.623 | AC22: =+[1]Аппарат!AC22 -> 0 | AD22: =+[1]Аппарат!AD22 -> 0 | AE22: =+W22-AA22 -> 2948.3865 | AF22: =+AA22/W22*100-100 -> -10.260965 | AG22: =SUM(AH22:AJ22) -> 88773.368 | AH22: =+D22+N22+X22 -> 88773.368 | AI22: =+E22+O22+Y22 -> 0 | AJ22: =+F22+P22+Z22 -> 0 | AK22: =SUM(AL22:AN22) -> 81176.695 | AL22: =+H22+R22+AB22 -> 81176.695 | AM22: =+I22+S22+AC22 -> 0 | AN22: =+J22+T22+AD22 -> 0 | AO22: =+AG22-AK22 -> 7596.6729 | AP22: =+AK22/AG22*100-100 -> -8.5573783 | AQ22: =SUM(AR22:AT22) -> 28975.522 | AR22: =+[1]Аппарат!AR22 -> 28975.522 | AS22: =+[1]Аппарат!AS22 -> 0 | AT22: =+[1]Аппарат!AT22 -> 0 | AU22: =SUM(AV22:AX22) -> 26290.495 | AV22: =+[1]Аппарат!AV22 -> 26290.495 | AW22: =+[1]Аппарат!AW22 -> 0 | AX22: =+[1]Аппарат!AX22 -> 0 | AY22: =+AQ22-AU22 -> 2685.0276 | AZ22: =+AU22/AQ22*100-100 -> -9.2665374 | BA22: =SUM(BB22:BD22) -> 29115.575 | BB22: =+[1]Аппарат!BB22 -> 29115.575 | BC22: =+[1]Аппарат!BC22 -> 0 | BD22: =+[1]Аппарат!BD22 -> 0 | BE22: =SUM(BF22:BH22) -> 24545.165 | BF22: =+[1]Аппарат!BF22 -> 24545.165 | BG22: =+[1]Аппарат!BG22 -> 0 | BH22: =+[1]Аппарат!BH22 -> 0 | BI22: =+BA22-BE22 -> 4570.4096 | BJ22: =+BE22/BA22*100-100 -> -15.697473 | BK22: =SUM(BL22:BN22) -> 29258.831 | BL22: =+[1]Аппарат!BL22 -> 29258.831 | BM22: =+[1]Аппарат!BM22 -> 0 | BN22: =+[1]Аппарат!BN22 -> 0 | BO22: =SUM(BP22:BR22) -> 34846.033 | BP22: =+[1]Аппарат!BP22 -> 34846.033 | BQ22: =+[1]Аппарат!BQ22 -> 0 | BR22: =+[1]Аппарат!BR22 -> 0 | BS22: =+BK22-BO22 -> -5587.2023 | BT22: =+BO22/BK22*100-100 -> 19.095781 | BU22: =SUM(BV22:BX22) -> 87349.928 | BV22: =+AR22+BB22+BL22 -> 87349.928 | BW22: =+AS22+BC22+BM22 -> 0 | BX22: =+AT22+BD22+BN22 -> 0 | BY22: =SUM(BZ22:CB22) -> 85681.693 | BZ22: =+AV22+BF22+BP22 -> 85681.693 | CA22: =+AW22+BG22+BQ22 -> 0 | CB22: =+AX22+BH22+BR22 -> 0 | CC22: =+BU22-BY22 -> 1668.2349 | CD22: =+BY22/BU22*100-100 -> -1.9098297 | CE22: =SUM(CF22:CH22) -> 176123.3 | CF22: =+AH22+BV22 -> 176123.3 | CG22: =+AI22+BW22 -> 0 | CH22: =+AJ22+BX22 -> 0 | CI22: =SUM(CJ22:CL22) -> 166858.39 | CJ22: =+AL22+BZ22 -> 166858.39 | CK22: =+AM22+CA22 -> 0 | CL22: =+AN22+CB22 -> 0 | CM22: =+CE22-CI22 -> 9264.9078 | CN22: =+CI22/CE22*100-100 -> -5.260467 | CO22: =SUM(CP22:CR22) -> 29390.021 | CP22: =+[1]Аппарат!CP22 -> 29390.021 | CQ22: =+[1]Аппарат!CQ22 -> 0 | CR22: =+[1]Аппарат!CR22 -> 0 | CS22: =SUM(CT22:CV22) -> 26683.798 | CT22: =+[1]Аппарат!CT22 -> 26683.798 | CU22: =+[1]Аппарат!CU22 -> 0 | CV22: =+[1]Аппарат!CV22 -> 0 | CW22: =+CO22-CS22 -> 2706.2226 | CX22: =+CS22/CO22*100-100 -> -9.207964 | CY22: =SUM(CZ22:DB22) -> 28633.419 | CZ22: =+[1]Аппарат!CZ22 -> 28633.419 | DA22: =+[1]Аппарат!DA22 -> 0 | DB22: =+[1]Аппарат!DB22 -> 0 | DC22: =SUM(DD22:DF22) -> 21429.653 | DD22: =+[1]Аппарат!DD22 -> 21429.653 | DE22: =+[1]Аппарат!DE22 -> 0 | DF22: =+[1]Аппарат!DF22 -> 0 | DG22: =+CY22-DC22 -> 7203.7655 | DH22: =+DC22/CY22*100-100 -> -25.158594 | DI22: =SUM(DJ22:DL22) -> 29219.513 | DJ22: =+[1]Аппарат!DJ22 -> 29219.513 | DK22: =+[1]Аппарат!DK22 -> 0 | DL22: =+[1]Аппарат!DL22 -> 0 | DM22: =SUM(DN22:DP22) -> 25589.6 | DN22: =+[1]Аппарат!DN22 -> 25589.6 | DO22: =+[1]Аппарат!DO22 -> 0 | DP22: =+[1]Аппарат!DP22 -> 0 | DQ22: =+DI22-DM22 -> 3629.9129 | DR22: =+DM22/DI22*100-100 -> -12.422907 | DS22: =SUM(DT22:DV22) -> 87242.952 | DT22: =+CP22+CZ22+DJ22 -> 87242.952 | DU22: =+CQ22+DA22+DK22 -> 0 | DV22: =+CR22+DB22+DL22 -> 0 | DW22: =SUM(DX22:DZ22) -> 73703.051 | DX22: =+CT22+DD22+DN22 -> 73703.051 | DY22: =+CU22+DE22+DO22 -> 0 | DZ22: =+CV22+DF22+DP22 -> 0 | EA22: =+DS22-DW22 -> 13539.901 | EB22: =+DW22/DS22*100-100 -> -15.519765 | EC22: =SUM(ED22:EF22) -> 263366.25 | ED22: =+CF22+DT22 -> 263366.25 | EE22: =+CG22+DU22 -> 0 | EF22: =+CH22+DV22 -> 0 | EG22: =SUM(EH22:EJ22) -> 240561.44 | EH22: =+CJ22+DX22 -> 240561.44 | EI22: =+CK22+DY22 -> 0 | EJ22: =+CL22+DZ22 -> 0 | EK22: =+EC22-EG22 -> 22804.809 | EL22: =+EG22/EC22*100-100 -> -8.6589717 | EM22: =SUM(EN22:EP22) -> 29880.852 | EN22: =+[1]Аппарат!EN22 -> 29880.852 | EO22: =+[1]Аппарат!EO22 -> 0 | EP22: =+[1]Аппарат!EP22 -> 0 | EQ22: =SUM(ER22:ET22) -> 28314.157 | ER22: =+[1]Аппарат!ER22 -> 28314.157 | ES22: =+[1]Аппарат!ES22 -> 0 | ET22: =+[1]Аппарат!ET22 -> 0 | EU22: =+EM22-EQ22 -> 1566.6946 | EV22: =+EQ22/EM22*100-100 -> -5.243139 | EW22: =SUM(EX22:EZ22) -> 30069.932 | EX22: =+[1]Аппарат!EX22 -> 30069.932 | EY22: =+[1]Аппарат!EY22 -> 0 | EZ22: =+[1]Аппарат!EZ22 -> 0 | FA22: =SUM(FB22:FD22) -> 32961.353 | FB22: =+[1]Аппарат!FB22 -> 32961.353 | FC22: =+[1]Аппарат!FC22 -> 0 | FD22: =+[1]Аппарат!FD22 -> 0 | FE22: =+EW22-FA22 -> -2891.4213 | FF22: =+FA22/EW22*100-100 -> 9.6156565 | FG22: =SUM(FH22:FJ22) -> 29966.458 | FH22: =+[1]Аппарат!FH22 -> 29966.458 | FI22: =+[1]Аппарат!FI22 -> 0 | FJ22: =+[1]Аппарат!FJ22 -> 0 | FK22: =SUM(FL22:FN22) -> 28546.923 | FL22: =+[1]Аппарат!FL22 -> 28546.923 | FM22: =+[1]Аппарат!FM22 -> 0 | FN22: =+[1]Аппарат!FN22 -> 0 | FO22: =+FG22-FK22 -> 1419.5343 | FP22: =+FK22/FG22*100-100 -> -4.7370773 | FQ22: =SUM(FR22:FT22) -> 89917.241 | FR22: =+EN22+EX22+FH22 -> 89917.241 | FS22: =+EO22+EY22+FI22 -> 0 | FT22: =+EP22+EZ22+FJ22 -> 0 | FU22: =SUM(FV22:FX22) -> 89822.434 | FV22: =+ER22+FB22+FL22 -> 89822.434 | FW22: =+ES22+FC22+FM22 -> 0 | FX22: =+ET22+FD22+FN22 -> 0 | FY22: =+FQ22-FU22 -> 94.807489 | FZ22: =+FU22/FQ22*100-100 -> -0.10543861 | GA22: =SUM(GB22:GD22) -> 177160.19 | GB22: =+DT22+FR22 -> 177160.19 | GC22: =+DU22+FS22 -> 0 | GD22: =+DV22+FT22 -> 0 | GE22: =SUM(GF22:GH22) -> 163525.49 | GF22: =+DX22+FV22 -> 163525.49 | GG22: =+DY22+FW22 -> 0 | GH22: =+DZ22+FX22 -> 0 | GI22: =+GA22-GE22 -> 13634.708 | GJ22: =+GE22/GA22*100-100 -> -7.6962596 | GK22: =SUM(GL22:GN22) -> 353283.49 | GL22: =+ED22+FR22 -> 353283.49 | GM22: =+EE22+FS22 -> 0 | GN22: =+EF22+FT22 -> 0 | GO22: =SUM(GP22:GR22) -> 330383.87 | GP22: =+EH22+FV22 -> 330383.87 | GQ22: =+EI22+FW22 -> 0 | GR22: =+EJ22+FX22 -> 0 | GS22: =+GK22-GO22 -> 22899.616 | GT22: =+GO22/GK22*100-100 -> -6.4819379 | GV22: =+GK22 -> 353283.49 | GW22: 169849.44 | GX22: =+GW22-CI22 -> 2991.0487 | HF22: =GP23+GP24+GP27+GP28+GP103+125 -> 401376 | HG22: производ хар
B23: Техническая эксплуатация электросетей | C23: =SUM(D23:F23) -> 35543.97 | D23: =+[1]Аппарат!D23 -> 35543.97 | E23: =+[1]Аппарат!E23 -> 0 | F23: =+[1]Аппарат!F23 -> 0 | G23: =SUM(H23:J23) -> 35543.303 | H23: =+[1]Аппарат!H23 -> 35543.303 | I23: =+[1]Аппарат!I23 -> 0 | J23: =+[1]Аппарат!J23 -> 0 | K23: =+C23-G23 -> 0.667 | L23: =+G23/C23*100-100 -> -0.001876549 | M23: =SUM(N23:P23) -> 37338.271 | N23: =+[1]Аппарат!N23 -> 37338.271 | O23: =+[1]Аппарат!O23 -> 0 | P23: =+[1]Аппарат!P23 -> 0 | Q23: =SUM(R23:T23) -> 37338.271 | R23: =+[1]Аппарат!R23 -> 37338.271 | S23: =+[1]Аппарат!S23 -> 0 | T23: =+[1]Аппарат!T23 -> 0 | U23: =+M23-Q23 -> 0 | V23: =+Q23/M23*100-100 -> 0 | W23: =SUM(X23:Z23) -> 38781.668 | X23: =+[1]Аппарат!X23 -> 38781.668 | Y23: =+[1]Аппарат!Y23 -> 0 | Z23: =+[1]Аппарат!Z23 -> 0 | AA23: =SUM(AB23:AD23) -> 38781.668 | AB23: =+[1]Аппарат!AB23 -> 38781.668 | AC23: =+[1]Аппарат!AC23 -> 0 | AD23: =+[1]Аппарат!AD23 -> 0 | AE23: =+W23-AA23 -> 0 | AF23: =+AA23/W23*100-100 -> 0 | AG23: =SUM(AH23:AJ23) -> 111663.91 | AH23: =+D23+N23+X23 -> 111663.91 | AI23: =+E23+O23+Y23 -> 0 | AJ23: =+F23+P23+Z23 -> 0 | AK23: =SUM(AL23:AN23) -> 111663.24 | AL23: =+H23+R23+AB23 -> 111663.24 | AM23: =+I23+S23+AC23 -> 0 | AN23: =+J23+T23+AD23 -> 0 | AO23: =+AG23-AK23 -> 0.667 | AP23: =+AK23/AG23*100-100 -> -0.00059732818 | AQ23: =SUM(AR23:AT23) -> 27318.271 | AR23: =+[1]Аппарат!AR23 -> 27318.271 | AS23: =+[1]Аппарат!AS23 -> 0 | AT23: =+[1]Аппарат!AT23 -> 0 | AU23: =SUM(AV23:AX23) -> 27338.125 | AV23: =+[1]Аппарат!AV23 -> 27338.125 | AW23: =+[1]Аппарат!AW23 -> 0 | AX23: =+[1]Аппарат!AX23 -> 0 | AY23: =+AQ23-AU23 -> -19.85395 | AZ23: =+AU23/AQ23*100-100 -> 0.072676452 | BA23: =SUM(BB23:BD23) -> 20458.102 | BB23: =+[1]Аппарат!BB23 -> 20458.102 | BC23: =+[1]Аппарат!BC23 -> 0 | BD23: =+[1]Аппарат!BD23 -> 0 | BE23: =SUM(BF23:BH23) -> 20104.801 | BF23: =+[1]Аппарат!BF23 -> 20104.801 | BG23: =+[1]Аппарат!BG23 -> 0 | BH23: =+[1]Аппарат!BH23 -> 0 | BI23: =+BA23-BE23 -> 353.301 | BJ23: =+BE23/BA23*100-100 -> -1.7269491 | BK23: =SUM(BL23:BN23) -> 10558.102 | BL23: =+[1]Аппарат!BL23 -> 10558.102 | BM23: =+[1]Аппарат!BM23 -> 0 | BN23: =+[1]Аппарат!BN23 -> 0 | BO23: =SUM(BP23:BR23) -> 8341.461 | BP23: =+[1]Аппарат!BP23 -> 8341.461 | BQ23: =+[1]Аппарат!BQ23 -> 0 | BR23: =+[1]Аппарат!BR23 -> 0 | BS23: =+BK23-BO23 -> 2216.641 | BT23: =+BO23/BK23*100-100 -> -20.994692 | BU23: =SUM(BV23:BX23) -> 58334.475 | BV23: =+AR23+BB23+BL23 -> 58334.475 | BW23: =+AS23+BC23+BM23 -> 0 | BX23: =+AT23+BD23+BN23 -> 0 | BY23: =SUM(BZ23:CB23) -> 55784.387 | BZ23: =+AV23+BF23+BP23 -> 55784.387 | CA23: =+AW23+BG23+BQ23 -> 0 | CB23: =+AX23+BH23+BR23 -> 0 | CC23: =+BU23-BY23 -> 2550.088 | CD23: =+BY23/BU23*100-100 -> -4.371494 | CE23: =SUM(CF23:CH23) -> 169998.38 | CF23: =+AH23+BV23 -> 169998.38 | CG23: =+AI23+BW23 -> 0 | CH23: =+AJ23+BX23 -> 0 | CI23: =SUM(CJ23:CL23) -> 167447.63 | CJ23: =+AL23+BZ23 -> 167447.63 | CK23: =+AM23+CA23 -> 0 | CL23: =+AN23+CB23 -> 0 | CM23: =+CE23-CI23 -> 2550.7551 | CN23: =+CI23/CE23*100-100 -> -1.5004584 | CO23: =SUM(CP23:CR23) -> 4254.801 | CP23: =+[1]Аппарат!CP23 -> 4254.801 | CQ23: =+[1]Аппарат!CQ23 -> 0 | CR23: =+[1]Аппарат!CR23 -> 0 | CS23: =SUM(CT23:CV23) -> 4254.801 | CT23: =+[1]Аппарат!CT23 -> 4254.801 | CU23: =+[1]Аппарат!CU23 -> 0 | CV23: =+[1]Аппарат!CV23 -> 0 | CW23: =+CO23-CS23 -> 0 | CX23: =+CS23/CO23*100-100 -> 0 | CY23: =SUM(CZ23:DB23) -> 4254.801 | CZ23: =+[1]Аппарат!CZ23 -> 4254.801 | DA23: =+[1]Аппарат!DA23 -> 0 | DB23: =+[1]Аппарат!DB23 -> 0 | DC23: =SUM(DD23:DF23) -> 4254.801 | DD23: =+[1]Аппарат!DD23 -> 4254.801 | DE23: =+[1]Аппарат!DE23 -> 0 | DF23: =+[1]Аппарат!DF23 -> 0 | DG23: =+CY23-DC23 -> 0 | DH23: =+DC23/CY23*100-100 -> 0 | DI23: =SUM(DJ23:DL23) -> 4254.801 | DJ23: =+[1]Аппарат!DJ23 -> 4254.801 | DK23: =+[1]Аппарат!DK23 -> 0 | DL23: =+[1]Аппарат!DL23 -> 0 | DM23: =SUM(DN23:DP23) -> 4254.801 | DN23: =+[1]Аппарат!DN23 -> 4254.801 | DO23: =+[1]Аппарат!DO23 -> 0 | DP23: =+[1]Аппарат!DP23 -> 0 | DQ23: =+DI23-DM23 -> 0 | DR23: =+DM23/DI23*100-100 -> 0 | DS23: =SUM(DT23:DV23) -> 12764.403 | DT23: =+CP23+CZ23+DJ23 -> 12764.403 | DU23: =+CQ23+DA23+DK23 -> 0 | DV23: =+CR23+DB23+DL23 -> 0 | DW23: =SUM(DX23:DZ23) -> 12764.403 | DX23: =+CT23+DD23+DN23 -> 12764.403 | DY23: =+CU23+DE23+DO23 -> 0 | DZ23: =+CV23+DF23+DP23 -> 0 | EA23: =+DS23-DW23 -> 0 | EB23: =+DW23/DS23*100-100 -> 0 | EC23: =SUM(ED23:EF23) -> 182762.79 | ED23: =+CF23+DT23 -> 182762.79 | EE23: =+CG23+DU23 -> 0 | EF23: =+CH23+DV23 -> 0 | EG23: =SUM(EH23:EJ23) -> 180212.03 | EH23: =+CJ23+DX23 -> 180212.03 | EI23: =+CK23+DY23 -> 0 | EJ23: =+CL23+DZ23 -> 0 | EK23: =+EC23-EG23 -> 2550.7551 | EL23: =+EG23/EC23*100-100 -> -1.3956643 | EM23: =SUM(EN23:EP23) -> 1054.801 | EN23: =+[1]Аппарат!EN23 -> 1054.801 | EO23: =+[1]Аппарат!EO23 -> 0 | EP23: =+[1]Аппарат!EP23 -> 0 | EQ23: =SUM(ER23:ET23) -> 1054.8 | ER23: =+[1]Аппарат!ER23 -> 1054.8 | ES23: =+[1]Аппарат!ES23 -> 0 | ET23: =+[1]Аппарат!ET23 -> 0 | EU23: =+EM23-EQ23 -> 0.001 | EV23: =+EQ23/EM23*100-100 -> -9.4804612e-05 | EW23: =SUM(EX23:EZ23) -> 1054.801 | EX23: =+[1]Аппарат!EX23 -> 1054.801 | EY23: =+[1]Аппарат!EY23 -> 0 | EZ23: =+[1]Аппарат!EZ23 -> 0 | FA23: =SUM(FB23:FD23) -> 1054.8 | FB23: =+[1]Аппарат!FB23 -> 1054.8 | FC23: =+[1]Аппарат!FC23 -> 0 | FD23: =+[1]Аппарат!FD23 -> 0 | FE23: =+EW23-FA23 -> 0.001 | FF23: =+FA23/EW23*100-100 -> -9.4804612e-05 | FG23: =SUM(FH23:FJ23) -> 1054.801 | FH23: =+[1]Аппарат!FH23 -> 1054.801 | FI23: =+[1]Аппарат!FI23 -> 0 | FJ23: =+[1]Аппарат!FJ23 -> 0 | FK23: =SUM(FL23:FN23) -> 1054.8 | FL23: =+[1]Аппарат!FL23 -> 1054.8 | FM23: =+[1]Аппарат!FM23 -> 0 | FN23: =+[1]Аппарат!FN23 -> 0 | FO23: =+FG23-FK23 -> 0.001 | FP23: =+FK23/FG23*100-100 -> -9.4804612e-05 | FQ23: =SUM(FR23:FT23) -> 3164.403 | FR23: =+EN23+EX23+FH23 -> 3164.403 | FS23: =+EO23+EY23+FI23 -> 0 | FT23: =+EP23+EZ23+FJ23 -> 0 | FU23: =SUM(FV23:FX23) -> 3164.4 | FV23: =+ER23+FB23+FL23 -> 3164.4 | FW23: =+ES23+FC23+FM23 -> 0 | FX23: =+ET23+FD23+FN23 -> 0 | FY23: =+FQ23-FU23 -> 0.003 | FZ23: =+FU23/FQ23*100-100 -> -9.4804612e-05 | GA23: =SUM(GB23:GD23) -> 15928.806 | GB23: =+DT23+FR23 -> 15928.806 | GC23: =+DU23+FS23 -> 0 | GD23: =+DV23+FT23 -> 0 | GE23: =SUM(GF23:GH23) -> 15928.803 | GF23: =+DX23+FV23 -> 15928.803 | GG23: =+DY23+FW23 -> 0 | GH23: =+DZ23+FX23 -> 0 | GI23: =+GA23-GE23 -> 0.003 | GJ23: =+GE23/GA23*100-100 -> -1.8833803e-05 | GK23: =SUM(GL23:GN23) -> 185927.19 | GL23: =+ED23+FR23 -> 185927.19 | GM23: =+EE23+FS23 -> 0 | GN23: =+EF23+FT23 -> 0 | GO23: =SUM(GP23:GR23) -> 183376.43 | GP23: =+EH23+FV23 -> 183376.43 | GQ23: =+EI23+FW23 -> 0 | GR23: =+EJ23+FX23 -> 0 | GS23: =+GK23-GO23 -> 2550.7581 | GT23: =+GO23/GK23*100-100 -> -1.3719123 | GV23: =+GK23 -> 185927.19 | GW23: 1621.0423 | GX23: =+GW23-CI23 -> -165826.59 | HF23: =GP57+GP80 -> 260465.96 | HG23: мат+ транспорт
B24: Оказание услуг по коммерческому учету электрической энергии | C24: =SUM(D24:F24) -> 442.32 | D24: =+[1]Аппарат!D24 -> 442.32 | E24: =+[1]Аппарат!E24 -> 0 | F24: =+[1]Аппарат!F24 -> 0 | G24: =SUM(H24:J24) -> 393.612 | H24: =+[1]Аппарат!H24 -> 393.612 | I24: =+[1]Аппарат!I24 -> 0 | J24: =+[1]Аппарат!J24 -> 0 | K24: =+C24-G24 -> 48.708 | L24: =+G24/C24*100-100 -> -11.011937 | M24: =SUM(N24:P24) -> 442.32 | N24: =+[1]Аппарат!N24 -> 442.32 | O24: =+[1]Аппарат!O24 -> 0 | P24: =+[1]Аппарат!P24 -> 0 | Q24: =SUM(R24:T24) -> 393.612 | R24: =+[1]Аппарат!R24 -> 393.612 | S24: =+[1]Аппарат!S24 -> 0 | T24: =+[1]Аппарат!T24 -> 0 | U24: =+M24-Q24 -> 48.708 | V24: =+Q24/M24*100-100 -> -11.011937 | W24: =SUM(X24:Z24) -> 442.32 | X24: =+[1]Аппарат!X24 -> 442.32 | Y24: =+[1]Аппарат!Y24 -> 0 | Z24: =+[1]Аппарат!Z24 -> 0 | AA24: =SUM(AB24:AD24) -> 395.608 | AB24: =+[1]Аппарат!AB24 -> 395.608 | AC24: =+[1]Аппарат!AC24 -> 0 | AD24: =+[1]Аппарат!AD24 -> 0 | AE24: =+W24-AA24 -> 46.712 | AF24: =+AA24/W24*100-100 -> -10.56068 | AG24: =SUM(AH24:AJ24) -> 1326.96 | AH24: =+D24+N24+X24 -> 1326.96 | AI24: =+E24+O24+Y24 -> 0 | AJ24: =+F24+P24+Z24 -> 0 | AK24: =SUM(AL24:AN24) -> 1182.832 | AL24: =+H24+R24+AB24 -> 1182.832 | AM24: =+I24+S24+AC24 -> 0 | AN24: =+J24+T24+AD24 -> 0 | AO24: =+AG24-AK24 -> 144.128 | AP24: =+AK24/AG24*100-100 -> -10.861518 | AQ24: =SUM(AR24:AT24) -> 442.32 | AR24: =+[1]Аппарат!AR24 -> 442.32 | AS24: =+[1]Аппарат!AS24 -> 0 | AT24: =+[1]Аппарат!AT24 -> 0 | AU24: =SUM(AV24:AX24) -> 344.90731 | AV24: =+[1]Аппарат!AV24 -> 344.90731 | AW24: =+[1]Аппарат!AW24 -> 0 | AX24: =+[1]Аппарат!AX24 -> 0 | AY24: =+AQ24-AU24 -> 97.41269 | AZ24: =+AU24/AQ24*100-100 -> -22.023126 | BA24: =SUM(BB24:BD24) -> 46.65 | BB24: =+[1]Аппарат!BB24 -> 46.65 | BC24: =+[1]Аппарат!BC24 -> 0 | BD24: =+[1]Аппарат!BD24 -> 0 | BE24: =SUM(BF24:BH24) -> 46.648 | BF24: =+[1]Аппарат!BF24 -> 46.648 | BG24: =+[1]Аппарат!BG24 -> 0 | BH24: =+[1]Аппарат!BH24 -> 0 | BI24: =+BA24-BE24 -> 0.002 | BJ24: =+BE24/BA24*100-100 -> -0.0042872454 | BK24: =SUM(BL24:BN24) -> 46.65 | BL24: =+[1]Аппарат!BL24 -> 46.65 | BM24: =+[1]Аппарат!BM24 -> 0 | BN24: =+[1]Аппарат!BN24 -> 0 | BO24: =SUM(BP24:BR24) -> 46.648 | BP24: =+[1]Аппарат!BP24 -> 46.648 | BQ24: =+[1]Аппарат!BQ24 -> 0 | BR24: =+[1]Аппарат!BR24 -> 0 | BS24: =+BK24-BO24 -> 0.002 | BT24: =+BO24/BK24*100-100 -> -0.0042872454 | BU24: =SUM(BV24:BX24) -> 535.62 | BV24: =+AR24+BB24+BL24 -> 535.62 | BW24: =+AS24+BC24+BM24 -> 0 | BX24: =+AT24+BD24+BN24 -> 0 | BY24: =SUM(BZ24:CB24) -> 438.20331 | BZ24: =+AV24+BF24+BP24 -> 438.20331 | CA24: =+AW24+BG24+BQ24 -> 0 | CB24: =+AX24+BH24+BR24 -> 0 | CC24: =+BU24-BY24 -> 97.41669 | CD24: =+BY24/BU24*100-100 -> -18.18765 | CE24: =SUM(CF24:CH24) -> 1862.58 | CF24: =+AH24+BV24 -> 1862.58 | CG24: =+AI24+BW24 -> 0 | CH24: =+AJ24+BX24 -> 0 | CI24: =SUM(CJ24:CL24) -> 1621.0353 | CJ24: =+AL24+BZ24 -> 1621.0353 | CK24: =+AM24+CA24 -> 0 | CL24: =+AN24+CB24 -> 0 | CM24: =+CE24-CI24 -> 241.54469 | CN24: =+CI24/CE24*100-100 -> -12.968285 | CO24: =SUM(CP24:CR24) -> 1741.5653 | CP24: =+[1]Аппарат!CP24 -> 1741.5653 | CQ24: =+[1]Аппарат!CQ24 -> 0 | CR24: =+[1]Аппарат!CR24 -> 0 | CS24: =SUM(CT24:CV24) -> 46.648 | CT24: =+[1]Аппарат!CT24 -> 46.648 | CU24: =+[1]Аппарат!CU24 -> 0 | CV24: =+[1]Аппарат!CV24 -> 0 | CW24: =+CO24-CS24 -> 1694.9173 | CX24: =+CS24/CO24*100-100 -> -97.32149 | CY24: =SUM(CZ24:DB24) -> 1741.5653 | CZ24: =+[1]Аппарат!CZ24 -> 1741.5653 | DA24: =+[1]Аппарат!DA24 -> 0 | DB24: =+[1]Аппарат!DB24 -> 0 | DC24: =SUM(DD24:DF24) -> 46.648 | DD24: =+[1]Аппарат!DD24 -> 46.648 | DE24: =+[1]Аппарат!DE24 -> 0 | DF24: =+[1]Аппарат!DF24 -> 0 | DG24: =+CY24-DC24 -> 1694.9173 | DH24: =+DC24/CY24*100-100 -> -97.32149 | DI24: =SUM(DJ24:DL24) -> 1741.5653 | DJ24: =+[1]Аппарат!DJ24 -> 1741.5653 | DK24: =+[1]Аппарат!DK24 -> 0 | DL24: =+[1]Аппарат!DL24 -> 0 | DM24: =SUM(DN24:DP24) -> 46.648 | DN24: =+[1]Аппарат!DN24 -> 46.648 | DO24: =+[1]Аппарат!DO24 -> 0 | DP24: =+[1]Аппарат!DP24 -> 0 | DQ24: =+DI24-DM24 -> 1694.9173 | DR24: =+DM24/DI24*100-100 -> -97.32149 | DS24: =SUM(DT24:DV24) -> 5224.6958 | DT24: =+CP24+CZ24+DJ24 -> 5224.6958 | DU24: =+CQ24+DA24+DK24 -> 0 | DV24: =+CR24+DB24+DL24 -> 0 | DW24: =SUM(DX24:DZ24) -> 139.944 | DX24: =+CT24+DD24+DN24 -> 139.944 | DY24: =+CU24+DE24+DO24 -> 0 | DZ24: =+CV24+DF24+DP24 -> 0 | EA24: =+DS24-DW24 -> 5084.7518 | EB24: =+DW24/DS24*100-100 -> -97.32149 | EC24: =SUM(ED24:EF24) -> 7087.2758 | ED24: =+CF24+DT24 -> 7087.2758 | EE24: =+CG24+DU24 -> 0 | EF24: =+CH24+DV24 -> 0 | EG24: =SUM(EH24:EJ24) -> 1760.9793 | EH24: =+CJ24+DX24 -> 1760.9793 | EI24: =+CK24+DY24 -> 0 | EJ24: =+CL24+DZ24 -> 0 | EK24: =+EC24-EG24 -> 5326.2965 | EL24: =+EG24/EC24*100-100 -> -75.152945 | EM24: =SUM(EN24:EP24) -> 1741.5653 | EN24: =+[1]Аппарат!EN24 -> 1741.5653 | EO24: =+[1]Аппарат!EO24 -> 0 | EP24: =+[1]Аппарат!EP24 -> 0 | EQ24: =SUM(ER24:ET24) -> 46.648 | ER24: =+[1]Аппарат!ER24 -> 46.648 | ES24: =+[1]Аппарат!ES24 -> 0 | ET24: =+[1]Аппарат!ET24 -> 0 | EU24: =+EM24-EQ24 -> 1694.9173 | EV24: =+EQ24/EM24*100-100 -> -97.32149 | EW24: =SUM(EX24:EZ24) -> 1741.5653 | EX24: =+[1]Аппарат!EX24 -> 1741.5653 | EY24: =+[1]Аппарат!EY24 -> 0 | EZ24: =+[1]Аппарат!EZ24 -> 0 | FA24: =SUM(FB24:FD24) -> 46.648 | FB24: =+[1]Аппарат!FB24 -> 46.648 | FC24: =+[1]Аппарат!FC24 -> 0 | FD24: =+[1]Аппарат!FD24 -> 0 | FE24: =+EW24-FA24 -> 1694.9173 | FF24: =+FA24/EW24*100-100 -> -97.32149 | FG24: =SUM(FH24:FJ24) -> 1741.5653 | FH24: =+[1]Аппарат!FH24 -> 1741.5653 | FI24: =+[1]Аппарат!FI24 -> 0 | FJ24: =+[1]Аппарат!FJ24 -> 0 | FK24: =SUM(FL24:FN24) -> 46.648 | FL24: =+[1]Аппарат!FL24 -> 46.648 | FM24: =+[1]Аппарат!FM24 -> 0 | FN24: =+[1]Аппарат!FN24 -> 0 | FO24: =+FG24-FK24 -> 1694.9173 | FP24: =+FK24/FG24*100-100 -> -97.32149 | FQ24: =SUM(FR24:FT24) -> 5224.6958 | FR24: =+EN24+EX24+FH24 -> 5224.6958 | FS24: =+EO24+EY24+FI24 -> 0 | FT24: =+EP24+EZ24+FJ24 -> 0 | FU24: =SUM(FV24:FX24) -> 139.944 | FV24: =+ER24+FB24+FL24 -> 139.944 | FW24: =+ES24+FC24+FM24 -> 0 | FX24: =+ET24+FD24+FN24 -> 0 | FY24: =+FQ24-FU24 -> 5084.7518 | FZ24: =+FU24/FQ24*100-100 -> -97.32149 | GA24: =SUM(GB24:GD24) -> 10449.392 | GB24: =+DT24+FR24 -> 10449.392 | GC24: =+DU24+FS24 -> 0 | GD24: =+DV24+FT24 -> 0 | GE24: =SUM(GF24:GH24) -> 279.888 | GF24: =+DX24+FV24 -> 279.888 | GG24: =+DY24+FW24 -> 0 | GH24: =+DZ24+FX24 -> 0 | GI24: =+GA24-GE24 -> 10169.504 | GJ24: =+GE24/GA24*100-100 -> -97.32149 | GK24: =SUM(GL24:GN24) -> 12311.972 | GL24: =+ED24+FR24 -> 12311.972 | GM24: =+EE24+FS24 -> 0 | GN24: =+EF24+FT24 -> 0 | GO24: =SUM(GP24:GR24) -> 1900.9233 | GP24: =+EH24+FV24 -> 1900.9233 | GQ24: =+EI24+FW24 -> 0 | GR24: =+EJ24+FX24 -> 0 | GS24: =+GK24-GO24 -> 10411.048 | GT24: =+GO24/GK24*100-100 -> -84.560366 | GV24: =+GK24 -> 12311.972 | GW24: 756577.28 | GX24: =+GW24-CI24 -> 754956.24 | HD24: =GP23+GP24+GP27+GP28+GP103+125.27 -> 401376.27 | HE24: производ хар | HF24: =GP45+GP68+GP92+GP112+GP127+GP134+GP144+GP152+GP157+GP175+GP189 -> 314184.74 | HG24: прочие непроизвод
B25: Технологические потери электроэнергии | C25: =SUM(D25:F25) -> 217619.72 | D25: =+[1]Аппарат!D25 -> 217619.72 | E25: =+[1]Аппарат!E25 -> 0 | F25: =+[1]Аппарат!F25 -> 0 | G25: =SUM(H25:J25) -> 178972.28 | H25: =+[1]Аппарат!H25 -> 178972.28 | I25: =+[1]Аппарат!I25 -> 0 | J25: =+[1]Аппарат!J25 -> 0 | K25: =+C25-G25 -> 38647.434 | L25: =+G25/C25*100-100 -> -17.75916 | M25: =SUM(N25:P25) -> 178723.88 | N25: =+[1]Аппарат!N25 -> 178723.88 | O25: =+[1]Аппарат!O25 -> 0 | P25: =+[1]Аппарат!P25 -> 0 | Q25: =SUM(R25:T25) -> 137040.95 | R25: =+[1]Аппарат!R25 -> 137040.95 | S25: =+[1]Аппарат!S25 -> 0 | T25: =+[1]Аппарат!T25 -> 0 | U25: =+M25-Q25 -> 41682.921 | V25: =+Q25/M25*100-100 -> -23.322525 | W25: =SUM(X25:Z25) -> 172476.76 | X25: =+[1]Аппарат!X25 -> 172476.76 | Y25: =+[1]Аппарат!Y25 -> 0 | Z25: =+[1]Аппарат!Z25 -> 0 | AA25: =SUM(AB25:AD25) -> 62471.677 | AB25: =+[1]Аппарат!AB25 -> 62471.677 | AC25: =+[1]Аппарат!AC25 -> 0 | AD25: =+[1]Аппарат!AD25 -> 0 | AE25: =+W25-AA25 -> 110005.08 | AF25: =+AA25/W25*100-100 -> -63.779655 | AG25: =SUM(AH25:AJ25) -> 568820.35 | AH25: =+D25+N25+X25 -> 568820.35 | AI25: =+E25+O25+Y25 -> 0 | AJ25: =+F25+P25+Z25 -> 0 | AK25: =SUM(AL25:AN25) -> 378484.92 | AL25: =+H25+R25+AB25 -> 378484.92 | AM25: =+I25+S25+AC25 -> 0 | AN25: =+J25+T25+AD25 -> 0 | AO25: =+AG25-AK25 -> 190335.44 | AP25: =+AK25/AG25*100-100 -> -33.461432 | AQ25: =SUM(AR25:AT25) -> 107859.11 | AR25: =+[1]Аппарат!AR25 -> 107859.11 | AS25: =+[1]Аппарат!AS25 -> 0 | AT25: =+[1]Аппарат!AT25 -> 0 | AU25: =SUM(AV25:AX25) -> 215557.49 | AV25: =+[1]Аппарат!AV25 -> 215557.49 | AW25: =+[1]Аппарат!AW25 -> 0 | AX25: =+[1]Аппарат!AX25 -> 0 | AY25: =+AQ25-AU25 -> -107698.38 | AZ25: =+AU25/AQ25*100-100 -> 99.850983 | BA25: =SUM(BB25:BD25) -> 87414.183 | BB25: =+[1]Аппарат!BB25 -> 87414.183 | BC25: =+[1]Аппарат!BC25 -> 0 | BD25: =+[1]Аппарат!BD25 -> 0 | BE25: =SUM(BF25:BH25) -> 109551.78 | BF25: =+[1]Аппарат!BF25 -> 109551.78 | BG25: =+[1]Аппарат!BG25 -> 0 | BH25: =+[1]Аппарат!BH25 -> 0 | BI25: =+BA25-BE25 -> -22137.6 | BJ25: =+BE25/BA25*100-100 -> 25.324952 | BK25: =SUM(BL25:BN25) -> 73813.202 | BL25: =+[1]Аппарат!BL25 -> 73813.202 | BM25: =+[1]Аппарат!BM25 -> 0 | BN25: =+[1]Аппарат!BN25 -> 0 | BO25: =SUM(BP25:BR25) -> 52782.738 | BP25: =+[1]Аппарат!BP25 -> 52782.738 | BQ25: =+[1]Аппарат!BQ25 -> 0 | BR25: =+[1]Аппарат!BR25 -> 0 | BS25: =+BK25-BO25 -> 21030.464 | BT25: =+BO25/BK25*100-100 -> -28.491466 | BU25: =SUM(BV25:BX25) -> 269086.49 | BV25: =+AR25+BB25+BL25 -> 269086.49 | BW25: =+AS25+BC25+BM25 -> 0 | BX25: =+AT25+BD25+BN25 -> 0 | BY25: =SUM(BZ25:CB25) -> 377892.01 | BZ25: =+AV25+BF25+BP25 -> 377892.01 | CA25: =+AW25+BG25+BQ25 -> 0 | CB25: =+AX25+BH25+BR25 -> 0 | CC25: =+BU25-BY25 -> -108805.52 | CD25: =+BY25/BU25*100-100 -> 40.435146 | CE25: =SUM(CF25:CH25) -> 837906.85 | CF25: =+AH25+BV25 -> 837906.85 | CG25: =+AI25+BW25 -> 0 | CH25: =+AJ25+BX25 -> 0 | CI25: =SUM(CJ25:CL25) -> 756376.93 | CJ25: =+AL25+BZ25 -> 756376.93 | CK25: =+AM25+CA25 -> 0 | CL25: =+AN25+CB25 -> 0 | CM25: =+CE25-CI25 -> 81529.92 | CN25: =+CI25/CE25*100-100 -> -9.730189 | CO25: =SUM(CP25:CR25) -> 76149.149 | CP25: =+[1]Аппарат!CP25 -> 76149.149 | CQ25: =+[1]Аппарат!CQ25 -> 0 | CR25: =+[1]Аппарат!CR25 -> 0 | CS25: =SUM(CT25:CV25) -> 84400.023 | CT25: =+[1]Аппарат!CT25 -> 84400.023 | CU25: =+[1]Аппарат!CU25 -> 0 | CV25: =+[1]Аппарат!CV25 -> 0 | CW25: =+CO25-CS25 -> -8250.8745 | CX25: =+CS25/CO25*100-100 -> 10.83515 | CY25: =SUM(CZ25:DB25) -> 85409.666 | CZ25: =+[1]Аппарат!CZ25 -> 85409.666 | DA25: =+[1]Аппарат!DA25 -> 0 | DB25: =+[1]Аппарат!DB25 -> 0 | DC25: =SUM(DD25:DF25) -> 99849.912 | DD25: =+[1]Аппарат!DD25 -> 99849.912 | DE25: =+[1]Аппарат!DE25 -> 0 | DF25: =+[1]Аппарат!DF25 -> 0 | DG25: =+CY25-DC25 -> -14440.246 | DH25: =+DC25/CY25*100-100 -> 16.907039 | DI25: =SUM(DJ25:DL25) -> 112398.57 | DJ25: =+[1]Аппарат!DJ25 -> 112398.57 | DK25: =+[1]Аппарат!DK25 -> 0 | DL25: =+[1]Аппарат!DL25 -> 0 | DM25: =SUM(DN25:DP25) -> 144423.92 | DN25: =+[1]Аппарат!DN25 -> 144423.92 | DO25: =+[1]Аппарат!DO25 -> 0 | DP25: =+[1]Аппарат!DP25 -> 0 | DQ25: =+DI25-DM25 -> -32025.351 | DR25: =+DM25/DI25*100-100 -> 28.492669 | DS25: =SUM(DT25:DV25) -> 273957.38 | DT25: =+CP25+CZ25+DJ25 -> 273957.38 | DU25: =+CQ25+DA25+DK25 -> 0 | DV25: =+CR25+DB25+DL25 -> 0 | DW25: =SUM(DX25:DZ25) -> 328673.85 | DX25: =+CT25+DD25+DN25 -> 328673.85 | DY25: =+CU25+DE25+DO25 -> 0 | DZ25: =+CV25+DF25+DP25 -> 0 | EA25: =+DS25-DW25 -> -54716.471 | EB25: =+DW25/DS25*100-100 -> 19.972622 | EC25: =SUM(ED25:EF25) -> 1111864.2 | ED25: =+CF25+DT25 -> 1111864.2 | EE25: =+CG25+DU25 -> 0 | EF25: =+CH25+DV25 -> 0 | EG25: =SUM(EH25:EJ25) -> 1085050.8 | EH25: =+CJ25+DX25 -> 1085050.8 | EI25: =+CK25+DY25 -> 0 | EJ25: =+CL25+DZ25 -> 0 | EK25: =+EC25-EG25 -> 26813.448 | EL25: =+EG25/EC25*100-100 -> -2.4115758 | EM25: =SUM(EN25:EP25) -> 161428.48 | EN25: =+[1]Аппарат!EN25 -> 161428.48 | EO25: =+[1]Аппарат!EO25 -> 0 | EP25: =+[1]Аппарат!EP25 -> 0 | EQ25: =SUM(ER25:ET25) -> 211277.14 | ER25: =+[1]Аппарат!ER25 -> 211277.14 | ES25: =+[1]Аппарат!ES25 -> 0 | ET25: =+[1]Аппарат!ET25 -> 0 | EU25: =+EM25-EQ25 -> -49848.653 | EV25: =+EQ25/EM25*100-100 -> 30.879713 | EW25: =SUM(EX25:EZ25) -> 185885.48 | EX25: =+[1]Аппарат!EX25 -> 185885.48 | EY25: =+[1]Аппарат!EY25 -> 0 | EZ25: =+[1]Аппарат!EZ25 -> 0 | FA25: =SUM(FB25:FD25) -> 230550.97 | FB25: =+[1]Аппарат!FB25 -> 230550.97 | FC25: =+[1]Аппарат!FC25 -> 0 | FD25: =+[1]Аппарат!FD25 -> 0 | FE25: =+EW25-FA25 -> -44665.493 | FF25: =+FA25/EW25*100-100 -> 24.0285 | FG25: =SUM(FH25:FJ25) -> 214568.01 | FH25: =+[1]Аппарат!FH25 -> 214568.01 | FI25: =+[1]Аппарат!FI25 -> 0 | FJ25: =+[1]Аппарат!FJ25 -> 0 | FK25: =SUM(FL25:FN25) -> 251296.26 | FL25: =+[1]Аппарат!FL25 -> 251296.26 | FM25: =+[1]Аппарат!FM25 -> 0 | FN25: =+[1]Аппарат!FN25 -> 0 | FO25: =+FG25-FK25 -> -36728.257 | FP25: =+FK25/FG25*100-100 -> 17.117304 | FQ25: =SUM(FR25:FT25) -> 561881.97 | FR25: =+EN25+EX25+FH25 -> 561881.97 | FS25: =+EO25+EY25+FI25 -> 0 | FT25: =+EP25+EZ25+FJ25 -> 0 | FU25: =SUM(FV25:FX25) -> 693124.37 | FV25: =+ER25+FB25+FL25 -> 693124.37 | FW25: =+ES25+FC25+FM25 -> 0 | FX25: =+ET25+FD25+FN25 -> 0 | FY25: =+FQ25-FU25 -> -131242.4 | FZ25: =+FU25/FQ25*100-100 -> 23.357646 | GA25: =SUM(GB25:GD25) -> 835839.35 | GB25: =+DT25+FR25 -> 835839.35 | GC25: =+DU25+FS25 -> 0 | GD25: =+DV25+FT25 -> 0 | GE25: =SUM(GF25:GH25) -> 1021798.2 | GF25: =+DX25+FV25 -> 1021798.2 | GG25: =+DY25+FW25 -> 0 | GH25: =+DZ25+FX25 -> 0 | GI25: =+GA25-GE25 -> -185958.87 | GJ25: =+GE25/GA25*100-100 -> 22.24816 | GK25: =SUM(GL25:GN25) -> 1673746.2 | GL25: =+ED25+FR25 -> 1673746.2 | GM25: =+EE25+FS25 -> 0 | GN25: =+EF25+FT25 -> 0 | GO25: =SUM(GP25:GR25) -> 1778175.2 | GP25: =+EH25+FV25 -> 1778175.2 | GQ25: =+EI25+FW25 -> 0 | GR25: =+EJ25+FX25 -> 0 | GS25: =+GK25-GO25 -> -104428.95 | GT25: =+GO25/GK25*100-100 -> 6.2392347 | GV25: =+GK25 -> 1673746.2 | GW25: =165464.09841+5311.94197+28982.62 -> 199758.66 | GX25: =+GW25-CI25 -> -556618.27 | HF25: =GP22+GP64+GP73 -> 601506.83 | HG25: аренда
B26: Капитальный ремонт электросетей | C26: =SUM(D26:F26) -> 11975.385 | D26: =+[1]Аппарат!D26 -> 11975.385 | E26: =+[1]Аппарат!E26 -> 0 | F26: =+[1]Аппарат!F26 -> 0 | G26: =SUM(H26:J26) -> 7820.217 | H26: =+[1]Аппарат!H26 -> 7820.217 | I26: =+[1]Аппарат!I26 -> 0 | J26: =+[1]Аппарат!J26 -> 0 | K26: =+C26-G26 -> 4155.1681 | L26: =+G26/C26*100-100 -> -34.697574 | M26: =SUM(N26:P26) -> 407.80328 | N26: =+[1]Аппарат!N26 -> 407.80328 | O26: =+[1]Аппарат!O26 -> 0 | P26: =+[1]Аппарат!P26 -> 0 | Q26: =SUM(R26:T26) -> 4950.285 | R26: =+[1]Аппарат!R26 -> 4950.285 | S26: =+[1]Аппарат!S26 -> 0 | T26: =+[1]Аппарат!T26 -> 0 | U26: =+M26-Q26 -> -4542.4817 | V26: =+Q26/M26*100-100 -> 1113.8904 | W26: =SUM(X26:Z26) -> 0 | X26: =+[1]Аппарат!X26 -> 0 | Y26: =+[1]Аппарат!Y26 -> 0 | Z26: =+[1]Аппарат!Z26 -> 0 | AA26: =SUM(AB26:AD26) -> 6071.395 | AB26: =+[1]Аппарат!AB26 -> 6071.395 | AC26: =+[1]Аппарат!AC26 -> 0 | AD26: =+[1]Аппарат!AD26 -> 0 | AE26: =+W26-AA26 -> -6071.395 | AF26: =+AA26/W26*100-100 -> #DIV/0! | AG26: =SUM(AH26:AJ26) -> 12383.188 | AH26: =+D26+N26+X26 -> 12383.188 | AI26: =+E26+O26+Y26 -> 0 | AJ26: =+F26+P26+Z26 -> 0 | AK26: =SUM(AL26:AN26) -> 18841.897 | AL26: =+H26+R26+AB26 -> 18841.897 | AM26: =+I26+S26+AC26 -> 0 | AN26: =+J26+T26+AD26 -> 0 | AO26: =+AG26-AK26 -> -6458.7086 | AP26: =+AK26/AG26*100-100 -> 52.157073 | AQ26: =SUM(AR26:AT26) -> 19000 | AR26: =+[1]Аппарат!AR26 -> 19000 | AS26: =+[1]Аппарат!AS26 -> 0 | AT26: =+[1]Аппарат!AT26 -> 0 | AU26: =SUM(AV26:AX26) -> 7823.0355 | AV26: =+[1]Аппарат!AV26 -> 7823.0355 | AW26: =+[1]Аппарат!AW26 -> 0 | AX26: =+[1]Аппарат!AX26 -> 0 | AY26: =+AQ26-AU26 -> 11176.965 | AZ26: =+AU26/AQ26*100-100 -> -58.826129 | BA26: =SUM(BB26:BD26) -> 219605.81 | BB26: =+[1]Аппарат!BB26 -> 219605.81 | BC26: =+[1]Аппарат!BC26 -> 0 | BD26: =+[1]Аппарат!BD26 -> 0 | BE26: =SUM(BF26:BH26) -> 31787.099 | BF26: =+[1]Аппарат!BF26 -> 31787.099 | BG26: =+[1]Аппарат!BG26 -> 0 | BH26: =+[1]Аппарат!BH26 -> 0 | BI26: =+BA26-BE26 -> 187818.71 | BJ26: =+BE26/BA26*100-100 -> -85.525383 | BK26: =SUM(BL26:BN26) -> 185339.82 | BL26: =+[1]Аппарат!BL26 -> 185339.82 | BM26: =+[1]Аппарат!BM26 -> 0 | BN26: =+[1]Аппарат!BN26 -> 0 | BO26: =SUM(BP26:BR26) -> 115854.91 | BP26: =+[1]Аппарат!BP26 -> 115854.91 | BQ26: =+[1]Аппарат!BQ26 -> 0 | BR26: =+[1]Аппарат!BR26 -> 0 | BS26: =+BK26-BO26 -> 69484.904 | BT26: =+BO26/BK26*100-100 -> -37.490543 | BU26: =SUM(BV26:BX26) -> 423945.63 | BV26: =+AR26+BB26+BL26 -> 423945.63 | BW26: =+AS26+BC26+BM26 -> 0 | BX26: =+AT26+BD26+BN26 -> 0 | BY26: =SUM(BZ26:CB26) -> 155465.05 | BZ26: =+AV26+BF26+BP26 -> 155465.05 | CA26: =+AW26+BG26+BQ26 -> 0 | CB26: =+AX26+BH26+BR26 -> 0 | CC26: =+BU26-BY26 -> 268480.58 | CD26: =+BY26/BU26*100-100 -> -63.329012 | CE26: =SUM(CF26:CH26) -> 436328.81 | CF26: =+AH26+BV26 -> 436328.81 | CG26: =+AI26+BW26 -> 0 | CH26: =+AJ26+BX26 -> 0 | CI26: =SUM(CJ26:CL26) -> 174306.95 | CJ26: =+AL26+BZ26 -> 174306.95 | CK26: =+AM26+CA26 -> 0 | CL26: =+AN26+CB26 -> 0 | CM26: =+CE26-CI26 -> 262021.87 | CN26: =+CI26/CE26*100-100 -> -60.05147 | CO26: =SUM(CP26:CR26) -> 32250.644 | CP26: =+[1]Аппарат!CP26 -> 32250.644 | CQ26: =+[1]Аппарат!CQ26 -> 0 | CR26: =+[1]Аппарат!CR26 -> 0 | CS26: =SUM(CT26:CV26) -> 31612.004 | CT26: =+[1]Аппарат!CT26 -> 31612.004 | CU26: =+[1]Аппарат!CU26 -> 0 | CV26: =+[1]Аппарат!CV26 -> 0 | CW26: =+CO26-CS26 -> 638.64014 | CX26: =+CS26/CO26*100-100 -> -1.98024 | CY26: =SUM(CZ26:DB26) -> 13278.012 | CZ26: =+[1]Аппарат!CZ26 -> 13278.012 | DA26: =+[1]Аппарат!DA26 -> 0 | DB26: =+[1]Аппарат!DB26 -> 0 | DC26: =SUM(DD26:DF26) -> 88287.34 | DD26: =+[1]Аппарат!DD26 -> 88287.34 | DE26: =+[1]Аппарат!DE26 -> 0 | DF26: =+[1]Аппарат!DF26 -> 0 | DG26: =+CY26-DC26 -> -75009.328 | DH26: =+DC26/CY26*100-100 -> 564.91386 | DI26: =SUM(DJ26:DL26) -> 5712.1413 | DJ26: =+[1]Аппарат!DJ26 -> 5712.1413 | DK26: =+[1]Аппарат!DK26 -> 0 | DL26: =+[1]Аппарат!DL26 -> 0 | DM26: =SUM(DN26:DP26) -> 138462.84 | DN26: =+[1]Аппарат!DN26 -> 138462.84 | DO26: =+[1]Аппарат!DO26 -> 0 | DP26: =+[1]Аппарат!DP26 -> 0 | DQ26: =+DI26-DM26 -> -132750.7 | DR26: =+DM26/DI26*100-100 -> 2324.0094 | DS26: =SUM(DT26:DV26) -> 51240.797 | DT26: =+CP26+CZ26+DJ26 -> 51240.797 | DU26: =+CQ26+DA26+DK26 -> 0 | DV26: =+CR26+DB26+DL26 -> 0 | DW26: =SUM(DX26:DZ26) -> 258362.18 | DX26: =+CT26+DD26+DN26 -> 258362.18 | DY26: =+CU26+DE26+DO26 -> 0 | DZ26: =+CV26+DF26+DP26 -> 0 | EA26: =+DS26-DW26 -> -207121.39 | EB26: =+DW26/DS26*100-100 -> 404.21187 | EC26: =SUM(ED26:EF26) -> 487569.61 | ED26: =+CF26+DT26 -> 487569.61 | EE26: =+CG26+DU26 -> 0 | EF26: =+CH26+DV26 -> 0 | EG26: =SUM(EH26:EJ26) -> 432669.13 | EH26: =+CJ26+DX26 -> 432669.13 | EI26: =+CK26+DY26 -> 0 | EJ26: =+CL26+DZ26 -> 0 | EK26: =+EC26-EG26 -> 54900.484 | EL26: =+EG26/EC26*100-100 -> -11.26003 | EM26: =SUM(EN26:EP26) -> 30000 | EN26: =+[1]Аппарат!EN26 -> 30000 | EO26: =+[1]Аппарат!EO26 -> 0 | EP26: =+[1]Аппарат!EP26 -> 0 | EQ26: =SUM(ER26:ET26) -> 35424.366 | ER26: =+[1]Аппарат!ER26 -> 35424.366 | ES26: =+[1]Аппарат!ES26 -> 0 | ET26: =+[1]Аппарат!ET26 -> 0 | EU26: =+EM26-EQ26 -> -5424.366 | EV26: =+EQ26/EM26*100-100 -> 18.08122 | EW26: =SUM(EX26:EZ26) -> 125000 | EX26: =+[1]Аппарат!EX26 -> 125000 | EY26: =+[1]Аппарат!EY26 -> 0 | EZ26: =+[1]Аппарат!EZ26 -> 0 | FA26: =SUM(FB26:FD26) -> 83444.313 | FB26: =+[1]Аппарат!FB26 -> 83444.313 | FC26: =+[1]Аппарат!FC26 -> 0 | FD26: =+[1]Аппарат!FD26 -> 0 | FE26: =+EW26-FA26 -> 41555.687 | FF26: =+FA26/EW26*100-100 -> -33.24455 | FG26: =SUM(FH26:FJ26) -> 107529.85 | FH26: =+[1]Аппарат!FH26 -> 107529.85 | FI26: =+[1]Аппарат!FI26 -> 0 | FJ26: =+[1]Аппарат!FJ26 -> 0 | FK26: =SUM(FL26:FN26) -> 86723.211 | FL26: =+[1]Аппарат!FL26 -> 86723.211 | FM26: =+[1]Аппарат!FM26 -> 0 | FN26: =+[1]Аппарат!FN26 -> 0 | FO26: =+FG26-FK26 -> 20806.639 | FP26: =+FK26/FG26*100-100 -> -19.34964 | FQ26: =SUM(FR26:FT26) -> 262529.85 | FR26: =+EN26+EX26+FH26 -> 262529.85 | FS26: =+EO26+EY26+FI26 -> 0 | FT26: =+EP26+EZ26+FJ26 -> 0 | FU26: =SUM(FV26:FX26) -> 205591.89 | FV26: =+ER26+FB26+FL26 -> 205591.89 | FW26: =+ES26+FC26+FM26 -> 0 | FX26: =+ET26+FD26+FN26 -> 0 | FY26: =+FQ26-FU26 -> 56937.96 | FZ26: =+FU26/FQ26*100-100 -> -21.688185 | GA26: =SUM(GB26:GD26) -> 313770.65 | GB26: =+DT26+FR26 -> 313770.65 | GC26: =+DU26+FS26 -> 0 | GD26: =+DV26+FT26 -> 0 | GE26: =SUM(GF26:GH26) -> 463954.07 | GF26: =+DX26+FV26 -> 463954.07 | GG26: =+DY26+FW26 -> 0 | GH26: =+DZ26+FX26 -> 0 | GI26: =+GA26-GE26 -> -150183.43 | GJ26: =+GE26/GA26*100-100 -> 47.864078 | GK26: =SUM(GL26:GN26) -> 750099.46 | GL26: =+ED26+FR26 -> 750099.46 | GM26: =+EE26+FS26 -> 0 | GN26: =+EF26+FT26 -> 0 | GO26: =SUM(GP26:GR26) -> 638261.02 | GP26: =+EH26+FV26 -> 638261.02 | GQ26: =+EI26+FW26 -> 0 | GR26: =+EJ26+FX26 -> 0 | GS26: =+GK26-GO26 -> 111838.44 | GT26: =+GO26/GK26*100-100 -> -14.909815 | GV26: =+GK26 -> 750099.46 | GW26: 435.44 | GX26: =+GW26-CI26 -> -173871.51 | HD26: =GO26+GO81 -> 749872.15 | HF26: =GP116+GP207 -> 32010.246 | HG26: налоги
B27: Услуги по выявлению неучтенного потребления эл.эн. | C27: =SUM(D27:F27) -> 550 | D27: =+[1]Аппарат!D27 -> 550 | E27: =+[1]Аппарат!E27 -> 0 | F27: =+[1]Аппарат!F27 -> 0 | G27: =SUM(H27:J27) -> 435.44 | H27: =+[1]Аппарат!H27 -> 435.44 | I27: =+[1]Аппарат!I27 -> 0 | J27: =+[1]Аппарат!J27 -> 0 | K27: =+C27-G27 -> 114.56 | L27: =+G27/C27*100-100 -> -20.829091 | M27: =SUM(N27:P27) -> 550 | N27: =+[1]Аппарат!N27 -> 550 | O27: =+[1]Аппарат!O27 -> 0 | P27: =+[1]Аппарат!P27 -> 0 | Q27: =SUM(R27:T27) -> 0 | R27: =+[1]Аппарат!R27 -> 0 | S27: =+[1]Аппарат!S27 -> 0 | T27: =+[1]Аппарат!T27 -> 0 | U27: =+M27-Q27 -> 550 | V27: =+Q27/M27*100-100 -> -100 | W27: =SUM(X27:Z27) -> 550 | X27: =+[1]Аппарат!X27 -> 550 | Y27: =+[1]Аппарат!Y27 -> 0 | Z27: =+[1]Аппарат!Z27 -> 0 | AA27: =SUM(AB27:AD27) -> 0 | AB27: =+[1]Аппарат!AB27 -> 0 | AC27: =+[1]Аппарат!AC27 -> 0 | AD27: =+[1]Аппарат!AD27 -> 0 | AE27: =+W27-AA27 -> 550 | AF27: =+AA27/W27*100-100 -> -100 | AG27: =SUM(AH27:AJ27) -> 1650 | AH27: =+D27+N27+X27 -> 1650 | AI27: =+E27+O27+Y27 -> 0 | AJ27: =+F27+P27+Z27 -> 0 | AK27: =SUM(AL27:AN27) -> 435.44 | AL27: =+H27+R27+AB27 -> 435.44 | AM27: =+I27+S27+AC27 -> 0 | AN27: =+J27+T27+AD27 -> 0 | AO27: =+AG27-AK27 -> 1214.56 | AP27: =+AK27/AG27*100-100 -> -73.609697 | AQ27: =SUM(AR27:AT27) -> 550 | AR27: =+[1]Аппарат!AR27 -> 550 | AS27: =+[1]Аппарат!AS27 -> 0 | AT27: =+[1]Аппарат!AT27 -> 0 | AU27: =SUM(AV27:AX27) -> 0 | AV27: =+[1]Аппарат!AV27 -> 0 | AW27: =+[1]Аппарат!AW27 -> 0 | AX27: =+[1]Аппарат!AX27 -> 0 | AY27: =+AQ27-AU27 -> 550 | AZ27: =+AU27/AQ27*100-100 -> -100 | BA27: =SUM(BB27:BD27) -> 550 | BB27: =+[1]Аппарат!BB27 -> 550 | BC27: =+[1]Аппарат!BC27 -> 0 | BD27: =+[1]Аппарат!BD27 -> 0 | BE27: =SUM(BF27:BH27) -> 0 | BF27: =+[1]Аппарат!BF27 -> 0 | BG27: =+[1]Аппарат!BG27 -> 0 | BH27: =+[1]Аппарат!BH27 -> 0 | BI27: =+BA27-BE27 -> 550 | BJ27: =+BE27/BA27*100-100 -> -100 | BK27: =SUM(BL27:BN27) -> 550 | BL27: =+[1]Аппарат!BL27 -> 550 | BM27: =+[1]Аппарат!BM27 -> 0 | BN27: =+[1]Аппарат!BN27 -> 0 | BO27: =SUM(BP27:BR27) -> 0 | BP27: =+[1]Аппарат!BP27 -> 0 | BQ27: =+[1]Аппарат!BQ27 -> 0 | BR27: =+[1]Аппарат!BR27 -> 0 | BS27: =+BK27-BO27 -> 550 | BT27: =+BO27/BK27*100-100 -> -100 | BU27: =SUM(BV27:BX27) -> 1650 | BV27: =+AR27+BB27+BL27 -> 1650 | BW27: =+AS27+BC27+BM27 -> 0 | BX27: =+AT27+BD27+BN27 -> 0 | BY27: =SUM(BZ27:CB27) -> 0 | BZ27: =+AV27+BF27+BP27 -> 0 | CA27: =+AW27+BG27+BQ27 -> 0 | CB27: =+AX27+BH27+BR27 -> 0 | CC27: =+BU27-BY27 -> 1650 | CD27: =+BY27/BU27*100-100 -> -100 | CE27: =SUM(CF27:CH27) -> 3300 | CF27: =+AH27+BV27 -> 3300 | CG27: =+AI27+BW27 -> 0 | CH27: =+AJ27+BX27 -> 0 | CI27: =SUM(CJ27:CL27) -> 435.44 | CJ27: =+AL27+BZ27 -> 435.44 | CK27: =+AM27+CA27 -> 0 | CL27: =+AN27+CB27 -> 0 | CM27: =+CE27-CI27 -> 2864.56 | CN27: =+CI27/CE27*100-100 -> -86.804848 | CO27: =SUM(CP27:CR27) -> 550 | CP27: =+[1]Аппарат!CP27 -> 550 | CQ27: =+[1]Аппарат!CQ27 -> 0 | CR27: =+[1]Аппарат!CR27 -> 0 | CS27: =SUM(CT27:CV27) -> 0 | CT27: =+[1]Аппарат!CT27 -> 0 | CU27: =+[1]Аппарат!CU27 -> 0 | CV27: =+[1]Аппарат!CV27 -> 0 | CW27: =+CO27-CS27 -> 550 | CX27: =+CS27/CO27*100-100 -> -100 | CY27: =SUM(CZ27:DB27) -> 550 | CZ27: =+[1]Аппарат!CZ27 -> 550 | DA27: =+[1]Аппарат!DA27 -> 0 | DB27: =+[1]Аппарат!DB27 -> 0 | DC27: =SUM(DD27:DF27) -> 0 | DD27: =+[1]Аппарат!DD27 -> 0 | DE27: =+[1]Аппарат!DE27 -> 0 | DF27: =+[1]Аппарат!DF27 -> 0 | DG27: =+CY27-DC27 -> 550 | DH27: =+DC27/CY27*100-100 -> -100 | DI27: =SUM(DJ27:DL27) -> 550 | DJ27: =+[1]Аппарат!DJ27 -> 550 | DK27: =+[1]Аппарат!DK27 -> 0 | DL27: =+[1]Аппарат!DL27 -> 0 | DM27: =SUM(DN27:DP27) -> 0 | DN27: =+[1]Аппарат!DN27 -> 0 | DO27: =+[1]Аппарат!DO27 -> 0 | DP27: =+[1]Аппарат!DP27 -> 0 | DQ27: =+DI27-DM27 -> 550 | DR27: =+DM27/DI27*100-100 -> -100 | DS27: =SUM(DT27:DV27) -> 1650 | DT27: =+CP27+CZ27+DJ27 -> 1650 | DU27: =+CQ27+DA27+DK27 -> 0 | DV27: =+CR27+DB27+DL27 -> 0 | DW27: =SUM(DX27:DZ27) -> 0 | DX27: =+CT27+DD27+DN27 -> 0 | DY27: =+CU27+DE27+DO27 -> 0 | DZ27: =+CV27+DF27+DP27 -> 0 | EA27: =+DS27-DW27 -> 1650 | EB27: =+DW27/DS27*100-100 -> -100 | EC27: =SUM(ED27:EF27) -> 4950 | ED27: =+CF27+DT27 -> 4950 | EE27: =+CG27+DU27 -> 0 | EF27: =+CH27+DV27 -> 0 | EG27: =SUM(EH27:EJ27) -> 435.44 | EH27: =+CJ27+DX27 -> 435.44 | EI27: =+CK27+DY27 -> 0 | EJ27: =+CL27+DZ27 -> 0 | EK27: =+EC27-EG27 -> 4514.56 | EL27: =+EG27/EC27*100-100 -> -91.203232 | EM27: =SUM(EN27:EP27) -> 550 | EN27: =+[1]Аппарат!EN27 -> 550 | EO27: =+[1]Аппарат!EO27 -> 0 | EP27: =+[1]Аппарат!EP27 -> 0 | EQ27: =SUM(ER27:ET27) -> 0 | ER27: =+[1]Аппарат!ER27 -> 0 | ES27: =+[1]Аппарат!ES27 -> 0 | ET27: =+[1]Аппарат!ET27 -> 0 | EU27: =+EM27-EQ27 -> 550 | EV27: =+EQ27/EM27*100-100 -> -100 | EW27: =SUM(EX27:EZ27) -> 550 | EX27: =+[1]Аппарат!EX27 -> 550 | EY27: =+[1]Аппарат!EY27 -> 0 | EZ27: =+[1]Аппарат!EZ27 -> 0 | FA27: =SUM(FB27:FD27) -> 0 | FB27: =+[1]Аппарат!FB27 -> 0 | FC27: =+[1]Аппарат!FC27 -> 0 | FD27: =+[1]Аппарат!FD27 -> 0 | FE27: =+EW27-FA27 -> 550 | FF27: =+FA27/EW27*100-100 -> -100 | FG27: =SUM(FH27:FJ27) -> 550 | FH27: =+[1]Аппарат!FH27 -> 550 | FI27: =+[1]Аппарат!FI27 -> 0 | FJ27: =+[1]Аппарат!FJ27 -> 0 | FK27: =SUM(FL27:FN27) -> 0 | FL27: =+[1]Аппарат!FL27 -> 0 | FM27: =+[1]Аппарат!FM27 -> 0 | FN27: =+[1]Аппарат!FN27 -> 0 | FO27: =+FG27-FK27 -> 550 | FP27: =+FK27/FG27*100-100 -> -100 | FQ27: =SUM(FR27:FT27) -> 1650 | FR27: =+EN27+EX27+FH27 -> 1650 | FS27: =+EO27+EY27+FI27 -> 0 | FT27: =+EP27+EZ27+FJ27 -> 0 | FU27: =SUM(FV27:FX27) -> 0 | FV27: =+ER27+FB27+FL27 -> 0 | FW27: =+ES27+FC27+FM27 -> 0 | FX27: =+ET27+FD27+FN27 -> 0 | FY27: =+FQ27-FU27 -> 1650 | FZ27: =+FU27/FQ27*100-100 -> -100 | GA27: =SUM(GB27:GD27) -> 3300 | GB27: =+DT27+FR27 -> 3300 | GC27: =+DU27+FS27 -> 0 | GD27: =+DV27+FT27 -> 0 | GE27: =SUM(GF27:GH27) -> 0 | GF27: =+DX27+FV27 -> 0 | GG27: =+DY27+FW27 -> 0 | GH27: =+DZ27+FX27 -> 0 | GI27: =+GA27-GE27 -> 3300 | GJ27: =+GE27/GA27*100-100 -> -100 | GK27: =SUM(GL27:GN27) -> 6600 | GL27: =+ED27+FR27 -> 6600 | GM27: =+EE27+FS27 -> 0 | GN27: =+EF27+FT27 -> 0 | GO27: =SUM(GP27:GR27) -> 435.44 | GP27: =+EH27+FV27 -> 435.44 | GQ27: =+EI27+FW27 -> 0 | GR27: =+EJ27+FX27 -> 0 | GS27: =+GK27-GO27 -> 6164.56 | GT27: =+GO27/GK27*100-100 -> -93.402424 | GV27: =+GK27 -> 6600 | GW27: 57907.146 | GX27: =+GW27-CI27 -> 57471.706 | HD27: 750120.69 | HF27: =GP169 -> 74687.914 | HG27: проч.неподкконтр
B28: Оказание услуг по устранению последствий аварийных ситуаций в электросетях | C28: =SUM(D28:F28) -> 9627.118 | D28: =+[1]Аппарат!D28 -> 9627.118 | E28: =+[1]Аппарат!E28 -> 0 | F28: =+[1]Аппарат!F28 -> 0 | G28: =SUM(H28:J28) -> 9627.118 | H28: =+[1]Аппарат!H28 -> 9627.118 | I28: =+[1]Аппарат!I28 -> 0 | J28: =+[1]Аппарат!J28 -> 0 | K28: =+C28-G28 -> 0 | L28: =+G28/C28*100-100 -> 0 | M28: =SUM(N28:P28) -> 9627.118 | N28: =+[1]Аппарат!N28 -> 9627.118 | O28: =+[1]Аппарат!O28 -> 0 | P28: =+[1]Аппарат!P28 -> 0 | Q28: =SUM(R28:T28) -> 9627.118 | R28: =+[1]Аппарат!R28 -> 9627.118 | S28: =+[1]Аппарат!S28 -> 0 | T28: =+[1]Аппарат!T28 -> 0 | U28: =+M28-Q28 -> 0 | V28: =+Q28/M28*100-100 -> 0 | W28: =SUM(X28:Z28) -> 9627.118 | X28: =+[1]Аппарат!X28 -> 9627.118 | Y28: =+[1]Аппарат!Y28 -> 0 | Z28: =+[1]Аппарат!Z28 -> 0 | AA28: =SUM(AB28:AD28) -> 9627.118 | AB28: =+[1]Аппарат!AB28 -> 9627.118 | AC28: =+[1]Аппарат!AC28 -> 0 | AD28: =+[1]Аппарат!AD28 -> 0 | AE28: =+W28-AA28 -> 0 | AF28: =+AA28/W28*100-100 -> 0 | AG28: =SUM(AH28:AJ28) -> 28881.354 | AH28: =+D28+N28+X28 -> 28881.354 | AI28: =+E28+O28+Y28 -> 0 | AJ28: =+F28+P28+Z28 -> 0 | AK28: =SUM(AL28:AN28) -> 28881.354 | AL28: =+H28+R28+AB28 -> 28881.354 | AM28: =+I28+S28+AC28 -> 0 | AN28: =+J28+T28+AD28 -> 0 | AO28: =+AG28-AK28 -> 0 | AP28: =+AK28/AG28*100-100 -> 0 | AQ28: =SUM(AR28:AT28) -> 9627.118 | AR28: =+[1]Аппарат!AR28 -> 9627.118 | AS28: =+[1]Аппарат!AS28 -> 0 | AT28: =+[1]Аппарат!AT28 -> 0 | AU28: =SUM(AV28:AX28) -> 9627.1186 | AV28: =+[1]Аппарат!AV28 -> 9627.1186 | AW28: =+[1]Аппарат!AW28 -> 0 | AX28: =+[1]Аппарат!AX28 -> 0 | AY28: =+AQ28-AU28 -> -0.00064 | AZ28: =+AU28/AQ28*100-100 -> 6.6478878e-06 | BA28: =SUM(BB28:BD28) -> 9627.118 | BB28: =+[1]Аппарат!BB28 -> 9627.118 | BC28: =+[1]Аппарат!BC28 -> 0 | BD28: =+[1]Аппарат!BD28 -> 0 | BE28: =SUM(BF28:BH28) -> 9627.118 | BF28: =+[1]Аппарат!BF28 -> 9627.118 | BG28: =+[1]Аппарат!BG28 -> 0 | BH28: =+[1]Аппарат!BH28 -> 0 | BI28: =+BA28-BE28 -> 0 | BJ28: =+BE28/BA28*100-100 -> 0 | BK28: =SUM(BL28:BN28) -> 9627.118 | BL28: =+[1]Аппарат!BL28 -> 9627.118 | BM28: =+[1]Аппарат!BM28 -> 0 | BN28: =+[1]Аппарат!BN28 -> 0 | BO28: =SUM(BP28:BR28) -> 9627.118 | BP28: =+[1]Аппарат!BP28 -> 9627.118 | BQ28: =+[1]Аппарат!BQ28 -> 0 | BR28: =+[1]Аппарат!BR28 -> 0 | BS28: =+BK28-BO28 -> 0 | BT28: =+BO28/BK28*100-100 -> 0 | BU28: =SUM(BV28:BX28) -> 28881.354 | BV28: =+AR28+BB28+BL28 -> 28881.354 | BW28: =+AS28+BC28+BM28 -> 0 | BX28: =+AT28+BD28+BN28 -> 0 | BY28: =SUM(BZ28:CB28) -> 28881.355 | BZ28: =+AV28+BF28+BP28 -> 28881.355 | CA28: =+AW28+BG28+BQ28 -> 0 | CB28: =+AX28+BH28+BR28 -> 0 | CC28: =+BU28-BY28 -> -0.00064000001 | CD28: =+BY28/BU28*100-100 -> 2.2159626e-06 | CE28: =SUM(CF28:CH28) -> 57762.708 | CF28: =+AH28+BV28 -> 57762.708 | CG28: =+AI28+BW28 -> 0 | CH28: =+AJ28+BX28 -> 0 | CI28: =SUM(CJ28:CL28) -> 57762.709 | CJ28: =+AL28+BZ28 -> 57762.709 | CK28: =+AM28+CA28 -> 0 | CL28: =+AN28+CB28 -> 0 | CM28: =+CE28-CI28 -> -0.00064000001 | CN28: =+CI28/CE28*100-100 -> 1.1079813e-06 | CO28: =SUM(CP28:CR28) -> 9627.118 | CP28: =+[1]Аппарат!CP28 -> 9627.118 | CQ28: =+[1]Аппарат!CQ28 -> 0 | CR28: =+[1]Аппарат!CR28 -> 0 | CS28: =SUM(CT28:CV28) -> 9627.118 | CT28: =+[1]Аппарат!CT28 -> 9627.118 | CU28: =+[1]Аппарат!CU28 -> 0 | CV28: =+[1]Аппарат!CV28 -> 0 | CW28: =+CO28-CS28 -> 0 | CX28: =+CS28/CO28*100-100 -> 0 | CY28: =SUM(CZ28:DB28) -> 9627.118 | CZ28: =+[1]Аппарат!CZ28 -> 9627.118 | DA28: =+[1]Аппарат!DA28 -> 0 | DB28: =+[1]Аппарат!DB28 -> 0 | DC28: =SUM(DD28:DF28) -> 9627.118 | DD28: =+[1]Аппарат!DD28 -> 9627.118 | DE28: =+[1]Аппарат!DE28 -> 0 | DF28: =+[1]Аппарат!DF28 -> 0 | DG28: =+CY28-DC28 -> 0 | DH28: =+DC28/CY28*100-100 -> 0 | DI28: =SUM(DJ28:DL28) -> 9627.118 | DJ28: =+[1]Аппарат!DJ28 -> 9627.118 | DK28: =+[1]Аппарат!DK28 -> 0 | DL28: =+[1]Аппарат!DL28 -> 0 | DM28: =SUM(DN28:DP28) -> 9627.118 | DN28: =+[1]Аппарат!DN28 -> 9627.118 | DO28: =+[1]Аппарат!DO28 -> 0 | DP28: =+[1]Аппарат!DP28 -> 0 | DQ28: =+DI28-DM28 -> 0 | DR28: =+DM28/DI28*100-100 -> 0 | DS28: =SUM(DT28:DV28) -> 28881.354 | DT28: =+CP28+CZ28+DJ28 -> 28881.354 | DU28: =+CQ28+DA28+DK28 -> 0 | DV28: =+CR28+DB28+DL28 -> 0 | DW28: =SUM(DX28:DZ28) -> 28881.354 | DX28: =+CT28+DD28+DN28 -> 28881.354 | DY28: =+CU28+DE28+DO28 -> 0 | DZ28: =+CV28+DF28+DP28 -> 0 | EA28: =+DS28-DW28 -> 0 | EB28: =+DW28/DS28*100-100 -> 0 | EC28: =SUM(ED28:EF28) -> 86644.062 | ED28: =+CF28+DT28 -> 86644.062 | EE28: =+CG28+DU28 -> 0 | EF28: =+CH28+DV28 -> 0 | EG28: =SUM(EH28:EJ28) -> 86644.063 | EH28: =+CJ28+DX28 -> 86644.063 | EI28: =+CK28+DY28 -> 0 | EJ28: =+CL28+DZ28 -> 0 | EK28: =+EC28-EG28 -> -0.00064 | EL28: =+EG28/EC28*100-100 -> 7.3865421e-07 | EM28: =SUM(EN28:EP28) -> 9627.118 | EN28: =+[1]Аппарат!EN28 -> 9627.118 | EO28: =+[1]Аппарат!EO28 -> 0 | EP28: =+[1]Аппарат!EP28 -> 0 | EQ28: =SUM(ER28:ET28) -> 9627.12 | ER28: =+[1]Аппарат!ER28 -> 9627.12 | ES28: =+[1]Аппарат!ES28 -> 0 | ET28: =+[1]Аппарат!ET28 -> 0 | EU28: =+EM28-EQ28 -> -0.002 | EV28: =+EQ28/EM28*100-100 -> 2.0774649e-05 | EW28: =SUM(EX28:EZ28) -> 9627.118 | EX28: =+[1]Аппарат!EX28 -> 9627.118 | EY28: =+[1]Аппарат!EY28 -> 0 | EZ28: =+[1]Аппарат!EZ28 -> 0 | FA28: =SUM(FB28:FD28) -> 9627.118 | FB28: =+[1]Аппарат!FB28 -> 9627.118 | FC28: =+[1]Аппарат!FC28 -> 0 | FD28: =+[1]Аппарат!FD28 -> 0 | FE28: =+EW28-FA28 -> 0 | FF28: =+FA28/EW28*100-100 -> 0 | FG28: =SUM(FH28:FJ28) -> 9627.118 | FH28: =+[1]Аппарат!FH28 -> 9627.118 | FI28: =+[1]Аппарат!FI28 -> 0 | FJ28: =+[1]Аппарат!FJ28 -> 0 | FK28: =SUM(FL28:FN28) -> 9627.118 | FL28: =+[1]Аппарат!FL28 -> 9627.118 | FM28: =+[1]Аппарат!FM28 -> 0 | FN28: =+[1]Аппарат!FN28 -> 0 | FO28: =+FG28-FK28 -> 0 | FP28: =+FK28/FG28*100-100 -> 0 | FQ28: =SUM(FR28:FT28) -> 28881.354 | FR28: =+EN28+EX28+FH28 -> 28881.354 | FS28: =+EO28+EY28+FI28 -> 0 | FT28: =+EP28+EZ28+FJ28 -> 0 | FU28: =SUM(FV28:FX28) -> 28881.356 | FV28: =+ER28+FB28+FL28 -> 28881.356 | FW28: =+ES28+FC28+FM28 -> 0 | FX28: =+ET28+FD28+FN28 -> 0 | FY28: =+FQ28-FU28 -> -0.002 | FZ28: =+FU28/FQ28*100-100 -> 6.9248831e-06 | GA28: =SUM(GB28:GD28) -> 57762.708 | GB28: =+DT28+FR28 -> 57762.708 | GC28: =+DU28+FS28 -> 0 | GD28: =+DV28+FT28 -> 0 | GE28: =SUM(GF28:GH28) -> 57762.71 | GF28: =+DX28+FV28 -> 57762.71 | GG28: =+DY28+FW28 -> 0 | GH28: =+DZ28+FX28 -> 0 | GI28: =+GA28-GE28 -> -0.002 | GJ28: =+GE28/GA28*100-100 -> 3.4624416e-06 | GK28: =SUM(GL28:GN28) -> 115525.42 | GL28: =+ED28+FR28 -> 115525.42 | GM28: =+EE28+FS28 -> 0 | GN28: =+EF28+FT28 -> 0 | GO28: =SUM(GP28:GR28) -> 115525.42 | GP28: =+EH28+FV28 -> 115525.42 | GQ28: =+EI28+FW28 -> 0 | GR28: =+EJ28+FX28 -> 0 | GS28: =+GK28-GO28 -> -0.00264 | GT28: =+GO28/GK28*100-100 -> 2.2852114e-06 | GV28: =+GK28 -> 115525.42 | GW28: 21248.843 | GX28: =+GW28-CI28 -> -36513.866 | HD28: =HD26-HD27 -> -248.53111 | HF28: =GP25+GP220 -> 1819765.2
B29: Расходы на выполнение работ, связанных с технологическим присоединением | C29: =SUM(D29:F29) -> 83 | D29: =+[1]Аппарат!D29 -> 0 | E29: =+[1]Аппарат!E29 -> 83 | F29: =+[1]Аппарат!F29 -> 0 | G29: =SUM(H29:J29) -> 36.006 | H29: =+[1]Аппарат!H29 -> 0 | I29: =+[1]Аппарат!I29 -> 36.006 | J29: =+[1]Аппарат!J29 -> 0 | K29: =+C29-G29 -> 46.994 | L29: =+G29/C29*100-100 -> -56.619277 | M29: =SUM(N29:P29) -> 83 | N29: =+[1]Аппарат!N29 -> 0 | O29: =+[1]Аппарат!O29 -> 83 | P29: =+[1]Аппарат!P29 -> 0 | Q29: =SUM(R29:T29) -> 494.173 | R29: =+[1]Аппарат!R29 -> 0 | S29: =+[1]Аппарат!S29 -> 494.173 | T29: =+[1]Аппарат!T29 -> 0 | U29: =+M29-Q29 -> -411.173 | V29: =+Q29/M29*100-100 -> 495.38916 | W29: =SUM(X29:Z29) -> 83 | X29: =+[1]Аппарат!X29 -> 0 | Y29: =+[1]Аппарат!Y29 -> 83 | Z29: =+[1]Аппарат!Z29 -> 0 | AA29: =SUM(AB29:AD29) -> 1992.654 | AB29: =+[1]Аппарат!AB29 -> 0 | AC29: =+[1]Аппарат!AC29 -> 1992.654 | AD29: =+[1]Аппарат!AD29 -> 0 | AE29: =+W29-AA29 -> -1909.654 | AF29: =+AA29/W29*100-100 -> 2300.788 | AG29: =SUM(AH29:AJ29) -> 249 | AH29: =+D29+N29+X29 -> 0 | AI29: =+E29+O29+Y29 -> 249 | AJ29: =+F29+P29+Z29 -> 0 | AK29: =SUM(AL29:AN29) -> 2522.833 | AL29: =+H29+R29+AB29 -> 0 | AM29: =+I29+S29+AC29 -> 2522.833 | AN29: =+J29+T29+AD29 -> 0 | AO29: =+AG29-AK29 -> -2273.833 | AP29: =+AK29/AG29*100-100 -> 913.18594 | AQ29: =SUM(AR29:AT29) -> 83 | AR29: =+[1]Аппарат!AR29 -> 0 | AS29: =+[1]Аппарат!AS29 -> 83 | AT29: =+[1]Аппарат!AT29 -> 0 | AU29: =SUM(AV29:AX29) -> 241.3886 | AV29: =+[1]Аппарат!AV29 -> 0 | AW29: =+[1]Аппарат!AW29 -> 241.3886 | AX29: =+[1]Аппарат!AX29 -> 0 | AY29: =+AQ29-AU29 -> -158.3886 | AZ29: =+AU29/AQ29*100-100 -> 190.82964 | BA29: =SUM(BB29:BD29) -> 83 | BB29: =+[1]Аппарат!BB29 -> 0 | BC29: =+[1]Аппарат!BC29 -> 83 | BD29: =+[1]Аппарат!BD29 -> 0 | BE29: =SUM(BF29:BH29) -> 10379.641 | BF29: =+[1]Аппарат!BF29 -> 0 | BG29: =+[1]Аппарат!BG29 -> 10379.641 | BH29: =+[1]Аппарат!BH29 -> 0 | BI29: =+BA29-BE29 -> -10296.641 | BJ29: =+BE29/BA29*100-100 -> 12405.592 | BK29: =SUM(BL29:BN29) -> 83 | BL29: =+[1]Аппарат!BL29 -> 0 | BM29: =+[1]Аппарат!BM29 -> 83 | BN29: =+[1]Аппарат!BN29 -> 0 | BO29: =SUM(BP29:BR29) -> 878.399 | BP29: =+[1]Аппарат!BP29 -> 0 | BQ29: =+[1]Аппарат!BQ29 -> 878.399 | BR29: =+[1]Аппарат!BR29 -> 0 | BS29: =+BK29-BO29 -> -795.399 | BT29: =+BO29/BK29*100-100 -> 958.31205 | BU29: =SUM(BV29:BX29) -> 249 | BV29: =+AR29+BB29+BL29 -> 0 | BW29: =+AS29+BC29+BM29 -> 249 | BX29: =+AT29+BD29+BN29 -> 0 | BY29: =SUM(BZ29:CB29) -> 11499.429 | BZ29: =+AV29+BF29+BP29 -> 0 | CA29: =+AW29+BG29+BQ29 -> 11499.429 | CB29: =+AX29+BH29+BR29 -> 0 | CC29: =+BU29-BY29 -> -11250.429 | CD29: =+BY29/BU29*100-100 -> 4518.2444 | CE29: =SUM(CF29:CH29) -> 498 | CF29: =+AH29+BV29 -> 0 | CG29: =+AI29+BW29 -> 498 | CH29: =+AJ29+BX29 -> 0 | CI29: =SUM(CJ29:CL29) -> 14022.262 | CJ29: =+AL29+BZ29 -> 0 | CK29: =+AM29+CA29 -> 14022.262 | CL29: =+AN29+CB29 -> 0 | CM29: =+CE29-CI29 -> -13524.262 | CN29: =+CI29/CE29*100-100 -> 2715.7152 | CO29: =SUM(CP29:CR29) -> 83 | CP29: =+[1]Аппарат!CP29 -> 0 | CQ29: =+[1]Аппарат!CQ29 -> 83 | CR29: =+[1]Аппарат!CR29 -> 0 | CS29: =SUM(CT29:CV29) -> 52.677 | CT29: =+[1]Аппарат!CT29 -> 0 | CU29: =+[1]Аппарат!CU29 -> 52.677 | CV29: =+[1]Аппарат!CV29 -> 0 | CW29: =+CO29-CS29 -> 30.323 | CX29: =+CS29/CO29*100-100 -> -36.533735 | CY29: =SUM(CZ29:DB29) -> 83 | CZ29: =+[1]Аппарат!CZ29 -> 0 | DA29: =+[1]Аппарат!DA29 -> 83 | DB29: =+[1]Аппарат!DB29 -> 0 | DC29: =SUM(DD29:DF29) -> 2103.557 | DD29: =+[1]Аппарат!DD29 -> 0 | DE29: =+[1]Аппарат!DE29 -> 2103.557 | DF29: =+[1]Аппарат!DF29 -> 0 | DG29: =+CY29-DC29 -> -2020.557 | DH29: =+DC29/CY29*100-100 -> 2434.406 | DI29: =SUM(DJ29:DL29) -> 83 | DJ29: =+[1]Аппарат!DJ29 -> 0 | DK29: =+[1]Аппарат!DK29 -> 83 | DL29: =+[1]Аппарат!DL29 -> 0 | DM29: =SUM(DN29:DP29) -> 11.224 | DN29: =+[1]Аппарат!DN29 -> 0 | DO29: =+[1]Аппарат!DO29 -> 11.224 | DP29: =+[1]Аппарат!DP29 -> 0 | DQ29: =+DI29-DM29 -> 71.776 | DR29: =+DM29/DI29*100-100 -> -86.477108 | DS29: =SUM(DT29:DV29) -> 249 | DT29: =+CP29+CZ29+DJ29 -> 0 | DU29: =+CQ29+DA29+DK29 -> 249 | DV29: =+CR29+DB29+DL29 -> 0 | DW29: =SUM(DX29:DZ29) -> 2167.458 | DX29: =+CT29+DD29+DN29 -> 0 | DY29: =+CU29+DE29+DO29 -> 2167.458 | DZ29: =+CV29+DF29+DP29 -> 0 | EA29: =+DS29-DW29 -> -1918.458 | EB29: =+DW29/DS29*100-100 -> 770.46506 | EC29: =SUM(ED29:EF29) -> 747 | ED29: =+CF29+DT29 -> 0 | EE29: =+CG29+DU29 -> 747 | EF29: =+CH29+DV29 -> 0 | EG29: =SUM(EH29:EJ29) -> 16189.72 | EH29: =+CJ29+DX29 -> 0 | EI29: =+CK29+DY29 -> 16189.72 | EJ29: =+CL29+DZ29 -> 0 | EK29: =+EC29-EG29 -> -15442.72 | EL29: =+EG29/EC29*100-100 -> 2067.2985 | EM29: =SUM(EN29:EP29) -> 83 | EN29: =+[1]Аппарат!EN29 -> 0 | EO29: =+[1]Аппарат!EO29 -> 83 | EP29: =+[1]Аппарат!EP29 -> 0 | EQ29: =SUM(ER29:ET29) -> 1267.35 | ER29: =+[1]Аппарат!ER29 -> 0 | ES29: =+[1]Аппарат!ES29 -> 1267.35 | ET29: =+[1]Аппарат!ET29 -> 0 | EU29: =+EM29-EQ29 -> -1184.35 | EV29: =+EQ29/EM29*100-100 -> 1426.9277 | EW29: =SUM(EX29:EZ29) -> 83 | EX29: =+[1]Аппарат!EX29 -> 0 | EY29: =+[1]Аппарат!EY29 -> 83 | EZ29: =+[1]Аппарат!EZ29 -> 0 | FA29: =SUM(FB29:FD29) -> 1231.8 | FB29: =+[1]Аппарат!FB29 -> 0 | FC29: =+[1]Аппарат!FC29 -> 1231.8 | FD29: =+[1]Аппарат!FD29 -> 0 | FE29: =+EW29-FA29 -> -1148.8 | FF29: =+FA29/EW29*100-100 -> 1384.0964 | FG29: =SUM(FH29:FJ29) -> 83 | FH29: =+[1]Аппарат!FH29 -> 0 | FI29: =+[1]Аппарат!FI29 -> 83 | FJ29: =+[1]Аппарат!FJ29 -> 0 | FK29: =SUM(FL29:FN29) -> 144.956 | FL29: =+[1]Аппарат!FL29 -> 0 | FM29: =+[1]Аппарат!FM29 -> 144.956 | FN29: =+[1]Аппарат!FN29 -> 0 | FO29: =+FG29-FK29 -> -61.956 | FP29: =+FK29/FG29*100-100 -> 74.645783 | FQ29: =SUM(FR29:FT29) -> 249 | FR29: =+EN29+EX29+FH29 -> 0 | FS29: =+EO29+EY29+FI29 -> 249 | FT29: =+EP29+EZ29+FJ29 -> 0 | FU29: =SUM(FV29:FX29) -> 2644.106 | FV29: =+ER29+FB29+FL29 -> 0 | FW29: =+ES29+FC29+FM29 -> 2644.106 | FX29: =+ET29+FD29+FN29 -> 0 | FY29: =+FQ29-FU29 -> -2395.106 | FZ29: =+FU29/FQ29*100-100 -> 961.88996 | GA29: =SUM(GB29:GD29) -> 498 | GB29: =+DT29+FR29 -> 0 | GC29: =+DU29+FS29 -> 498 | GD29: =+DV29+FT29 -> 0 | GE29: =SUM(GF29:GH29) -> 4811.564 | GF29: =+DX29+FV29 -> 0 | GG29: =+DY29+FW29 -> 4811.564 | GH29: =+DZ29+FX29 -> 0 | GI29: =+GA29-GE29 -> -4313.564 | GJ29: =+GE29/GA29*100-100 -> 866.17751 | GK29: =SUM(GL29:GN29) -> 996 | GL29: =+ED29+FR29 -> 0 | GM29: =+EE29+FS29 -> 996 | GN29: =+EF29+FT29 -> 0 | GO29: =SUM(GP29:GR29) -> 18833.826 | GP29: =+EH29+FV29 -> 0 | GQ29: =+EI29+FW29 -> 18833.826 | GR29: =+EJ29+FX29 -> 0 | GS29: =+GK29-GO29 -> -17837.826 | GT29: =+GO29/GK29*100-100 -> 1790.9463 | GV29: =+GK29 -> 996 | GX29: =+GW29-CI29 -> -14022.262
B30: Плата за мощность | C30: =SUM(D30:F30) -> 2471.751 | D30: =+[1]Аппарат!D30 -> 2471.751 | F30: =+[1]Аппарат!F30 -> 0 | G30: =SUM(H30:J30) -> 0 | H30: =+[1]Аппарат!H30 -> 0 | J30: =+[1]Аппарат!J30 -> 0 | K30: =+C30-G30 -> 2471.751 | L30: =+G30/C30*100-100 -> -100 | M30: =SUM(N30:P30) -> 2471.751 | N30: =+[1]Аппарат!N30 -> 2471.751 | P30: =+[1]Аппарат!P30 -> 0 | Q30: =SUM(R30:T30) -> 0 | R30: =+[1]Аппарат!R30 -> 0 | T30: =+[1]Аппарат!T30 -> 0 | U30: =+M30-Q30 -> 2471.751 | V30: =+Q30/M30*100-100 -> -100 | W30: =SUM(X30:Z30) -> 2471.751 | X30: =+[1]Аппарат!X30 -> 2471.751 | Z30: =+[1]Аппарат!Z30 -> 0 | AA30: =SUM(AB30:AD30) -> 0 | AB30: =+[1]Аппарат!AB30 -> 0 | AD30: =+[1]Аппарат!AD30 -> 0 | AE30: =+W30-AA30 -> 2471.751 | AF30: =+AA30/W30*100-100 -> -100 | AG30: =SUM(AH30:AJ30) -> 7415.253 | AH30: =+D30+N30+X30 -> 7415.253 | AI30: =+E30+O30+Y30 -> 0 | AJ30: =+F30+P30+Z30 -> 0 | AK30: =SUM(AL30:AN30) -> 0 | AL30: =+H30+R30+AB30 -> 0 | AM30: =+I30+S30+AC30 -> 0 | AN30: =+J30+T30+AD30 -> 0 | AO30: =+AG30-AK30 -> 7415.253 | AP30: =+AK30/AG30*100-100 -> -100 | AQ30: =SUM(AR30:AT30) -> 2471.751 | AR30: =+[1]Аппарат!AR30 -> 2471.751 | AT30: =+[1]Аппарат!AT30 -> 0 | AU30: =SUM(AV30:AX30) -> 0 | AV30: =+[1]Аппарат!AV30 -> 0 | AX30: =+[1]Аппарат!AX30 -> 0 | AY30: =+AQ30-AU30 -> 2471.751 | AZ30: =+AU30/AQ30*100-100 -> -100 | BA30: =SUM(BB30:BD30) -> 2471.751 | BB30: =+[1]Аппарат!BB30 -> 2471.751 | BD30: =+[1]Аппарат!BD30 -> 0 | BE30: =SUM(BF30:BH30) -> 375.723 | BF30: =+[1]Аппарат!BF30 -> 0 | BG30: =+[1]Аппарат!BG30 -> 375.723 | BH30: =+[1]Аппарат!BH30 -> 0 | BI30: =+BA30-BE30 -> 2096.028 | BJ30: =+BE30/BA30*100-100 -> -84.799318 | BK30: =SUM(BL30:BN30) -> 2471.751 | BL30: =+[1]Аппарат!BL30 -> 2471.751 | BM30: =+[1]Аппарат!BM30 -> 0 | BN30: =+[1]Аппарат!BN30 -> 0 | BO30: =SUM(BP30:BR30) -> 6849.382 | BP30: =+[1]Аппарат!BP30 -> 0 | BQ30: =+[1]Аппарат!BQ30 -> 6849.382 | BR30: =+[1]Аппарат!BR30 -> 0 | BS30: =+BK30-BO30 -> -4377.631 | BT30: =+BO30/BK30*100-100 -> 177.10647 | BU30: =SUM(BV30:BX30) -> 7415.253 | BV30: =+AR30+BB30+BL30 -> 7415.253 | BW30: =+AS30+BC30+BM30 -> 0 | BX30: =+AT30+BD30+BN30 -> 0 | BY30: =SUM(BZ30:CB30) -> 7225.105 | BZ30: =+AV30+BF30+BP30 -> 0 | CA30: =+AW30+BG30+BQ30 -> 7225.105 | CB30: =+AX30+BH30+BR30 -> 0 | CC30: =+BU30-BY30 -> 190.148 | CD30: =+BY30/BU30*100-100 -> -2.564282 | CE30: =SUM(CF30:CH30) -> 14830.506 | CF30: =+AH30+BV30 -> 14830.506 | CG30: =+AI30+BW30 -> 0 | CH30: =+AJ30+BX30 -> 0 | CI30: =SUM(CJ30:CL30) -> 7225.105 | CJ30: =+AL30+BZ30 -> 0 | CK30: =+AM30+CA30 -> 7225.105 | CL30: =+AN30+CB30 -> 0 | CM30: =+CE30-CI30 -> 7605.401 | CN30: =+CI30/CE30*100-100 -> -51.282141 | CO30: =SUM(CP30:CR30) -> 2471.751 | CP30: =+[1]Аппарат!CP30 -> 2471.751 | CQ30: =+[1]Аппарат!CQ30 -> 0 | CR30: =+[1]Аппарат!CR30 -> 0 | CS30: =SUM(CT30:CV30) -> 414.069 | CT30: =+[1]Аппарат!CT30 -> 0 | CU30: =+[1]Аппарат!CU30 -> 414.069 | CV30: =+[1]Аппарат!CV30 -> 0 | CW30: =+CO30-CS30 -> 2057.682 | CX30: =+CS30/CO30*100-100 -> -83.247949 | CY30: =SUM(CZ30:DB30) -> 2471.751 | CZ30: =+[1]Аппарат!CZ30 -> 2471.751 | DA30: =+[1]Аппарат!DA30 -> 0 | DB30: =+[1]Аппарат!DB30 -> 0 | DC30: =SUM(DD30:DF30) -> 5828.047 | DD30: =+[1]Аппарат!DD30 -> 0 | DE30: =+[1]Аппарат!DE30 -> 5828.047 | DF30: =+[1]Аппарат!DF30 -> 0 | DG30: =+CY30-DC30 -> -3356.296 | DH30: =+DC30/CY30*100-100 -> 135.78617 | DI30: =SUM(DJ30:DL30) -> 2471.751 | DJ30: =+[1]Аппарат!DJ30 -> 2471.751 | DK30: =+[1]Аппарат!DK30 -> 0 | DL30: =+[1]Аппарат!DL30 -> 0 | DM30: =SUM(DN30:DP30) -> 760.388 | DN30: =+[1]Аппарат!DN30 -> 0 | DO30: =+[1]Аппарат!DO30 -> 760.388 | DP30: =+[1]Аппарат!DP30 -> 0 | DQ30: =+DI30-DM30 -> 1711.363 | DR30: =+DM30/DI30*100-100 -> -69.236869 | DS30: =SUM(DT30:DV30) -> 7415.253 | DT30: =+CP30+CZ30+DJ30 -> 7415.253 | DU30: =+CQ30+DA30+DK30 -> 0 | DV30: =+CR30+DB30+DL30 -> 0 | DW30: =SUM(DX30:DZ30) -> 7002.504 | DX30: =+CT30+DD30+DN30 -> 0 | DY30: =+CU30+DE30+DO30 -> 7002.504 | DZ30: =+CV30+DF30+DP30 -> 0 | EA30: =+DS30-DW30 -> 412.749 | EB30: =+DW30/DS30*100-100 -> -5.566216 | EC30: =SUM(ED30:EF30) -> 22245.759 | ED30: =+CF30+DT30 -> 22245.759 | EE30: =+CG30+DU30 -> 0 | EF30: =+CH30+DV30 -> 0 | EG30: =SUM(EH30:EJ30) -> 14227.609 | EH30: =+CJ30+DX30 -> 0 | EI30: =+CK30+DY30 -> 14227.609 | EJ30: =+CL30+DZ30 -> 0 | EK30: =+EC30-EG30 -> 8018.15 | EL30: =+EG30/EC30*100-100 -> -36.043499 | EM30: =SUM(EN30:EP30) -> 2471.751 | EN30: =+[1]Аппарат!EN30 -> 2471.751 | EO30: =+[1]Аппарат!EO30 -> 0 | EP30: =+[1]Аппарат!EP30 -> 0 | EQ30: =SUM(ER30:ET30) -> 276.922 | ER30: =+[1]Аппарат!ER30 -> 0 | ES30: =+[1]Аппарат!ES30 -> 276.922 | ET30: =+[1]Аппарат!ET30 -> 0 | EU30: =+EM30-EQ30 -> 2194.829 | EV30: =+EQ30/EM30*100-100 -> -88.796525 | EW30: =SUM(EX30:EZ30) -> 2471.751 | EX30: =+[1]Аппарат!EX30 -> 2471.751 | EY30: =+[1]Аппарат!EY30 -> 0 | EZ30: =+[1]Аппарат!EZ30 -> 0 | FA30: =SUM(FB30:FD30) -> 282.744 | FB30: =+[1]Аппарат!FB30 -> 0 | FC30: =+[1]Аппарат!FC30 -> 282.744 | FD30: =+[1]Аппарат!FD30 -> 0 | FE30: =+EW30-FA30 -> 2189.007 | FF30: =+FA30/EW30*100-100 -> -88.560984 | FG30: =SUM(FH30:FJ30) -> 2471.751 | FH30: =+[1]Аппарат!FH30 -> 2471.751 | FI30: =+[1]Аппарат!FI30 -> 0 | FJ30: =+[1]Аппарат!FJ30 -> 0 | FK30: =SUM(FL30:FN30) -> 1594.579 | FL30: =+[1]Аппарат!FL30 -> 0 | FM30: =+[1]Аппарат!FM30 -> 1594.579 | FN30: =+[1]Аппарат!FN30 -> 0 | FO30: =+FG30-FK30 -> 877.172 | FP30: =+FK30/FG30*100-100 -> -35.487879 | FQ30: =SUM(FR30:FT30) -> 7415.253 | FR30: =+EN30+EX30+FH30 -> 7415.253 | FS30: =+EO30+EY30+FI30 -> 0 | FT30: =+EP30+EZ30+FJ30 -> 0 | FU30: =SUM(FV30:FX30) -> 2154.245 | FV30: =+ER30+FB30+FL30 -> 0 | FW30: =+ES30+FC30+FM30 -> 2154.245 | FX30: =+ET30+FD30+FN30 -> 0 | FY30: =+FQ30-FU30 -> 5261.008 | FZ30: =+FU30/FQ30*100-100 -> -70.948463 | GA30: =SUM(GB30:GD30) -> 14830.506 | GB30: =+DT30+FR30 -> 14830.506 | GC30: =+DU30+FS30 -> 0 | GD30: =+DV30+FT30 -> 0 | GE30: =SUM(GF30:GH30) -> 9156.749 | GF30: =+DX30+FV30 -> 0 | GG30: =+DY30+FW30 -> 9156.749 | GH30: =+DZ30+FX30 -> 0 | GI30: =+GA30-GE30 -> 5673.757 | GJ30: =+GE30/GA30*100-100 -> -38.257339 | GK30: =SUM(GL30:GN30) -> 29661.012 | GL30: =+ED30+FR30 -> 29661.012 | GM30: =+EE30+FS30 -> 0 | GN30: =+EF30+FT30 -> 0 | GO30: =SUM(GP30:GR30) -> 16381.854 | GP30: =+EH30+FV30 -> 0 | GQ30: =+EI30+FW30 -> 16381.854 | GR30: =+EJ30+FX30 -> 0 | GS30: =+GK30-GO30 -> 13279.158 | GT30: =+GO30/GK30*100-100 -> -44.76974 | GV30: =+GK30 -> 29661.012 | GW30: 36195.115 | GX30: =+GW30-CI30 -> 28970.01
